Workbook

Sheet Equity
A1: Dashboard as on 31/10/2024
A2: Scheme Name | B2: LIC MF Flexi Cap Fund | H2: LIC MF Large Cap Fund | N2: LIC MF Large & Mid Cap Fund | T2: LIC MF Banking & Financial Services Fund | Z2: LIC MF Infrastructure Fund | AF2: LIC MF Manufacturing Fund | AL2: LIC MF ELSS Tax Saver (ERSTWHILE LIC MF ELSS) | AR2: LIC MF Multi Cap Fund | AX2: LIC MF Dividend Yield Fund (ERSTWHILE IDBI DIVIDEND YIELD FUND) | BD2: LIC MF Focused Fund (ERSTWHILE LIC MF FOCUSED 30 EQUITY FUND) | BJ2: LIC MF Midcap Fund (ERSTWHILE IDBI MIDCAP FUND) | BP2: LIC MF Healthcare Fund (ERSTWHILE IDBI HEALTHCARE FUND) | BV2: LIC MF Small Cap Fund (ERSTWHILE IDBI SMALL CAP FUND) | CB2: LIC MF Value Fund (ERSTWHILE LIC MF LONG TERM VALUE FUND) | CH2: LIC MF Unit Linked Insurance Scheme
A3: SEBI Code | B3: LICM/O/E/FCF/93/01/0002 | H3: LICM/O/E/LCF/94/07/0003 | N3: LICM/O/E/LMF/14/12/0016 | T3: LICM/O/E/SEC/15/01/0017 | Z3: LICM/O/E/THE/07/11/0014 | AL3: LICM/O/E/ELS/97/01/0004 | AR3: LICM/O/E/MCF/22/07/0027 | AX3: LICM/O/E/DYF/18/09/0021 | BD3: LICM/O/E/FOC/17/09/0018 | BJ3: LICM/O/E/MIF/16/12/0016 | BP3: LICM/O/E/SEC/18/09/0022 | BV3: LICM/O/E/SCF/17/05/0017 | CB3: LICM/O/E/VAF/18/06/0020 | CH3: -
A4: Date of Allotment - Regular | B4: 15.04.1993 | H4: 01.09.1994 | N4: 25.02.2015 | T4: 27.03.2015 | Z4: 24.03.2008 | AF4: 11.10.2024 | AL4: 31.03.1997 | AR4: 31.10.2022 | AX4: 21.12.2018 | BD4: 17.11.2017 | BJ4: 25.01.2017 | BP4: 28.02.2019 | BV4: 21.06.2017 | CB4: 20.08.2018 | CH4: 19.06.1989
A5: Date of Allotment - Direct | B5: 01.01.2013 | H5: 01.01.2013 | N5: 25.02.2015 | T5: 27.03.2015 | Z5: 01.01.2013 | AF5: 11.10.2024 | AL5: 01.01.2013 | AR5: 31.10.2022 | AX5: 21.12.2018 | BD5: 17.11.2017 | BJ5: 25.01.2017 | BP5: 28.02.2019 | BV5: 21.06.2017 | CB5: 20.08.2018 | CH5: 01.01.2013
A7: AUM (in Rs. crore) | B7: 1066.8 | H7: 1466.8 | N7: 3082.73 | T7: 261.14 | Z7: 786.09 | AF7: 908.77 | AL7: 1139.84 | AR7: 1349.65 | AX7: 437.39 | BD7: 142.7 | BJ7: 315.42 | BP7: 80.86 | BV7: 385.61 | CB7: 138.11 | CH7: 494.16
A10: Investment Objective | B10: The main investment objective of the scheme is to provide capital growth by investing across Large, Mid & Small Cap stocks. The investment portfolio of the scheme will be constantly monitored and reviewed to optimise capital growth. There is no assurance that the investment objective of the Scheme will be achieved. | H10: To achieve long term capital appreciation by investing in diversified portfolio predominantly consisting of equity and equity related securities of Large Cap companies including derivatives. There is no assurance that the investment objective of the Scheme will be achieved. | N10: To generate long term capital appreciation by investing substantially in a portfolio of equity and equity linked instruments of large cap and midcap companies. There is no assurance that the investment objective of the Scheme will be achieved. | T10: The investment objective of the scheme is to generate long-term capital appreciation for unit holders from a portfolio that is invested substantially in equity and equity related securities of companies engaged in banking and financial services sector. There is no assurance that the investment objective of the Scheme will be realized. | Z10: The investment objective of the scheme is to generate long-term growth from a portfolio of equity / equity related instruments of companies engaged either directly or indirectly in the infrastructure sector. There is no assurance that the investment objective of the Scheme will be realized. | AF10: The investment objective of the scheme is to achieve long term capital appreciation by predominantly investing in equity and equity related instruments of companies following manufacturing theme. There is no assurance that the investment objective of the scheme will be achieved. | AL10: To provide capital growth along with tax rebate and tax relief to our investors through prudent investments in the stock markets. An open-ended equity linked tax saving Scheme which offers investors the opportunity to seek Tax rebate u/s 80C of the Income Tax Act 1961. There is no assurance that the investment objective of the Scheme will be achieved. | AR10: The investment objective of the scheme is to generate long term capital appreciation by investing in a diversified portfolio of equity & equity related instruments across large cap, mid cap and small cap stocks. There is no assurance that the investment objective of the Scheme will be realized. | AX10: The Investment objective of the Scheme is to provide long term capital appreciation and/or Income Distribution cum Capital Withdrawal (IDCW) distribution by investing predominantly in dividend yielding equity and equity related instruments. There is no assurance that the investment objective of the Scheme will be achieved. | BD10: The investment objective of the Scheme is to generate long term capital appreciation by investing in a concentrated portfolio of equity and equity related instruments of up to 30 companies across market capitalisation. The Scheme may also invest in debt and money market Securities in line with the asset allocation pattern. There is no assurance or guarantee that the objective of the Scheme would be achieved. | BJ10: To provide investors with the opportunities for long-term capital appreciation by investing predominantly in Equity and Equity related instruments of Midcap companies. There can be no assurance that the investment objective under the scheme will be realized. | BP10: The objective of the Scheme is to achieve long term capital appreciation by predominantly investing in equity and equity related instruments of companies engaged in Healthcare and Allied sectors. There is no assurance that the investment objective of the Scheme will be achieved. | BV10: The Investment objective of the scheme is to provide investors with the opportunities for long-term capital appreciation by investing predominantly in Equity and Equity related instruments of Small Cap Companies. There can be no assurance that the investment objective under the Scheme will be realized. | CB10: The Investment Objective of the Scheme is to generate long-term capital appreciation along with regular income by investing predominantly in equity and equity related instruments by following value investing strategy. There is no assurance that the investment objective of the Scheme will be realized. | CH10: An open ended scheme which seeks to generate long term capital appreciation and offer Tax benefits u/s 80C of the Income Tax Act as well as additional benefit of a life cover. There is no assurance that the investment objective of the Scheme will be achieved.
A12: Fund Manager | B12: Mr. Nikhil Rungta (Equity - managing since 01/07/24) & Mr. Jaiprakash Toshniwal (Equity - managing since 31/07/23) | H12: Mr. Nikhil Rungta (Equity - managing since 01/07/24) & Mr. Sumit Bhatnagar (Equity - managing since 03/10/23) | N12: Mr. Yogesh Patil (Equity - managing since 18/09/20) & Mr. Dikshit Mittal (Equity - managing since 01/06/23) | T12: Mr. Jaiprakash Toshniwal (Equity - managing since 06/09/21) | Z12: Mr. Yogesh Patil (Equity - managing since 18/09/20) & Mr. Mahesh Bendre (Equity - managing since 01/07/24) | AF12: Mr. Yogesh Patil (Equity - managing since 16/10/24) & Mr. Mahesh Bendre (Equity - managing since 16/10/24) | AL12: Mr. Yogesh Patil (Equity - managing since 01/07/24) & Mr. Dikshit Mittal (Equity - managing since 31/07/23) | AR12: Mr. Dikshit Mittal (Equity - managing since 01/12/22 ) & Mr. Yogesh Patil (Equity - managing since 31/10/22) | AX12: Mr. Dikshit Mittal (Equity - managing since 31/07/23) & Mr. Karan Doshi (Equity - managing since 01/07/24) | BD12: Mr. Jaiprakash Toshniwal (Equity - managing since 31/07/23) & Mr. Sumit Bhatnagar (Equity -, managing since 01/07/24) | BJ12: Mr. Karan Doshi (Equity - managing since 31/07/23) & Mr. Dikshit Mittal (Equity - managing since 31/07/23) | BP12: Mr. Karan Doshi (Equity - managing since 31/07/23) | BV12: Mr. Nikhil Rungta (Equity - managing since 01/07/24) & Mr. Mahesh Bendre (Equity - managing since 01/07/24) | CB12: Mr. Nikhil Rungta (Equity - managing since 01/07/24) & Mr. Mahesh Bendre (Equity - managing since 01/07/24) | CH12: Mr. Dikshit Mittal (Equity - managing since 06/09/21) / Mr. Karan Doshi (Equity - managing since 01/07/24) & Mr. Pratik Harish Shroff (Debt - managing since 26/09/23)
A14: Annual Portfolio Turnover Ratio (in times) | B14: 1.368088 | H14: 0.79828 | N14: 0.744431 | T14: 0.514252 | Z14: 0.402495 | AF14: 0.003926 | AL14: 0.175716 | AR14: 0.46863 | AX14: 0.817308 | BD14: 1.626781 | BJ14: 0.700639 | BP14: 0.397391 | BV14: 1.004244 | CB14: 1.207908 | CH14: 0.046075
A16: Total Expense Ratio
B17: Regular | E17: Direct | H17: Regular | K17: Direct | N17: Regular | Q17: Direct | T17: Regular | W17: Direct | Z17: Regular | AC17: Direct | AF17: Regular | AI17: Direct | AL17: Regular | AO17: Direct | AR17: Regular | AU17: Direct | AX17: Regular | BA17: Direct | BD17: Regular | BG17: Direct | BJ17: Regular | BM17: Direct | BP17: Regular | BS17: Direct | BV17: Regular | BY17: Direct | CB17: Regular | CE17: Direct | CH17: Regular | CK17: Direct
A18: Base TER (%)@ | B18: 2.04 | E18: 1.13 | H18: 1.96 | K18: 0.85 | N18: 1.8 | Q18: 0.48 | T18: 2.25 | W18: 0.88 | Z18: 2.15 | AC18: 0.91 | AF18: 2.09 | AI18: 0.34 | AL18: 2.02 | AO18: 0.85 | AR18: 1.98 | AU18: 0.37 | AX18: 2.25 | BA18: 1.01 | BD18: 2.24 | BG18: 1.3 | BJ18: 2.25 | BM18: 1.29 | BP18: 2.24 | BS18: 1.01 | BV18: 2.25 | BY18: 1.16 | CB18: 2.25 | CE18: 1.36 | CH18: 2.25 | CK18: 1.31
A19: Additional expense as per Regulation 52(6A)(b) (%)# | B19: 0 | E19: 0 | H19: 0 | K19: 0 | N19: 0 | Q19: 0 | T19: 0 | W19: 0 | Z19: 0 | AC19: 0 | AF19: 0 | AI19: 0 | AL19: 0 | AO19: 0 | AR19: 0 | AU19: 0 | AX19: 0 | BA19: 0 | BD19: 0 | BG19: 0 | BJ19: 0 | BM19: 0 | BP19: 0 | BS19: 0 | BV19: 0 | BY19: 0 | CB19: 0 | CE19: 0 | CH19: 0 | CK19: 0
A20: Additional expense as per Regulation 52(6A)(c) (%)$ | B20: 0.05 | E20: 0.05 | H20: 0.05 | K20: 0.05 | N20: 0.05 | Q20: 0.05 | T20: 0.05 | W20: 0.05 | Z20: 0.05 | AC20: 0.05 | AF20: 0.05 | AI20: 0.05 | AL20: 0 | AO20: 0 | AR20: 0.05 | AU20: 0.05 | AX20: 0.05 | BA20: 0.05 | BD20: 0.05 | BG20: 0.05 | BJ20: 0.05 | BM20: 0.05 | BP20: 0.05 | BS20: 0.05 | BV20: 0.05 | BY20: 0.05 | CB20: 0.05 | CE20: 0.05 | CH20: 0 | CK20: 0
A21: GST (%)^ | B21: 0.18 | E21: 0.17 | H21: 0.11 | K21: 0.11 | N21: 0.06 | Q21: 0.06 | T21: 0.12 | W21: 0.12 | Z21: 0.14 | AC21: 0.14 | AF21: 0.04 | AI21: 0.04 | AL21: 0.11 | AO21: 0.11 | AR21: 0.05 | AU21: 0.04 | AX21: 0.16 | BA21: 0.16 | BD21: 0.22 | BG21: 0.21 | BJ21: 0.22 | BM21: 0.21 | BP21: 0.15 | BS21: 0.15 | BV21: 0.19 | BY21: 0.18 | CB21: 0.22 | CE21: 0.22 | CH21: 0.14 | CK21: 0.13
A22: Total TER (%) | B22: =SUM(B18:D21) -> 2.27 | E22: =SUM(E18:G21) -> 1.35 | H22: =SUM(H18:J21) -> 2.12 | K22: =SUM(K18:M21) -> 1.01 | N22: =SUM(N18:P21) -> 1.91 | Q22: =SUM(Q18:S21) -> 0.59 | T22: =SUM(T18:V21) -> 2.42 | W22: =SUM(W18:Y21) -> 1.05 | Z22: =SUM(Z18:AB21) -> 2.34 | AC22: =SUM(AC18:AE21) -> 1.1 | AF22: =SUM(AF18:AH21) -> 2.18 | AI22: =SUM(AI18:AK21) -> 0.43 | AL22: =SUM(AL18:AN21) -> 2.13 | AO22: =SUM(AO18:AQ21) -> 0.96 | AR22: =SUM(AR18:AT21) -> 2.08 | AU22: =SUM(AU18:AW21) -> 0.46 | AX22: =SUM(AX18:AZ21) -> 2.46 | BA22: =SUM(BA18:BC21) -> 1.22 | BD22: =SUM(BD18:BF21) -> 2.51 | BG22: =SUM(BG18:BI21) -> 1.56 | BJ22: =SUM(BJ18:BL21) -> 2.52 | BM22: =SUM(BM18:BO21) -> 1.55 | BP22: =SUM(BP18:BR21) -> 2.44 | BS22: =SUM(BS18:BU21) -> 1.21 | BV22: =SUM(BV18:BX21) -> 2.49 | BY22: =SUM(BY18:CA21) -> 1.39 | CB22: =SUM(CB18:CD21) -> 2.52 | CE22: =SUM(CE18:CG21) -> 1.63 | CH22: =SUM(CH18:CJ21) -> 2.39 | CK22: =SUM(CK18:CM21) -> 1.44
A24: Portfolio (Top 10 Holdings) | B24: Name of the issuer | E24: % of Net Assets | H24: Name of the issuer | K24: % of Net Assets | N24: Name of the issuer | Q24: % of Net Assets | T24: Name of the issuer | W24: % of Net Assets | Z24: Name of the issuer | AC24: % of Net Assets | AF24: Name of the issuer | AI24: % of Net Assets | AL24: Name of the issuer | AO24: % of Net Assets | AR24: Name of the issuer | AU24: % of Net Assets | AX24: Name of the issuer | BA24: % of Net Assets | BD24: Name of the issuer | BG24: % of Net Assets | BJ24: Name of the issuer | BM24: % of Net Assets | BP24: Name of the issuer | BS24: % of Net Assets | BV24: Name of the issuer | BY24: % of Net Assets | CB24: Name of the issuer | CE24: % of Net Assets | CH24: Name of the issuer | CK24: % of Net Assets
B25: HDFC Bank Ltd. | E25: 7.018 | H25: HDFC Bank Ltd. | K25: 10.18 | N25: ICICI Bank Ltd. | Q25: 4.8043 | T25: HDFC Bank Ltd. | W25: 23.2322 | Z25: Garware Hi-Tech Films Ltd. | AC25: 4.4917 | AF25: Cummins India Ltd. | AI25: 2.7765 | AL25: ICICI Bank Ltd. | AO25: 7.7202 | AR25: HDFC Bank Ltd. | AU25: 3.6885 | AX25: HDFC Bank Ltd. | BA25: 4.6586 | BD25: HDFC Bank Ltd. | BG25: 8.3176 | BJ25: Shakti Pumps (India) Ltd. | BM25: 4.5955 | BP25: Sun Pharmaceutical Industries Ltd. | BS25: 10.1496 | BV25: Garware Hi-Tech Films Ltd. | BY25: 2.9394 | CB25: HDFC Bank Ltd. | CE25: 7.7586 | CH25: State Government Bond | CK25: 12.0028
B26: Piramal Pharma Ltd. | E26: 4.1974 | H26: ICICI Bank Ltd. | K26: 6.6093 | N26: HDFC Bank Ltd. | Q26: 4.7583 | T26: ICICI Bank Ltd. | W26: 10.7976 | Z26: Shakti Pumps (India) Ltd. | AC26: 3.7271 | AF26: Grindwell Norton Ltd. | AI26: 2.3963 | AL26: HDFC Bank Ltd. | AO26: 6.9774 | AR26: Garware Hi-Tech Films Ltd. | AU26: 3.4888 | AX26: Kotak Mahindra Bank Ltd. | BA26: 3.2001 | BD26: Kotak Mahindra Bank Ltd. | BG26: 7.9228 | BJ26: Trent Ltd. | BM26: 4.5799 | BP26: Piramal Pharma Ltd. | BS26: 7.5468 | BV26: Shakti Pumps (India) Ltd. | BY26: 2.9358 | CB26: Reliance Industries Ltd. | CE26: 4.3491 | CH26: Government Bond | CK26: 7.5474
B27: VA Tech Wabag Ltd. | E27: 3.4409 | H27: Reliance Industries Ltd. | K27: 6.2531 | N27: Trent Ltd. | Q27: 3.5705 | T27: Axis Bank Ltd. | W27: 7.6925 | Z27: Schneider Electric Infrastructure Ltd. | AC27: 3.2534 | AF27: Shakti Pumps (India) Ltd. | AI27: 2.341 | AL27: Shakti Pumps (India) Ltd. | AO27: 4.8866 | AR27: Shakti Pumps (India) Ltd. | AU27: 3.3005 | AX27: ICICI Bank Ltd. | BA27: 3.0275 | BD27: Tech Mahindra Ltd. | BG27: 5.2246 | BJ27: UNO Minda Ltd. | BM27: 3.2973 | BP27: Artemis Medicare Services Ltd. | BS27: 5.9082 | BV27: Hi-Tech Pipes Ltd. | BY27: 2.7444 | CB27: ICICI Bank Ltd. | CE27: 3.8667 | CH27: ICICI Bank Ltd. | CK27: 7.5163
B28: ICICI Bank Ltd. | E28: 3.1703 | H28: Infosys Ltd. | K28: 4.9409 | N28: Shakti Pumps (India) Ltd. | Q28: 3.2652 | T28: State Bank of India | W28: 5.7834 | Z28: Cummins India Ltd. | AC28: 2.9455 | AF28: Maruti Suzuki India Ltd. | AI28: 2.3076 | AL28: Trent Ltd. | AO28: 4.3204 | AR28: ICICI Bank Ltd. | AU28: 2.923 | AX28: Tata Consultancy Services Ltd. | BA28: 2.6385 | BD28: Shriram Finance Ltd. | BG28: 5.1135 | BJ28: The Federal Bank Ltd. | BM28: 2.8016 | BP28: Torrent Pharmaceuticals Ltd. | BS28: 4.9114 | BV28: Kirloskar Oil Engines Ltd. | BY28: 2.5658 | CB28: Hi-Tech Pipes Ltd. | CE28: 3.2565 | CH28: Trent Ltd. | CK28: 5.8491
B29: State Bank of India | E29: 3.0077 | H29: Larsen & Toubro Ltd. | K29: 3.775 | N29: Garware Hi-Tech Films Ltd. | Q29: 2.6684 | T29: Power Finance Corporation Ltd. | W29: 3.1923 | Z29: REC Ltd. | AC29: 2.8767 | AF29: Mahindra & Mahindra Ltd. | AI29: 2.2442 | AL29: State Bank of India | AO29: 3.3141 | AR29: Power Finance Corporation Ltd. | AU29: 2.2816 | AX29: Power Finance Corporation Ltd. | BA29: 2.3709 | BD29: TARC Ltd. | BG29: 5.0918 | BJ29: Alkem Laboratories Ltd. | BM29: 2.3778 | BP29: Glenmark Pharmaceuticals Ltd. | BS29: 4.8763 | BV29: Piramal Pharma Ltd. | BY29: 2.4965 | CB29: Himatsingka Seide Ltd. | CE29: 3.2349 | CH29: Infosys Ltd. | CK29: 4.7418
B30: Tech Mahindra Ltd. | E30: 2.7701 | H30: Maruti Suzuki India Ltd. | K30: 3.6033 | N30: REC Ltd. | Q30: 2.6493 | T30: Kotak Mahindra Bank Ltd. | W30: 3.0002 | Z30: Bharat Bijlee Ltd. | AC30: 2.7927 | AF30: Schaeffler India Ltd. | AI30: 2.0975 | AL30: Infosys Ltd. | AO30: 3.1643 | AR30: Grasim Industries Ltd. | AU30: 1.9608 | AX30: Saregama India Ltd. | BA30: 2.1568 | BD30: Tata Consumer Products Ltd. | BG30: 5.0469 | BJ30: P N Gadgil Jewellers Ltd. | BM30: 2.3637 | BP30: JB Chemicals & Pharmaceuticals Ltd. | BS30: 4.6996 | BV30: JTL Industries Ltd. | BY30: 2.4775 | CB30: State Bank of India | CE30: 3.2341 | CH30: HDFC Bank Ltd. | CK30: 4.5364
B31: Mphasis Ltd. | E31: 2.4661 | H31: Bharti Airtel Ltd. | K31: 3.5105 | N31: Shriram Finance Ltd. | Q31: 2.1133 | T31: CSB Bank Ltd. | W31: 2.699 | Z31: GE T&D India Ltd. | AC31: 2.7277 | AF31: TD Power Systems Ltd. | AI31: 2.0885 | AL31: Axis Bank Ltd. | AO31: 2.5511 | AR31: Saregama India Ltd. | AU31: 1.9075 | AX31: Garware Hi-Tech Films Ltd. | BA31: 2.138 | BD31: Tata Consultancy Services Ltd. | BG31: 5.0335 | BJ31: Bharat Electronics Ltd. | BM31: 2.29 | BP31: Mankind Pharma Ltd. | BS31: 4.6825 | BV31: Himatsingka Seide Ltd. | BY31: 2.4076 | CB31: Piramal Pharma Ltd. | CE31: 2.8595 | CH31: Pitti Engineering Ltd. | CK31: 3.5657
B32: Maruti Suzuki India Ltd. | E32: 2.4366 | H32: State Bank of India | K32: 3.3052 | N32: ZF Commercial Vehicle Ctrl Sys Ind Ltd. | Q32: 2.0409 | T32: Mahindra & Mahindra Financial Serv Ltd. | W32: 2.6934 | Z32: Tata Power Company Ltd. | AC32: 2.6508 | AF32: Bharat Forge Ltd. | AI32: 2.0459 | AL32: Cholamandalam Investment & Fin Co Ltd. | AO32: 2.3544 | AR32: State Bank of India | AU32: 1.8987 | AX32: IndusInd Bank Ltd. | BA32: 2.0443 | BD32: Artemis Medicare Services Ltd. | BG32: 4.6368 | BJ32: Voltas Ltd. | BM32: 2.2293 | BP32: Cipla Ltd. | BS32: 4.4066 | BV32: TD Power Systems Ltd. | BY32: 2.4023 | CB32: Maruti Suzuki India Ltd. | CE32: 2.7443 | CH32: Power Finance Corporation Ltd. | CK32: 3.2045
B33: Tata Power Company Ltd. | E33: 2.3425 | H33: ITC Ltd. | K33: 3.2481 | N33: Bharat Bijlee Ltd. | Q33: 1.9886 | T33: Piramal Enterprises Ltd. | W33: 2.6215 | Z33: Isgec Heavy Engineering Ltd. | AC33: 2.5654 | AF33: Bharat Heavy Electricals Ltd. | AI33: 1.9959 | AL33: Larsen & Toubro Ltd. | AO33: 2.1909 | AR33: Tata Consultancy Services Ltd. | AU33: 1.7921 | AX33: NTPC Ltd. | BA33: 2.043 | BD33: SBI Life Insurance Company Ltd. | BG33: 4.2722 | BJ33: Torrent Power Ltd. | BM33: 2.1257 | BP33: Suven Pharmaceuticals Ltd. | BS33: 4.2685 | BV33: VA Tech Wabag Ltd. | BY33: 2.293 | CB33: Bharti Airtel Ltd. | CE33: 2.7235 | CH33: Tata Consultancy Services Ltd. | CK33: 2.7593
B34: Hindustan Unilever Ltd. | E34: 2.3135 | H34: Hindustan Unilever Ltd. | K34: 2.8864 | N34: Tata Consultancy Services Ltd. | Q34: 1.9046 | T34: Creditaccess Grameen Ltd. | W34: 2.5555 | Z34: Bharat Heavy Electricals Ltd. | AC34: 2.5486 | AF34: Tata Power Company Ltd. | AI34: 1.9261 | AL34: Blue Star Ltd. | AO34: 2.1563 | AR34: Bharat Bijlee Ltd. | AU34: 1.7135 | AX34: MRS Bectors Food Specialities Ltd. | BA34: 2.0389 | BD34: Mahindra & Mahindra Financial Serv Ltd. | BG34: 3.7257 | BJ34: The Indian Hotels Company Ltd. | BM34: 2.0911 | BP34: IPCA Laboratories Ltd. | BS34: 4.2124 | BV34: Arvind Fashions Ltd. | BY34: 2.2286 | CB34: Infosys Ltd. | CE34: 2.5872 | CH34: KSB Ltd. | CK34: 2.3885
B37: Grand Total | E37: =SUM(E25:G36) -> 33.1631 | H37: Grand Total | K37: =SUM(K25:M36) -> 48.3118 | N37: Grand Total | Q37: =SUM(Q25:S36) -> 29.7634 | T37: Grand Total | W37: =SUM(W25:Y36) -> 64.2676 | Z37: Grand Total | AC37: =SUM(AC25:AE36) -> 30.5796 | AF37: Grand Total | AI37: =SUM(AI25:AK36) -> 22.2195 | AL37: Grand Total | AO37: =SUM(AO25:AQ36) -> 39.6357 | AR37: Grand Total | AU37: =SUM(AU25:AW36) -> 24.955 | AX37: Grand Total | BA37: =SUM(BA25:BC36) -> 26.3166 | BD37: Grand Total | BG37: =SUM(BG25:BI36) -> 54.3854 | BJ37: Grand Total | BM37: =SUM(BM25:BO36) -> 28.7519 | BP37: Grand Total | BS37: =SUM(BS25:BU36) -> 55.6619 | BV37: Grand Total | BY37: =SUM(BY25:CA36) -> 25.4909 | CB37: Grand Total | CE37: =SUM(CE25:CG36) -> 36.6144 | CH37: Grand Total | CK37: =SUM(CK25:CM36) -> 54.1118
A39: Asset Allocation | B39: Asset Allocation | E39: % of Net Assets | H39: Asset Allocation | K39: % of Net Assets | N39: Asset Allocation | Q39: % of Net Assets | T39: Asset Allocation | W39: % of Net Assets | Z39: Asset Allocation | AC39: % of Net Assets | AF39: Asset Allocation | AI39: % of Net Assets | AL39: Asset Allocation | AO39: % of Net Assets | AR39: Asset Allocation | AU39: % of Net Assets | AX39: Asset Allocation | BA39: % of Net Assets | BD39: Asset Allocation | BG39: % of Net Assets | BJ39: Asset Allocation | BM39: % of Net Assets | BP39: Asset Allocation | BS39: % of Net Assets | BV39: Asset Allocation | BY39: % of Net Assets | CB39: Asset Allocation | CE39: % of Net Assets | CH39: Asset Allocation | CK39: % of Net Assets
B40: Equity Holdings | C40: 0.95970929 | D40: Equity Holdings | E40: 97.30507 | H40: Equity Holdings | I40: 0.96083851 | J40: Equity Holdings | K40: 98.179411 | N40: Equity Holdings | O40: 0.95947917 | P40: Equity Holdings | Q40: 97.455899 | T40: Equity Holdings | U40: 0.95062595 | V40: Equity Holdings | W40: 98.01098 | Z40: Equity Holdings | AA40: 0.97458926 | AB40: Equity Holdings | AC40: 94.771648 | AF40: Equity Holdings | AG40: 0.97458926 | AH40: Equity Holdings | AI40: 63.231998 | AL40: Equity Holdings | AM40: 0.96417311 | AN40: Equity Holdings | AO40: 98.854442 | AR40: Equity Holdings | AU40: 97.525744 | AX40: Equity Holdings | BA40: 98.272199 | BD40: Equity Holdings | BG40: 96.482116 | BJ40: Equity Holdings | BM40: 98.640567 | BP40: Equity Holdings | BS40: 96.613619 | BV40: Equity Holdings | BY40: 97.944087 | CB40: Equity Holdings | CE40: 97.832782 | CH40: Equity Holdings | CI40: 0.78733932 | CJ40: Equity Holdings | CK40: 73.434624
B41: Cash & Other Receivables | C41: 0.040290706 | D41: Cash & Other Receivables | E41: 2.6949302 | H41: Cash & Other Receivables | I41: 0.039161485 | J41: Cash & Other Receivables | K41: 1.8205886 | N41: Cash & Other Receivables | O41: 0.04052083 | P41: Cash & Other Receivables | Q41: 2.5441013 | T41: Cash & Other Receivables | U41: 0.049374047 | V41: Cash & Other Receivables | W41: 1.9890198 | Z41: Cash & Other Receivables | AA41: 0.025410745 | AB41: Cash & Other Receivables | AC41: 5.2283523 | AF41: Cash & Other Receivables | AG41: 0.025410745 | AH41: Cash & Other Receivables | AI41: 36.768002 | AL41: Cash & Other Receivables | AM41: 0.035826888 | AN41: Cash & Other Receivables | AO41: 1.1455582 | AR41: Cash & Other Receivables | AU41: 2.4742562 | AX41: Cash & Other Receivables | BA41: 1.7278011 | BD41: Cash & Other Receivables | BG41: 3.517884 | BJ41: Cash & Other Receivables | BM41: 1.3594329 | BP41: Cash & Other Receivables | BS41: 3.3863808 | BV41: Cash & Other Receivables | BY41: 2.0559133 | CB41: Cash & Other Receivables | CE41: 2.1672184 | CH41: GOVERNMENT BOND AND TREASURY BILL | CI41: 0.11435791 | CJ41: GOVERNMENT BOND AND TREASURY BILL | CK41: 19.550459
CH42: CORPORATE DEBT | CK42: 6.2666885
CH43: Cash & Other Receivables | CK43: 0.74822888
B46: Grand Total | E46: =SUM(E40:G44) -> 100 | H46: Grand Total | K46: =SUM(K40:M44) -> 100 | N46: Grand Total | Q46: =SUM(Q40:S44) -> 100 | T46: Grand Total | W46: =SUM(W40:Y44) -> 100 | Z46: Grand Total | AC46: =SUM(AC40:AE44) -> 100 | AF46: Grand Total | AI46: =SUM(AI40:AK45) -> 100 | AL46: Grand Total | AO46: =SUM(AO40:AQ44) -> 100 | AR46: Grand Total | AU46: =SUM(AU40:AW44) -> 100 | AX46: Grand Total | BA46: =SUM(BA40:BC44) -> 100 | BD46: Grand Total | BG46: =SUM(BG40:BI44) -> 100 | BJ46: Grand Total | BM46: =SUM(BM40:BO44) -> 100 | BP46: Grand Total | BS46: =SUM(BS40:BU44) -> 100 | BV46: Grand Total | BY46: =SUM(BY40:CA44) -> 100 | CB46: Grand Total | CE46: =SUM(CE40:CG44) -> 100 | CH46: Grand Total | CK46: =SUM(CK40:CM44) -> 100
A48: Sectoral Allocation | B48: Sector/Industry | E48: % of Net Assets | H48: Sector/Industry | K48: % of Net Assets | N48: Sector/Industry | Q48: % of Net Assets | T48: Sector/Industry | W48: % of Net Assets | Z48: Sector/Industry | AC48: % of Net Assets | AF48: Sector/Industry | AI48: % of Net Assets | AL48: Sector/Industry | AO48: % of Net Assets | AR48: Sector/Industry | AU48: % of Net Assets | AX48: Sector/Industry | BA48: % of Net Assets | BD48: Sector/Industry | BG48: % of Net Assets | BJ48: Sector/Industry | BM48: % of Net Assets | BP48: Sector/Industry | BS48: % of Net Assets | BV48: Sector/Industry | BY48: % of Net Assets | CB48: Sector/Industry | CE48: % of Net Assets | CH48: Sector/Industry | CK48: % of Net Assets
B49: Banks | E49: 15.5216 | H49: Banks | K49: 20.5592 | N49: Banks | Q49: 14.5991 | T49: Banks | W49: 59.591 | Z49: Industrial Products | AC49: 24.0459 | AF49: Industrial Products | AI49: 13.5411 | AL49: Banks | AO49: 21.2211 | AR49: Banks | AU49: 13.3228 | AX49: Banks | BA49: 16.479 | BD49: Banks | BG49: 19.7133 | BJ49: Auto Components | BM49: 13.8759 | BP49: Pharmaceuticals & Biotechnology | BS49: 73.4198 | BV49: Industrial Products | BY49: 21.7909 | CB49: Banks | CE49: 14.8594 | CH49: Government of India | CK49: 19.5502
B50: Finance | E50: 8.7706 | H50: IT - Software | K50: 7.8921 | N50: Industrial Products | Q50: 9.421 | T50: Finance | W50: 29.3665 | Z50: Electrical Equipment | AC50: 16.3137 | AF50: Automobiles | AI50: 7.3676 | AL50: IT - Software | AO50: 9.3089 | AR50: Industrial Products | AU50: 10.8096 | AX50: Industrial Products | BA50: 7.6133 | BD50: Finance | BG50: 16.2018 | BJ50: Industrial Products | BM50: 12.7909 | BP50: Healthcare Services | BS50: 20.3895 | BV50: Electrical Equipment | BY50: 7.8011 | CB50: Industrial Products | CE50: 10.638 | CH50: Banks | CK50: 18.1183
B51: IT - Software | E51: 7.8749 | H51: Automobiles | K51: 6.3094 | N51: Finance | Q51: 8.5275 | T51: Capital Markets | W51: 7.9457 | Z51: Industrial Manufacturing | AC51: 9.3891 | AF51: Pharmaceuticals & Biotechnology | AI51: 7.03 | AL51: Consumer Durables | AO51: 7.5255 | AR51: Electrical Equipment | AU51: 7.3153 | AX51: Finance | BA51: 6.5769 | BD51: IT - Software | BG51: 10.2581 | BJ51: Retailing | BM51: 9.0133 | BP51: Chemicals & Petrochemicals | BS51: 2.8034 | BV51: Textiles & Apparels | BY51: 4.6166 | CB51: Petroleum Products | CE51: 5.6032 | CH51: Retailing | CK51: 8.8127
B52: Pharmaceuticals & Biotechnology | E52: 6.3402 | H52: Petroleum Products | K52: 6.2531 | N52: Auto Components | Q52: 6.6701 | T52: Insurance | W52: 1.1063 | Z52: Construction | AC52: 7.005 | AF52: Auto Components | AI52: 5.6871 | AL52: Industrial Products | AO52: 7.2191 | AR52: Auto Components | AU52: 5.9658 | AX52: IT - Software | BA52: 6.4262 | BD52: Realty | BG52: 8.3134 | BJ52: Finance | BM52: 6.9716 | BV52: Chemicals & Petrochemicals | BY52: 4.3563 | CB52: IT - Software | CE52: 5.5546 | CH52: Finance | CK52: 8.6398
B53: Automobiles | E53: 5.4277 | H53: Diversified FMCG | K53: 6.1345 | N53: Industrial Manufacturing | Q53: 4.7653 | Z53: Finance | AC53: 6.0382 | AF53: Electrical Equipment | AI53: 5.3555 | AL53: Retailing | AO53: 6.9068 | AR53: IT - Software | AU53: 5.7219 | AX53: Power | BA53: 4.8627 | BD53: Agricultural Food & other Products | BG53: 5.0469 | BJ53: Consumer Durables | BM53: 5.7283 | BV53: Pharmaceuticals & Biotechnology | BY53: 4.0026 | CB53: Pharmaceuticals & Biotechnology | CE53: 5.2715 | CH53: IT - Software | CK53: 8.4383
B54: Transport Services | E54: 4.6203 | H54: Power | K54: 5.328 | N54: IT - Software | Q54: 4.756 | Z54: Auto Components | AC54: 5.2068 | AF54: Industrial Manufacturing | AI54: 4.8919 | AL54: Finance | AO54: 5.6465 | AR54: Finance | AU54: 4.3595 | AX54: Automobiles | BA54: 4.109 | BD54: Construction | BG54: 4.6817 | BJ54: IT - Software | BM54: 4.5756 | BV54: Other Utilities | BY54: 3.9631 | CB54: Automobiles | CE54: 4.46 | CH54: Industrial Products | CK54: 5.2431
B55: Diversified FMCG | E55: 3.5608 | H55: Construction | K55: 4.9633 | N55: Retailing | Q55: 4.2457 | Z55: Power | AC55: 4.9808 | AF55: Chemicals & Petrochemicals | AI55: 4.2304 | AL55: Auto Components | AO55: 5.0921 | AR55: Automobiles | AU55: 4.0775 | AX55: Auto Components | BA55: 3.7786 | BD55: Healthcare Services | BG55: 4.6368 | BJ55: Textiles & Apparels | BM55: 3.939 | BV55: Industrial Manufacturing | BY55: 3.9562 | CB55: Finance | CE55: 4.3221 | CH55: Chemicals & Petrochemicals | CK55: 4.4774
B56: Industrial Products | E56: 3.4554 | H56: Retailing | K56: 4.0296 | N56: Electrical Equipment | Q56: 4.2013 | Z56: Transport Services | AC56: 3.5522 | AF56: Aerospace & Defense | AI56: 2.8099 | AL56: Automobiles | AO56: 4.5494 | AR56: Fertilizers & Agrochemicals | AU56: 3.8138 | AX56: Electrical Equipment | BA56: 3.465 | BD56: Insurance | BG56: 4.2722 | BJ56: Fertilizers & Agrochemicals | BM56: 3.5904 | BV56: Transport Services | BY56: 3.7093 | CB56: Textiles & Apparels | CE56: 4.303 | CH56: Consumer Durables | CK56: 3.9525
B57: Other Utilities | E57: 3.4409 | H57: Telecom - Services | K57: 3.5105 | N57: Leisure Services | Q57: 3.4157 | Z57: Realty | AC57: 2.4996 | AF57: Beverages | AI57: 2.0902 | AL57: Pharmaceuticals & Biotechnology | AO57: 3.653 | AR57: Retailing | AU57: 3.3188 | AX57: Construction | BA57: 3.3053 | BD57: Chemicals & Petrochemicals | BG57: 4.1331 | BJ57: Leisure Services | BM57: 3.0414 | BV57: Retailing | BY57: 3.6858 | CB57: Transport Services | CE57: 3.9933 | CH57: Industrial Manufacturing | CK57: 3.5657
B58: Consumer Durables | E58: 3.3424 | H58: Industrial Products | K58: 3.4672 | N58: Pharmaceuticals & Biotechnology | Q58: 2.9241 | Z58: Aerospace & Defense | AC58: 2.4421 | AF58: Power | AI58: 1.9261 | AL58: Electrical Equipment | AO58: 3.2446 | AR58: Chemicals & Petrochemicals | AU58: 2.9982 | AX58: Beverages | BA58: 3.2461 | BD58: Automobiles | BG58: 3.3528 | BJ58: Realty | BM58: 2.8206 | BV58: Auto Components | BY58: 3.595 | CB58: Realty | CE58: 3.9219 | CH58: Pharmaceuticals & Biotechnology | CK58: 3.5598
B59: Power | E59: 2.9781 | H59: Finance | K59: 3.3783 | N59: Petroleum Products | Q59: 2.739 | Z59: Telecom - Services | AC59: 2.1611 | AF59: Personal Products | AI59: 1.5735 | AL59: Diversified FMCG | AO59: 3.1195 | AR59: Consumer Durables | AU59: 2.9467 | AX59: Textiles & Apparels | BA59: 3.1278 | BD59: Retailing | BG59: 3.1437 | BJ59: Banks | BM59: 2.8016 | BV59: Healthcare Services | BY59: 3.3085 | CB59: Chemicals & Petrochemicals | CE59: 3.2686 | CH59: Diversified | CK59: 2.2045
B60: Chemicals & Petrochemicals | E60: 2.8491 | H60: Aerospace & Defense | K60: 3.0461 | N60: Fertilizers & Agrochemicals | Q60: 2.5448 | Z60: Gas | AC60: 2.0366 | AF60: Consumer Durables | AI60: 1.4942 | AL60: Fertilizers & Agrochemicals | AO60: 3.1013 | AR60: Petroleum Products | AU60: 2.9209 | AX60: Diversified FMCG | BA60: 2.8147 | BD60: Leisure Services | BG60: 2.9619 | BJ60: Chemicals & Petrochemicals | BM60: 2.7984 | BV60: Consumer Durables | BY60: 3.285 | CB60: Beverages | CE60: 3.027 | CH60: Power | CK60: 2.0274
B61: Realty | E61: 2.7111 | H61: Pharmaceuticals & Biotechnology | K61: 2.4279 | N61: Consumer Durables | Q61: 2.4097 | Z61: Healthcare Services | AC61: 1.7939 | AF61: Agricultural Food & other Products | AI61: 1.3902 | AL61: Cement & Cement Products | AO61: 2.6925 | AR61: Pharmaceuticals & Biotechnology | AU61: 2.7701 | AX61: Chemicals & Petrochemicals | BA61: 2.768 | BD61: Beverages | BG61: 2.8522 | BJ61: Transport Services | BM61: 2.6371 | BV61: Power | BY61: 3.2412 | CB61: Auto Components | CE61: 2.8484 | CH61: Aerospace & Defense | CK61: 1.8775
B62: Textiles & Apparels | E62: 2.6419 | H62: Beverages | K62: 2.2231 | N62: Healthcare Services | Q62: 2.3849 | Z62: Petroleum Products | AC62: 1.5031 | AF62: Diversified | AI62: 1.272 | AL62: Chemicals & Petrochemicals | AO62: 2.5152 | AR62: Textiles & Apparels | AU62: 2.5212 | AX62: IT - Services | BA62: 2.6299 | BD62: Commercial Services & Supplies | BG62: 2.0838 | BJ62: Pharmaceuticals & Biotechnology | BM62: 2.3778 | BV62: Realty | BY62: 3.1055 | CB62: Retailing | CE62: 2.7747 | CH62: Telecom - Services | CK62: 1.8191
B63: Beverages | E63: 2.5615 | H63: Agricultural Food & other Products | K63: 1.9486 | N63: Automobiles | Q63: 2.3537 | Z63: Leisure Services | AC63: 1.3672 | AF63: Textiles & Apparels | AI63: 0.761 | AL63: Food Products | AO63: 2.5048 | AR63: Beverages | AU63: 2.3337 | AX63: Petroleum Products | BA63: 2.3965 | BD63: Consumer Durables | BG63: 1.3763 | BJ63: Aerospace & Defense | BM63: 2.29 | BV63: Finance | BY63: 2.8269 | CB63: Telecom - Services | CE63: 2.7235 | CH63: Petroleum Products | CK63: 1.3716
B64: Retailing | E64: 2.5354 | H64: Insurance | K64: 1.9229 | N64: Insurance | Q64: 2.2668 | Z64: Non - Ferrous Metals | AC64: 1.3191 | AF64: Petroleum Products | AI64: 0.674 | AL64: Construction | AO64: 2.1909 | AR64: Construction | AU64: 2.2484 | AX64: Pharmaceuticals & Biotechnology | BA64: 2.3078 | BD64: Pharmaceuticals & Biotechnology | BG64: 1.3702 | BJ64: Power | BM64: 2.1257 | BV64: Construction | BY64: 2.4322 | CB64: Other Utilities | CE64: 2.6055 | CH64: Agricultural Food & other Products | CK64: 1.201
... B66: Agricultural Food & other Products | E66: 2.194 | H66: Transport Services | K66: 1.6346 | N66: Aerospace & Defense | Q66: 1.6646 | Z66: Cement & Cement Products | AC66: 1.1036 | AF66: Construction | AI66: 0.2906 | AL66: Beverages | AO66: 1.699 | AR66: Cement & Cement Products | AU66: 1.9608 | AX66: Food Products | BA66: 2.0389 | BD66: Industrial Products | BG66: 0.8215 | BJ66: Diversified | BM66: 1.6422 | BV66: Beverages | BY66: 2.0552 | CB66: Power | CE66: 1.9073 | CH66: Diversified FMCG | CK66: 1.1294
B67: Electrical Equipment | E67: 1.9586 | H67: Consumer Durables | K67: 1.119 | N67: Transport Services | Q67: 1.539 | Z67: Chemicals & Petrochemicals | AC67: 0.6967 | AF67: Fertilizers & Agrochemicals | AI67: 0.2589 | AL67: Transport Services | AO67: 1.4638 | AR67: Entertainment | AU67: 1.9075 | AX67: Cement & Cement Products | BA67: 1.8852 | BJ67: Telecom - Services | BM67: 1.5863 | BV67: Entertainment | BY67: 1.9777 | CB67: Electrical Equipment | CE67: 1.8679 | CH67: Textiles & Apparels | CK67: 0.911
B68: Leisure Services | E68: 1.678 | H68: Gas | K68: 1.0976 | N68: Telecom - Services | Q68: 1.522 | Z68: Transport Infrastructure | AC68: 0.1966 | AF68: Gas | AI68: 0.2001 | AL68: Leisure Services | AO68: 1.2355 | AR68: Telecom - Services | AU68: 1.6276 | AX68: Leisure Services | BA68: 1.6475 | BJ68: Agricultural, Commercial & Construction Vehicles | BM68: 1.581 | BV68: Capital Markets | BY68: 1.7151 | CB68: IT - Services | CE68: 1.779 | CH68: Transport Services | CK68: 0.6212
B69: Gas | E69: 1.6298 | H69: Food Products | K69: 1.0959 | N69: Chemicals & Petrochemicals | Q69: 1.4322 | AL69: Agricultural Food & other Products | AO69: 1.0803 | AR69: Realty | AU69: 1.5018 | AX69: Aerospace & Defense | BA69: 1.6302 | BJ69: Automobiles | BM69: 1.5489 | BV69: Gas | BY69: 1.7052 | CB69: Diversified FMCG | CE69: 1.6975 | CH69: Insurance | CK69: 0.5801
B70: IT - Services | E70: 1.415 | H70: Oil | K70: 0.9551 | N70: Cement & Cement Products | Q70: 1.3303 | AL70: IT - Services | AO70: 1.0784 | AR70: Food Products | AU70: 1.4207 | AX70: Realty | BA70: 1.5819 | BJ70: IT - Services | BM70: 1.4745 | BV70: IT - Software | BY70: 1.6051 | CB70: Entertainment | CE70: 1.6884
B71: Insurance | E71: 1.2481 | H71: Chemicals & Petrochemicals | K71: 0.9122 | N71: Power | Q71: 1.2364 | AR71: Leisure Services | AU71: 1.295 | AX71: Transport Services | BA71: 1.5818 | BJ71: Healthcare Services | BM71: 1.3764 | BV71: Leisure Services | BY71: 1.4967 | CB71: Personal Products | CE71: 1.6492
B72: Household Products | E72: 1.1807 | H72: Other Utilities | K72: 0.899 | N72: Textiles & Apparels | Q72: 1.1984 | AR72: Personal Products | AU72: 1.2891 | AX72: Retailing | BA72: 1.562 | BJ72: Capital Markets | BM72: 1.2589 | BV72: Agricultural Food & other Products | BY72: 1.4884 | CB72: Fertilizers & Agrochemicals | CE72: 1.3405
B73: Healthcare Services | E73: 1.0517 | H73: Personal Products | K73: 0.8937 | N73: Diversified | Q73: 1.1749 | AR73: Gas | AU73: 1.2349 | AX73: Industrial Manufacturing | BA73: 1.3968 | BJ73: Entertainment | BM73: 1.2368 | BV73: Fertilizers & Agrochemicals | BY73: 1.122 | CB73: Agricultural Food & other Products | CE73: 1.2532
B74: Food Products | E74: 0.9561 | H74: Industrial Manufacturing | K74: 0.843 | N74: Realty | Q74: 1.1168 | AR74: Healthcare Services | AU74: 1.2264 | AX74: Gas | BA74: 1.3759 | BJ74: Beverages | BM74: 1.1531 | BV74: Food Products | BY74: 1.0511 | CB74: Commercial Services & Supplies | CE74: 1.1384
B75: Personal Products | E75: 0.8739 | H75: Healthcare Services | K75: 0.8414 | N75: Non - Ferrous Metals | Q75: 1.0735 | AR75: Agricultural, Commercial & Construction Vehicles | AU75: 1.0679 | AX75: Telecom - Services | BA75: 1.3376 | BJ75: Electrical Equipment | BM75: 0.8976 | BV75: Diversified FMCG | BY75: 0.9052 | CB75: Insurance | CE75: 0.5996
B76: Non - Ferrous Metals | E76: 0.5738 | H76: Electrical Equipment | K76: 0.6528 | N76: Construction | Q76: 1.066 | AR76: Non - Ferrous Metals | AU76: 1.0157 | AX76: Non - Ferrous Metals | BA76: 1.3061 | BJ76: Oil | BM76: 0.7986 | BV76: Insurance | BY76: 0.5436 | CB76: Media | CE76: 0.268
B77: Media | E77: 0.4384 | H77: Consumable Fuels | K77: 0.6136 | N77: Agricultural Food & other Products | Q77: 0.9418 | AR77: Agricultural Food & other Products | AU77: 0.9883 | AX77: Cigarettes & Tobacco Products | BA77: 1.1722 | BJ77: Cement & Cement Products | BM77: 0.7599 | BV77: Media | BY77: 0.4059
B78: Oil | E78: 0.4217 | H78: Auto Components | K78: 0.4836 | N78: Transport Infrastructure | Q78: 0.7603 | AR78: Diversified FMCG | AU78: 0.7788 | AX78: Agricultural Food & other Products | BA78: 0.8489
B79: Industrial Manufacturing | E79: 0.3706 | H79: Realty | K79: 0.4223 | N79: Gas | Q79: 0.6833 | AR79: Insurance | AU79: 0.7374 | AX79: Consumer Durables | BA79: 0.8404
B80: Commercial Services & Supplies | E80: 0.3647 | H80: Commercial Services & Supplies | K80: 0.3111 | N80: IT - Services | Q80: 0.4301
H81: Capital Markets | K81: 0.1999
B90: Grand Total | E90: =SUM(E49:G89) -> 97.3012 | H90: Grand Total | K90: =SUM(K49:M89) -> 98.1766 | N90: Grand Total | Q90: =SUM(Q49:S89) -> 97.4521 | T90: Grand Total | W90: =SUM(W49:Y89) -> 98.0095 | Z90: Grand Total | AC90: =SUM(AC49:AE89) -> 94.7679 | AF90: Grand Total | AI90: =SUM(AI49:AK89) -> 63.2288 | AL90: Grand Total | AO90: =SUM(AO49:AQ89) -> 98.8521 | AR90: Grand Total | AU90: =SUM(AU49:AW89) -> 97.5223 | AX90: Grand Total | BA90: =SUM(BA49:BC89) -> 98.269 | BD90: Grand Total | BG90: =SUM(BG49:BI89) -> 96.4805 | BJ90: Grand Total | BM90: =SUM(BM49:BO89) -> 98.6374 | BP90: Grand Total | BS90: =SUM(BS49:BU89) -> 96.6127 | BV90: Grand Total | BY90: =SUM(BY49:CA89) -> 97.941 | CB90: Grand Total | CE90: =SUM(CE49:CG89) -> 97.8298 | CH90: Grand Total | CK90: =SUM(CK49:CM89) -> 99.2489
B92: Regular (Growth) | E92: Direct (Growth) | H92: Regular (Growth) | K92: Direct (Growth) | N92: Regular (Growth) | Q92: Direct (Growth) | T92: Regular (Growth) | W92: Direct (Growth) | Z92: Regular (Growth) | AC92: Direct (Growth) | AF92: Regular (Growth) | AI92: Direct (Growth) | AL92: Regular (Growth) | AO92: Direct (Growth) | AR92: Regular (Growth) | AU92: Direct (Growth) | AX92: Regular (Growth) | BA92: Direct (Growth) | BD92: Regular (Growth) | BG92: Direct (Growth) | BJ92: Regular (Growth) | BM92: Direct (Growth) | BP92: Regular (Growth) | BS92: Direct (Growth) | BV92: Regular (Growth) | BY92: Direct (Growth) | CB92: Regular (Growth) | CE92: Direct (Growth) | CH92: Regular (IDCW Option) | CK92: Direct (IDCW Option)
B93: Scheme | C93: Scheme Benchmark | D93: Additional Benchmark ** | E93: Scheme | F93: Scheme Benchmark | G93: Additional Benchmark ** | H93: Scheme | I93: Scheme Benchmark | J93: Additional Benchmark^ | K93: Scheme | L93: Scheme Benchmark | M93: Additional Benchmark^ | N93: Scheme | O93: Scheme Benchmark | P93: Additional Benchmark | Q93: Scheme | R93: Scheme Benchmark | S93: Additional Benchmark | T93: Scheme | U93: Scheme Benchmark | V93: Additional Benchmark | W93: Scheme | X93: Scheme Benchmark | Y93: Additional Benchmark | Z93: Scheme | AA93: Scheme Benchmark | AB93: Additional Benchmark | AC93: Scheme | AD93: Scheme Benchmark | AE93: Additional Benchmark | AF93: Scheme | AG93: Scheme Benchmark | AH93: Additional Benchmark | AI93: Scheme | AJ93: Scheme Benchmark | AK93: Additional Benchmark | AL93: Scheme | AM93: Scheme Benchmark | AN93: Additional Benchmark# | AO93: Scheme | AP93: Scheme Benchmark | AQ93: Additional Benchmark# | AR93: Scheme | AS93: Scheme Benchmark | AT93: Additional Benchmark | AU93: Scheme | AV93: Scheme Benchmark | AW93: Additional Benchmark | AX93: Scheme | AY93: Scheme Benchmark | AZ93: Additional Benchmark | BA93: Scheme | BB93: Scheme Benchmark | BC93: Additional Benchmark | BD93: Scheme | BE93: Scheme Benchmark | BF93: Additional Benchmark | BG93: Scheme | BH93: Scheme Benchmark | BI93: Additional Benchmark | BJ93: Scheme | BK93: Scheme Benchmark | BL93: Additional Benchmark | BM93: Scheme | BN93: Scheme Benchmark | BO93: Additional Benchmark | BP93: Scheme | BQ93: Scheme Benchmark | BR93: Additional Benchmark | BS93: Scheme | BT93: Scheme Benchmark | BU93: Additional Benchmark | BV93: Scheme | BW93: Scheme Benchmark | BX93: Additional Benchmark | BY93: Scheme | BZ93: Scheme Benchmark | CA93: Additional Benchmark | CB93: Scheme | CC93: Scheme Benchmark | CD93: Additional Benchmark | CE93: Scheme | CF93: Scheme Benchmark | CG93: Additional Benchmark | CH93: Scheme | CI93: Scheme Benchmark | CJ93: Additional Benchmark | CK93: Scheme | CL93: Scheme Benchmark | CM93: Additional Benchmark
A94: 1 Year CAGR (%) | B94: 33.5587 | C94: 36.2186 | D94: 28.3011 | E94: 34.7646 | F94: 36.2186 | G94: 28.3011 | H94: 30.9445 | I94: 32.971 | J94: 28.3011 | K94: 32.4811 | L94: 32.971 | M94: 28.3011 | N94: 45.2114 | O94: 38.4709 | P94: 28.3011 | Q94: 47.1619 | R94: 38.4709 | S94: 28.3011 | T94: 14.3624 | U94: 25.5554 | V94: 28.3011 | W94: 16.2824 | X94: 25.5554 | Y94: 28.3011 | Z94: 69.1108 | AA94: 45.8267 | AB94: 28.3011 | AC94: 70.9445 | AD94: 45.8267 | AE94: 28.3011 | AF94: NA | AG94: NA | AH94: NA | AI94: NA | AJ94: NA | AK94: NA | AL94: 35.2079 | AM94: 36.2186 | AN94: 28.3011 | AO94: 36.8908 | AP94: 36.2186 | AQ94: 28.3011 | AR94: 45.2128 | AS94: 39.5609 | AT94: 28.3011 | AU94: 47.6318 | AV94: 39.5609 | AW94: 28.3011 | AX94: 56.1289 | AY94: 36.2186 | AZ94: 28.3011 | BA94: 57.7894 | BB94: 36.2186 | BC94: 28.3011 | BD94: 27.7431 | BE94: 36.2186 | BF94: 28.3011 | BG94: 28.9571 | BH94: 36.2186 | BI94: 28.3011 | BJ94: 47.1475 | BK94: 44.0075 | BL94: 28.3011 | BM94: 48.5239 | BN94: 44.0075 | BO94: 28.3011 | BP94: 62.1608 | BQ94: 61.7014 | BR94: 28.3011 | BS94: 64.168 | BT94: 61.7014 | BU94: 28.3011 | BV94: 51.7888 | BW94: 48.411 | BX94: 28.3011 | BY94: 53.296 | BZ94: 48.411 | CA94: 28.3011 | CB94: 41.5836 | CC94: 36.2186 | CD94: 25.7767 | CE94: 42.8771 | CF94: 36.2186 | CG94: 25.7767 | CH94: 20.9813 | CI94: 25.5686 | CJ94: 28.3011 | CK94: 22.2318 | CL94: 25.5686 | CM94: 28.3011
A95: 3 Years CAGR (%) | B95: 13.9258 | C95: 15.7096 | D95: 12.3499 | E95: 14.9941 | F95: 15.7096 | G95: 12.3499 | H95: 10.6381 | I95: 13.1317 | J95: 12.3499 | K95: 11.258 | L95: 13.1317 | M95: 12.3499 | N95: 16.5864 | O95: 18.1907 | P95: 12.3499 | Q95: 18.193 | R95: 18.1907 | S95: 12.3499 | T95: 8.3038 | U95: 9.3158 | V95: 12.3499 | W95: 10.1812 | X95: 9.3158 | Y95: 12.3499 | Z95: 31.9178 | AA95: 21.7064 | AB95: 12.3499 | AC95: 33.387 | AD95: 21.7064 | AE95: 12.3499 | AF95: NA | AG95: NA | AH95: NA | AI95: NA | AJ95: NA | AK95: NA | AL95: 14.5842 | AM95: 15.7096 | AN95: 12.3499 | AO95: 15.891 | AP95: 15.7096 | AQ95: 12.3499 | AR95: NA | AS95: NA | AT95: NA | AU95: NA | AV95: NA | AW95: NA | AX95: 21.2961 | AY95: 15.7096 | AZ95: 12.3499 | BA95: 22.5119 | BB95: 15.7096 | BC95: 12.3499 | BD95: 10.6875 | BE95: 15.7096 | BF95: 12.3499 | BG95: 11.6911 | BH95: 15.7096 | BI95: 12.3499 | BJ95: 17.8514 | BK95: 23.205 | BL95: 12.3499 | BM95: 18.8997 | BN95: 23.205 | BO95: 12.3499 | BP95: 16.9534 | BQ95: 21.3358 | BR95: 12.3499 | BS95: 18.3896 | BT95: 21.3358 | BU95: 12.3499 | BV95: 25.4811 | BW95: 24.6053 | BX95: 12.3499 | BY95: 26.6979 | BZ95: 24.6053 | CA95: 12.3499 | CB95: 16.2462 | CC95: 15.7096 | CD95: 11.5873 | CE95: 17.2511 | CF95: 15.7096 | CG95: 11.5873 | CH95: 9.3852 | CI95: 11.8887 | CJ95: 12.3499 | CK95: 10.4285 | CL95: 11.8887 | CM95: 12.3499
A96: 5 Years CAGR (%) | B96: 16.5599 | C96: 19.7453 | D96: 16.6124 | E96: 17.4656 | F96: 19.7453 | G96: 16.6124 | H96: 15.5286 | I96: 17.0421 | J96: 16.6124 | K96: 15.8748 | L96: 17.0421 | M96: 16.6124 | N96: 19.6465 | O96: 22.7596 | P96: 16.6124 | Q96: 21.4188 | R96: 22.7596 | S96: 16.6124 | T96: 10.4575 | U96: 12.8528 | V96: 16.6124 | W96: 11.9023 | X96: 12.8528 | Y96: 16.6124 | Z96: 28.1494 | AA96: 23.0921 | AB96: 16.6124 | AC96: 29.4934 | AD96: 23.0921 | AE96: 16.6124 | AF96: NA | AG96: NA | AH96: NA | AI96: NA | AJ96: NA | AK96: NA | AL96: 15.9235 | AM96: 19.7453 | AN96: 16.6124 | AO96: 17.3317 | AP96: 19.7453 | AQ96: 16.6124 | AR96: NA | AS96: NA | AT96: NA | AU96: NA | AV96: NA | AW96: NA | AX96: 23.0184 | AY96: 19.7453 | AZ96: 16.6124 | BA96: 24.339 | BB96: 19.7453 | BC96: 16.6124 | BD96: 15.7465 | BE96: 19.7453 | BF96: 16.6124 | BG96: 16.7956 | BH96: 19.7453 | BI96: 16.6124 | BJ96: 22.7214 | BK96: 28.4538 | BL96: 16.6124 | BM96: 23.7629 | BN96: 28.4538 | BO96: 16.6124 | BP96: 23.7641 | BQ96: 27.9145 | BR96: 16.6124 | BS96: 25.4398 | BT96: 27.9145 | BU96: 16.6124 | BV96: 28.9342 | BW96: 31.0414 | BX96: 16.6124 | BY96: 30.198 | BZ96: 31.0414 | CA96: 16.6124 | CB96: 19.4658 | CC96: 19.7453 | CD96: 15.9873 | CE96: 20.4457 | CF96: 19.7453 | CG96: 15.9873 | CH96: 12.5975 | CI96: 15.1043 | CJ96: 16.6124 | CK96: 13.5957 | CL96: 15.1043 | CM96: 16.6124
A97: Since Inception CAGR (%) | B97: 8.1303 | C97: NA | D97: 13.2649 | E97: 14.259 | F97: 15.3309 | G97: 13.9687 | H97: 6.0075 | I97: NA | J97: 11.2361 | K97: 14.1567 | L97: 14.4014 | M97: 13.9687 | N97: 14.9465 | O97: 15.8206 | P97: 12.4458 | Q97: 16.5106 | R97: 15.8206 | S97: 12.4458 | T97: 6.9675 | U97: 13.8573 | V97: 13.1229 | W97: 8.2415 | X97: 13.8573 | Y97: 13.1229 | Z97: 10.217 | AA97: 6.1425 | AB97: 11.8305 | AC97: 17.5072 | AD97: 12.3993 | AE97: 13.9687 | AF97: -1.39 | AG97: -7.32 | AH97: -2.93 | AI97: -1.91 | AJ97: -6.83 | AK97: -2.96 | AL97: 10.7353 | AM97: 15.5864 | AN97: 13.7592 | AO97: 16.8525 | AP97: 15.3309 | AQ97: 13.9687 | AR97: 29.0286 | AS97: 27.0291 | AT97: 17.1867 | AU97: 31.2492 | AV97: 27.0291 | AW97: 17.1867 | AX97: 20.9702 | AY97: 18.1553 | AZ97: 16.2204 | BA97: 22.4021 | BB97: 18.1553 | BC97: 16.2204 | BD97: 11.3923 | BE97: 15.2087 | BF97: 14.4709 | BG97: 12.8008 | BH97: 15.2087 | BI97: 14.4709 | BJ97: 14.7336 | BK97: 20.8854 | BL97: 15.6743 | BM97: 16.2737 | BN97: 20.8854 | BO97: 15.6743 | BP97: 21.4785 | BQ97: 23.5343 | BR97: 16.6867 | BS97: 23.1768 | BT97: 23.5343 | BU97: 16.6867 | BV97: 17.544 | BW97: 16.6018 | BX97: 14.7276 | BY97: 19.1935 | BZ97: 16.6018 | CA97: 14.7276 | CB97: 16.1122 | CC97: 15.6355 | CD97: 13.8384 | CE97: 17.3121 | CF97: 15.6355 | CG97: 13.8384 | CH97: 9.9486 | CI97: NA | CJ97: NA | CK97: 12.3862 | CL97: 13.4409 | CM97: 14.5567
A98: Current Value of Investment of Rs. 10,000 (1 Year ago) | B98: 13366 | C98: 13633 | D98: 12839 | E98: 13487 | F98: 13633 | G98: 12839 | H98: 13104 | I98: 13307 | J98: 12839 | K98: 13258 | L98: 13307 | M98: 12839 | N98: 14536 | O98: 13859 | P98: 12839 | Q98: 14732 | R98: 13859 | S98: 12839 | T98: 11440 | U98: 12563 | V98: 12839 | W98: 11633 | X98: 12563 | Y98: 12839 | Z98: 16935 | AA98: 14598 | AB98: 12839 | AC98: 17120 | AD98: 14598 | AE98: 12839 | AF98: NA | AG98: NA | AH98: NA | AI98: NA | AJ98: NA | AK98: NA | AL98: 13532 | AM98: 13633 | AN98: 12839 | AO98: 13701 | AP98: 13633 | AQ98: 12839 | AR98: 14536 | AS98: 13969 | AT98: 12839 | AU98: 14779 | AV98: 13969 | AW98: 12839 | AX98: 15632 | AY98: 13633 | AZ98: 12839 | BA98: 15799 | BB98: 13633 | BC98: 12839 | BD98: 12783 | BE98: 13633 | BF98: 12839 | BG98: 12905 | BH98: 13633 | BI98: 12839 | BJ98: 14730 | BK98: 14415 | BL98: 12839 | BM98: 14869 | BN98: 14415 | BO98: 12839 | BP98: 16238 | BQ98: 16191 | BR98: 12839 | BS98: 16439 | BT98: 16191 | BU98: 12839 | BV98: 15196 | BW98: 14857 | BX98: 12839 | BY98: 15348 | BZ98: 14857 | CA98: 12839 | CB98: 14172 | CC98: 13633 | CD98: 12586 | CE98: 14302 | CF98: 13633 | CG98: 12586 | CH98: 12104 | CI98: 12565 | CJ98: 12839 | CK98: 12230 | CL98: 12565 | CM98: 12839
A99: Current Value of Investment of Rs. 10,000 (3 Year ago) | B99: 14802 | C99: 15511 | D99: 14195 | E99: 15224 | F99: 15511 | G99: 14195 | H99: 13554 | I99: 14494 | J99: 14195 | K99: 13784 | L99: 14494 | M99: 14195 | N99: 15867 | O99: 16533 | P99: 14195 | Q99: 16534 | R99: 16533 | S99: 14195 | T99: 12712 | U99: 13073 | V99: 14195 | W99: 13387 | X99: 13073 | Y99: 14195 | Z99: 23009 | AA99: 18057 | AB99: 14195 | AC99: 23789 | AD99: 18057 | AE99: 14195 | AF99: NA | AG99: NA | AH99: NA | AI99: NA | AJ99: NA | AK99: NA | AL99: 15061 | AM99: 15511 | AN99: 14195 | AO99: 15584 | AP99: 15511 | AQ99: 14195 | AR99: NA | AS99: NA | AT99: NA | AU99: NA | AV99: NA | AW99: NA | AX99: 17874 | AY99: 15511 | AZ99: 14195 | BA99: 18419 | BB99: 15511 | BC99: 14195 | BD99: 13572 | BE99: 15511 | BF99: 14195 | BG99: 13946 | BH99: 15511 | BI99: 14195 | BJ99: 16390 | BK99: 18734 | BL99: 14195 | BM99: 16833 | BN99: 18734 | BO99: 14195 | BP99: 16018 | BQ99: 17892 | BR99: 14195 | BS99: 16617 | BT99: 17892 | BU99: 14195 | BV99: 19795 | BW99: 19382 | BX99: 14195 | BY99: 20378 | BZ99: 19382 | CA99: 14195 | CB99: 15728 | CC99: 15511 | CD99: 13907 | CE99: 16141 | CF99: 15511 | CG99: 13907 | CH99: 13098 | CI99: 14020 | CJ99: 14195 | CK99: 13477 | CL99: 14020 | CM99: 14195
A100: Current Value of Investment of Rs. 10,000 (5 Year ago) | B100: 21533 | C100: 24645 | D100: 21582 | E100: 22384 | F100: 24645 | G100: 21582 | H100: 20596 | I100: 21983 | J100: 21582 | K100: 20907 | L100: 21983 | M100: 21582 | N100: 24543 | O100: 27910 | P100: 21582 | Q100: 26417 | R100: 27910 | S100: 21582 | T100: 16452 | U100: 18317 | V100: 21582 | W100: 17558 | X100: 18317 | Y100: 21582 | Z100: 34608 | AA100: 28291 | AB100: 21582 | AC100: 36463 | AD100: 28291 | AE100: 21582 | AF100: NA | AG100: NA | AH100: NA | AI100: NA | AJ100: NA | AK100: NA | AL100: 20951 | AM100: 24645 | AN100: 21582 | AO100: 22257 | AP100: 24645 | AQ100: 21582 | AR100: NA | AS100: NA | AT100: NA | AU100: NA | AV100: NA | AW100: NA | AX100: 28206 | AY100: 24645 | AZ100: 21582 | BA100: 29755 | BB100: 24645 | BC100: 21582 | BD100: 20792 | BE100: 24645 | BF100: 21582 | BG100: 21752 | BH100: 24645 | BI100: 21582 | BJ100: 27867 | BK100: 35021 | BL100: 21582 | BM100: 29071 | BN100: 35021 | BO100: 21582 | BP100: 29072 | BQ100: 34291 | BR100: 21582 | BS100: 31097 | BT100: 34291 | BU100: 21582 | BV100: 35682 | BW100: 38698 | BX100: 21582 | BY100: 37467 | BZ100: 38698 | CA100: 21582 | CB100: 24358 | CC100: 24645 | CD100: 21009 | CE100: 25375 | CF100: 24645 | CG100: 21009 | CH100: 18110 | CI100: 20221 | CJ100: 21582 | CK100: 18928 | CL100: 20221 | CM100: 21582
A101: Current Value of Investment of Rs. 10,000 (since inception) | B101: 117929 | C101: NA | D101: 510075 | E101: 48454 | F101: 54117 | G101: 47016 | H101: 58186 | I101: NA | J101: 248879 | K101: 47943 | L101: 49173 | M101: 47016 | N101: 38553 | O101: 41489 | P101: 31155 | Q101: 43947 | R101: 41489 | S101: 31155 | T101: 19098 | U101: 34784 | V101: 32687 | W101: 21398 | X101: 34784 | Y101: 32687 | Z101: 50353 | AA101: 26927 | AB101: 64106 | AC101: 67522 | AD101: 39899 | AE101: 47016 | AF101: 9861 | AG101: 9268 | AH101: 9707 | AI101: 9809 | AJ101: 9317 | AK101: 9704 | AL101: 166932 | AM101: 545219 | AN101: 351184 | AO101: 63201 | AP101: 54117 | AQ101: 47016 | AR101: 16660 | AS101: 16147 | AT101: 13739 | AU101: 17239 | AV101: 16147 | AW101: 13739 | AX101: 30547 | AY101: 26607 | AZ101: 24151 | BA101: 32730 | BB101: 26607 | BC101: 24151 | BD101: 21187 | BE101: 26784 | BF101: 25613 | BG101: 23123 | BH101: 26784 | BI101: 25613 | BJ101: 29093 | BK101: 43655 | BL101: 30999 | BM101: 32269 | BN101: 43655 | BO101: 30999 | BP101: 30177 | BQ101: 33193 | BR101: 24014 | BS101: 32652 | BT101: 33193 | BU101: 24014 | BV101: 32898 | BW101: 31005 | BX101: 27516 | BY101: 36455 | BZ101: 31005 | CA101: 27516 | CB101: 25259 | CC101: 24623 | CD101: 22343 | CE101: 26923 | CF101: 24623 | CG101: 22343 | CH101: 286931 | CI101: NA | CJ101: NA | CK101: 39099 | CL101: 43604 | CM101: 48884
A103: First Tier Benchmark Index | C103: Nifty 500 TRI | D103: Nifty 50 TRI | F103: Nifty 500 TRI | G103: Nifty 50 TRI | I103: Nifty 100 TRI | J103: Nifty 50 TRI | L103: Nifty 100 TRI | M103: Nifty 50 TRI | O103: Nifty Large Midcap 250 TRI | P103: Nifty 50 TRI | R103: Nifty Large Midcap 250 TRI | S103: Nifty 50 TRI | U103: Nifty Financial Services TRI | V103: Nifty 50 TRI | X103: Nifty Financial Services TRI | Y103: Nifty 50 TRI | AA103: Nifty Infrastructure TRI | AB103: Nifty 50 TRI | AD103: Nifty Infrastructure TRI | AE103: Nifty 50 TRI | AG103: Nifty India Manufacturing Index (TRI) | AH103: Nifty 50 TRI | AJ103: Nifty India Manufacturing Index (TRI) | AK103: Nifty 50 TRI | AM103: Nifty 500 TRI | AN103: Nifty 50 TRI | AP103: Nifty 500 TRI | AQ103: Nifty 50 TRI | AS103: NIFTY 500 Multicap 50:25:25 TRI | AT103: Nifty 50 TRI | AV103: NIFTY 500 Multicap 50:25:25 TRI | AW103: Nifty 50 TRI | AY103: NIFTY 500 TRI | AZ103: Nifty 50 TRI | BB103: NIFTY 500 TRI | BC103: Nifty 50 TRI | BE103: NIFTY 500 TRI | BF103: Nifty 50 TRI | BH103: NIFTY 500 TRI | BI103: Nifty 50 TRI | BK103: NIFTY Midcap 150 TRI | BL103: Nifty 50 TRI | BN103: NIFTY Midcap 150 TRI | BO103: Nifty 50 TRI | BQ103: BSE Health Care TRI | BR103: Nifty 50 TRI | BT103: BSE Health Care TRI | BU103: Nifty 50 TRI | BW103: NIFTY Smallcap 250 TRI | BX103: Nifty 50 TRI | BZ103: NIFTY Smallcap 250 TRI | CA103: Nifty 50 TRI | CC103: NIFTY 500 TRI | CD103: BSE Sensex TRI | CF103: NIFTY 500 TRI | CG103: BSE Sensex TRI | CI103: CRISIL Hybrid 35+65 - Aggressive Index | CJ103: Nifty 50 TRI | CL103: CRISIL Hybrid 35+65 - Aggressive Index | CM103: Nifty 50 TRI
A104: NAV/ Index Value | B104: 100.7577 | C104: 35830.98 | D104: 35971.14 | E104: 110.2089 | F104: =C104 -> 35830.98 | G104: =D104 -> 35971.14 | H104: 54.7139 | I104: 34034.49 | J104: =D104 -> 35971.14 | K104: 61.6952 | L104: =I104 -> 34034.49 | M104: =J104 -> 35971.14 | N104: 38.5535 | O104: 20297.4 | P104: =M104 -> 35971.14 | Q104: 43.9468 | R104: =O104 -> 20297.4 | S104: =P104 -> 35971.14 | T104: 19.5317 | U104: 29994.38 | V104: =P104 -> 35971.14 | W104: 21.8308 | X104: =U104 -> 29994.38 | Y104: =V104 -> 35971.14 | Z104: 50.3528 | AA104: 11460.36 | AB104: =V104 -> 35971.14 | AC104: 56.8952 | AD104: =AA104 -> 11460.36 | AE104: =AB104 -> 35971.14 | AF104: 9.861 | AG104: 18382.05 | AH104: =AB104 -> 35971.14 | AI104: 9.8708 | AJ104: =AG104 -> 18382.05 | AK104: =AH104 -> 35971.14 | AL104: 150.7181 | AM104: =F104 -> 35830.98 | AN104: =V104 -> 35971.14 | AO104: 170.6223 | AP104: =AM104 -> 35830.98 | AQ104: =AN104 -> 35971.14 | AR104: 16.66 | AS104: 20596.87 | AT104: =+Hybrid!S104 -> 35971.14 | AU104: 17.2392 | AV104: =AS104 -> 20596.87 | AW104: =AT104 -> 35971.14 | AX104: 30.5472 | AY104: =AP104 -> 35830.98 | AZ104: =AW104 -> 35971.14 | BA104: 32.7301 | BB104: =AY104 -> 35830.98 | BC104: =AZ104 -> 35971.14 | BD104: 21.1866 | BE104: =AY104 -> 35830.98 | BF104: =AZ104 -> 35971.14 | BG104: 23.1225 | BH104: =BE104 -> 35830.98 | BI104: =BF104 -> 35971.14 | BJ104: 29.093 | BK104: 26381.69 | BL104: =BI104 -> 35971.14 | BM104: 32.2688 | BN104: =BK104 -> 26381.69 | BO104: =BL104 -> 35971.14 | BP104: 30.1772 | BQ104: 50650.161 | BR104: =BO104 -> 35971.14 | BS104: 32.6517 | BT104: =BQ104 -> 50650.161 | BU104: =BR104 -> 35971.14 | BV104: 32.8985 | BW104: 22424.5 | BX104: =BU104 -> 35971.14 | BY104: 36.4555 | BZ104: =BW104 -> 22424.5 | CA104: =BX104 -> 35971.14 | CB104: 25.2592 | CC104: =BH104 -> 35830.98 | CD104: 123049.15 | CE104: 26.9225 | CF104: =CC104 -> 35830.98 | CG104: =CD104 -> 123049.15 | CH104: 35.4549 | CI104: 19907.1 | CJ104: =BI104 -> 35971.14 | CK104: 39.1236 | CL104: =CI104 -> 19907.1 | CM104: =CJ104 -> 35971.14
A105: Scheme Riskometer
B106: :) Long term capital appreciation | H106: :) Long Term Capital Appreciation | N106: :) Long Term Capital Appreciation. | T106: :) Capital appreciation over long term | Z106: :) Long Term Capital Growth | AF106: :) Capital appreciation over long term | AL106: :) Long Term Capital Growth | AR106: :) Long term capital appreciation | AX106: :) Long term capital appreciation | BD106: :) Long term capital appreciation | BJ106: :) Long term capital appreciation | BP106: :) Long term capital appreciation | BV106: :) Long term capital appreciation | CB106: :) Long term capital appreciation | CH106: :) Long term capital appreciation and current income
B107: :) Investing across Large, Mid & Small Cap stocks. | H107: :) A Fund that primarily invest in large-cap stock. | N107: :) A fund that primarily invests in Large and Mid-cap stocks | T107: :) Investing predominantly in portfolio of equity and equity related securities of companies engaged in banking and financial services. | Z107: :) Investment in equity and equity related instruments of companies engaged either directly or indirectly in infrastructure sector. | AF107: :)Investment predominantly in equity and equity related instruments of companies following manufacturing theme. | AL107: :) Investment in equity and equity related securities | AR107: :) Investing in equity and equity related intruments across Large, Mid & Small Cap stocks. | AX107: :) Investment predominantly in dividend yielding equity and equity related instruments. | BD107: :) Investment in equity & equity related instruments of up to 30 companies across market capitalization. | BJ107: :) Investment predominantly in equity and equity related instruments of Midcap companies. | BP107: :) Investment predominantly in equity and equity related instruments of companies engaged in Healthcare & Allied Sectors. | BV107: :) Investment predominantly in equity and equity related instruments of Smallcap companies. | CB107: :) Investment in equity and equity related instruments by following value investment strategy. | CH107: :) Investment in Equity and equity related securities, fixed income securities (debt and money market securities).
B108: :) Risk - Very High | H108: :) Risk - Very High | N108: :) Risk - Very High | T108: :) Risk - Very High | Z108: :) Risk - Very High | AF108: :) Risk - Very High | AL108: :) Risk - Very High | AR108: :) Risk - Very High | AX108: :) Risk - Very High | BD108: :) Risk - Very High | BJ108: :) Risk - Very High | BP108: :) Risk - Very High | BV108: :) Risk - Very High | CB108: :) Risk - Very High | CH108: :) Risk - Very High
A122: Benchmark Riskometer | B122: First Tier Benchmark - Nifty 500 TRI | H122: First Tier Benchmark - Nifty 100 TRI | N122: First Tier Benchmark - Nifty LargeMidcap 250 TRI | T122: First Tier Benchmark - Nifty Financial Services TRI | Z122: First Tier Benchmark - Nifty Infrastructure TRI | AF122: First Tier Benchmark - Nifty India Manufacturing Index (TRI) | AL122: First Tier Benchmark - Nifty 500 TRI | AR122: First Tier Benchmark - Nifty 500 Multicap 50:25:25 | AX122: First Tier Benchmark - Nifty 500 TRI | BD122: First Tier Benchmark - Nifty 500 TRI | BJ122: First Tier Benchmark - Nifty Midcap 150 TRI | BP122: First Tier Benchmark - BSE Health Care TRI | BV122: First Tier Benchmark - Nifty Smallcap 250 TRI | CB122: First Tier Benchmark - Nifty 500 TRI | CH122: First Tier Benchmark - CRISIL Hybrid 35+65 - Aggressive Index
B123: :) Risk - Very High | H123: :) Risk - Very High | N123: :) Risk - Very High | T123: :) Risk - Very High | Z123: :) Risk - Very High | AF123: :) Risk - Very High | AL123: :) Risk - Very High | AR123: :) Risk - Very High | AX123: :) Risk - Very High | BD123: :) Risk - Very High | BJ123: :) Risk - Very High | BP123: :) Risk - Very High | BV123: :) Risk - Very High | CB123: :) Risk - Very High | CH123: :) Risk - Very High
I138: `
A139: Disclaimer :
A140: Mutual Fund Investments are subject to market risks, read all scheme related documents carefully.
A141: *Investors should consult their financial advisers if in doubt about whether the product is suitable for them.
A143: Notes:
A144: 1) All scheme returns are for growth option
A145: 2) All above data is as on 31/10/2024.
A146: 3)The performance of the scheme is benchmarked to the Total Return variant of the Index
A147: 4) The scheme performance IDBI MF schemes merged with LIC MF schemes herewith is a blended performance on weighted average, as per applicable guidelines of SEBI.
A148: "@ Base TER excludes additional expenses provided in Regulation 52(6A)(b) and 52(6A)(c) of SEBI (Mutual Funds) Regulations, 1996 and Goods and Services Tax (GST) on investment and advisory fees as per applicable RATE.
A149: "# Additional Expenses not exceeding 0.30% in terms of Regulation 52(6A)(b) of SEBI (Mutual Funds) Regulations, 1996
A150: "$ Additional Expenses not exceeding 0.05% in terms of Regulation 52(6A)(c) of SEBI (Mutual Funds) Regulations, 1996.
A151: " ^ Present GST rate is 18 %.
... A171: LIC MF UNIT LINKED INSURANCE SCHEME: Mr. Dikshit Mittal, Mr. Karan Doshi and Mr. Pratik Shroff will be managing this scheme from 1st July, 2024.

Sheet Debt-Excl.Over,Liq,MM
A1: =Equity!A1 -> Dashboard as on 31/10/2024
A2: Scheme Name | B2: LIC MF Banking & PSU Fund (ERSTWHILE LIC MF Banking & PSU Bond Fund) | H2: LIC MF Gilt Fund (ERSTWHILE LIC MF Government Securities Fund) | N2: LIC MF Medium to Long Duration Fund (ERSTWHILE LIC MF Medium to Long Duration Bond Fund) | T2: LIC MF Short Duration Fund (ERSTWHILE LIC MF Short Term Debt Fund) | Z2: LIC MF Low Duration Fund (ERSTWHILE LIC MF Savings Fund) | AF2: LIC MF Ultra Short Duration Fund (ERSTWHILE LIC MF Ultra Short Term Fund)
A3: SEBI Code | B3: LICM/O/D/BPF/07/05/0013 | H3: LICM/O/D/GIL/99/09/0007 | N3: LICM/O/D/MLD/99/02/0006 | T3: LICM/O/D/SDF/18/07/0021 | Z3: LICM/O/D/LOW/03/02/0012 | AF3: LICM/O/D/USD/19/11/0024
A4: Date of Allotment - Regular | B4: 31.05.2007 | H4: 10.12.1999 | N4: 23.06.1999 | T4: 01.02.2019 | Z4: 09.06.2003 | AF4: 27.11.2019
A5: Date of Allotment - Direct | B5: 01.01.2013 | H5: 01.01.2013 | N5: 01.01.2013 | T5: 01.02.2019 | Z5: 01.01.2013 | AF5: 27.11.2019
A7: AUM (in Rs. crore) | B7: 1874.74 | H7: 92.51 | N7: 180.02 | T7: 109.13 | Z7: 1631.93 | AF7: 246.19
A9: Investment Objective | B9: The primary investment objective of the Scheme is to seek to generate income and capital appreciation by primarily investing in a portfolio of high quality debt and money market securities that are issued by banks, public sector undertakings, public financial institutions and Municipal Bonds. There is no assurance that the investment objective of the Scheme will be achieved. | H9: The primary objective of the scheme is to generate credit risk free and reasonable returns for its investors through investments in sovereign securities issued by the central and /or state Government and/or any security unconditionally guaranteed by the central/ state government for repayment of Principal and interest and/or reverse repos in such securities as and when permitted by RBI. There is no assurance that the investment objective of the Scheme will be achieved. | N9: LIC MF Medium to Long Duration Bond Fund is an open-ended debt scheme which will endeavor to generate an attractive return for its investors by investing in a portfolio is between 4 years and 7 years. There is no assurance that the investment objective of the Scheme will be achieved. | T9: The primary investment objective of the scheme is to generate returns commensurate with risk from a portfolio constituted of Debt securities and/or Money Market instruments. There is no assurance that the investment objective of the Scheme will be achieved. | Z9: The investment objective of the Scheme is to generate income by investing in a portfolio of quality short term debt securities. There is no assurance that the investment objective of the Scheme will be achieved. | AF9: The investment objective of the scheme is to generate returns through investment in Debt & Money Market instruments such that the Macaulay duration of the portfolio is between 3 months - 6 months. There is no assurance that the investment objective of the Scheme will be achieved.
A11: Fund Manager | B11: Mr. Marzban Irani (Debt - managing since 10/08/16) / Mr. Pratik Harish Shroff Debt - managing since 26/09/23) | H11: Mr. Marzban Irani Debt - managing since 10/08/16) & Mr. Pratik Harish Shroff Debt - managing since 26/09/23) | N11: Mr. Marzban Irani Debt - managing since 10/08/16) & Mr. Pratik Harish Shroff (Debt - managing since 26/09/23) | T11: Mr. Marzban Irani (Debt - managing since 01/02/19) & Mr. Pratik Harish Shroff (Debt - managing since 26/09/23) | Z11: Mr. Rahul Singh (Debt - managing since 07/09/15) | AF11: Mr. Rahul Singh (Debt - managing since 27/11/19)
A13: Total Expense Ratio
B14: Regular | E14: Direct | H14: Regular | K14: Direct | N14: Regular | Q14: Direct | T14: Regular | W14: Direct | Z14: Regular | AC14: Direct | AF14: Regular | AI14: Direct
A15: Base TER (%)@ | B15: 0.75 | E15: 0.25 | H15: 1.35 | K15: 0.62 | N15: 1.21 | Q15: 0.2 | T15: 1.29 | W15: 0.33 | Z15: 0.93 | AC15: 0.24 | AF15: 0.93 | AI15: 0.23
A16: Additional expense as per Regulation 52(6A)(b) (%)# | B16: 0 | E16: 0 | H16: 0 | K16: 0 | N16: 0 | Q16: 0 | T16: 0 | W16: 0 | Z16: 0 | AC16: 0 | AF16: 0 | AI16: 0
A17: Additional expense as per Regulation 52(6A)(c) (%)$ | B17: 0 | E17: 0 | H17: 0.05 | K17: 0.05 | N17: 0 | Q17: 0 | T17: 0 | W17: 0 | Z17: 0 | AC17: 0 | AF17: 0 | AI17: 0
A18: GST (%)^ | B18: 0.03 | E18: 0.03 | H18: 0.08 | K18: 0.08 | N18: 0.01 | Q18: 0.01 | T18: 0.04 | W18: 0.04 | Z18: 0.03 | AC18: 0.03 | AF18: 0.02 | AI18: 0.02
A19: Total TER (%) | B19: =SUM(B15:D18) -> 0.78 | E19: =SUM(E15:G18) -> 0.28 | H19: =SUM(H15:J18) -> 1.48 | K19: =SUM(K15:M18) -> 0.75 | N19: =SUM(N15:P18) -> 1.22 | Q19: =SUM(Q15:S18) -> 0.21 | T19: =SUM(T15:V18) -> 1.33 | W19: =SUM(W15:Y18) -> 0.37 | Z19: =SUM(Z15:AB18) -> 0.96 | AC19: =SUM(AC15:AE18) -> 0.27 | AF19: =SUM(AF15:AH18) -> 0.95 | AI19: =SUM(AI15:AK18) -> 0.25
A21: Portfolio (Top 10 Holdings) | B21: Name of the issuer | E21: % of Net Assets | H21: Name of the issuer | K21: % of Net Assets | N21: Name of the issuer | Q21: % of Net Assets | T21: Name of the issuer | W21: % of Net Assets | Z21: Name of the issuer | AC21: % of Net Assets | AF21: Name of the issuer | AI21: % of Net Assets
B22: Government Bond | E22: 9.8679 | H22: Government Bond | K22: 81.5198 | N22: State Government Bond | Q22: 58.7554 | T22: Government Bond | W22: 28.8548 | Z22: Small Industries Development Bk of India | AC22: 8.6705 | AF22: National Bk for Agriculture & Rural Dev. | AI22: 10.8215
B23: Power Finance Corporation Ltd. | E23: 9.7672 | H23: State Government Bond | K23: 16.5474 | N23: Government Bond | Q23: 27.0716 | T23: Export Import Bank of India | W23: 9.7248 | Z23: Government Treasury Bill | AC23: 7.5682 | AF23: Axis Bank Ltd. | AI23: 10.0172
B24: Small Industries Development Bk of India | E24: 9.1823 | N24: HDFC Bank Ltd. | Q24: 5.8225 | T24: Tata Capital Ltd. | W24: 4.9501 | Z24: National Bk for Agriculture & Rural Dev. | AC24: 6.3863 | AF24: Kotak Mahindra Bank Ltd. | AI24: 9.8026
B25: National Bk for Agriculture & Rural Dev. | E25: 7.7279 | N25: Jamnagar Utilities & Power Pvt. Ltd. | Q25: 5.5655 | T25: Bajaj Finance Ltd. | W25: 4.9314 | Z25: REC Ltd. | AC25: 6.3351 | AF25: Small Industries Development Bk of India | AI25: 9.7174
B26: REC Ltd. | E26: 7.1157 | N26: SBI Funds Management Ltd. | Q26: 0.2637 | T26: Small Industries Development Bk of India | W26: 4.9023 | Z26: Power Finance Corporation Ltd. | AC26: 6.2134 | AF26: ICICI Bank Ltd. | AI26: 9.6884
B27: Indian Railway Finance Corporation Ltd. | E27: 6.9174 | T27: Shriram Finance Ltd. | W27: 4.8217 | Z27: ICICI Securities Ltd. | AC27: 6.0354 | AF27: Time Technoplast Ltd. | AI27: 7.9305
B28: State Government Bond | E28: 6.7064 | T28: National Bk for Agriculture & Rural Dev. | W28: 4.7701 | Z28: Axis Bank Ltd. | AC28: 5.8249 | AF28: Punjab National Bank | AI28: 7.918
B29: National Housing Bank | E29: 5.505 | T29: Kotak Mahindra Prime Ltd. | W29: 4.7404 | Z29: Shriram Finance Ltd. | AC29: 4.8356 | AF29: Motilal Oswal Financial Services Ltd. | AI29: 6.0674
B30: Export Import Bank of India | E30: 4.2456 | T30: Bajaj Housing Finance Ltd. | W30: 4.7392 | Z30: Time Technoplast Ltd. | AC30: 4.825 | AF30: HDFC Securities Ltd. | AI30: 6.0544
B31: HDFC Bank Ltd. | E31: 3.8836 | T31: Power Finance Corporation Ltd. | W31: 4.6909 | Z31: Export Import Bank of India | AC31: 4.5073 | AF31: AU Small Finance Bank Ltd. | AI31: 5.6822
B34: Grand Total | E34: =SUM(E22:G33) -> 70.919 | H34: Grand Total | K34: =SUM(K22:M33) -> 98.0672 | N34: Grand Total | Q34: =SUM(Q22:S33) -> 97.4787 | T34: Grand Total | W34: =SUM(W22:Y33) -> 77.1257 | Z34: Total | AC34: =SUM(AC22:AE33) -> 61.2017 | AF34: Total | AI34: =SUM(AI22:AK33) -> 83.6996
A36: Asset Allocation | B36: Asset Allocation | E36: % of Net Assets | H36: Asset Allocation | K36: % of Net Assets | N36: Asset Allocation | Q36: % of Net Assets | T36: Asset Allocation | W36: % of Net Assets | Z36: Asset Allocation | AC36: % of Net Assets | AF36: Asset Allocation | AI36: % of Net Assets
B37: CORPORATE DEBT | E37: 74.347806 | H37: GOVERNMENT BOND AND TREASURY BILL | K37: 98.06794 | N37: GOVERNMENT BOND AND TREASURY BILL | Q37: 85.827161 | T37: CORPORATE DEBT | W37: 62.189417 | Z37: Money Market Instruments | AC37: 54.1402 | AF37: Money Market Instruments | AI37: 77.731305
B38: GOVERNMENT BOND AND TREASURY BILL | E38: 16.574625 | H38: Cash & Other Receivables | K38: 1.9320598 | N38: CORPORATE DEBT | Q38: 11.388106 | T38: GOVERNMENT BOND AND TREASURY BILL | W38: 28.854887 | Z38: CORPORATE DEBT | AC38: 34.651835 | AF38: CORPORATE DEBT | AI38: 10.821597
B39: Money Market Instruments | E39: 8.9406259 | N39: Cash & Other Receivables | Q39: 2.5209526 | T39: Money Market Instruments | W39: 4.389087 | Z39: GOVERNMENT BOND AND TREASURY BILL | AC39: 10.746697 | AF39: Cash & Other Receivables | AI39: 9.1265591
B40: Mutual Fund Units | E40: 0.19522887 | N40: Mutual Fund Units | Q40: 0.263781 | T40: Cash & Other Receivables | W40: 4.2221418 | Z40: Cash & Other Receivables | AC40: 0.28185488 | AF40: GOVERNMENT BOND AND TREASURY BILL | AI40: 2.0234821
B41: Cash & Other Receivables | E41: -0.058286007 | T41: Mutual Fund Units | W41: 0.34446696 | Z41: Mutual Fund Units | AC41: 0.17941299 | AF41: Mutual Fund Units | AI41: 0.29705733
B42: Grand Total | E42: =SUM(E37:G41) -> 100 | H42: Grand Total | K42: =SUM(K37:M41) -> 100 | N42: Grand Total | Q42: =SUM(Q37:S41) -> 100 | T42: Grand Total | W42: =SUM(W37:Y41) -> 100 | Z42: Grand Total | AC42: =SUM(AC37:AE41) -> 100 | AF42: Grand Total | AI42: =SUM(AI37:AK41) -> 100
A44: Scheme Past Performance | B44: Regular (Growth) | E44: Direct (Growth) | H44: Regular (Growth) | K44: Direct (Growth) | N44: Regular (Growth) | Q44: Direct (Growth) | T44: Regular (Growth) | W44: Direct (Growth) | Z44: Regular (Growth) | AC44: Direct (Growth) | AF44: Regular (Growth) | AI44: Direct (Growth)
B45: Scheme | C45: Scheme Benchmark | D45: Additional Benchmark | E45: Scheme | F45: Scheme Benchmark | G45: Additional Benchmark | H45: Scheme | I45: Scheme Benchmark | J45: Additional Benchmark | K45: Scheme | L45: Scheme Benchmark | M45: Additional Benchmark | N45: Scheme | O45: Scheme Benchmark | P45: Additional Benchmark | Q45: Scheme | R45: Scheme Benchmark | S45: Additional Benchmark | T45: Scheme | U45: Scheme Benchmark | V45: Additional Benchmark | W45: Scheme | X45: Scheme Benchmark | Y45: Additional Benchmark | Z45: Scheme | AA45: Scheme Benchmark | AB45: Additional Benchmark | AC45: Scheme | AD45: Scheme Benchmark | AE45: Additional Benchmark | AF45: Scheme | AG45: Scheme Benchmark | AH45: Additional Benchmark | AI45: Scheme | AJ45: Scheme Benchmark | AK45: Additional Benchmark
A46: 1 Year CAGR (%) | B46: 8.1488 | C46: 7.9004 | D46: 10.6714 | E46: 8.6909 | F46: 7.9004 | G46: 10.6714 | H46: 9.6158 | I46: 11.3447 | J46: 10.6714 | K46: 10.4186 | L46: 11.3447 | M46: 10.6714 | N46: 9.7082 | O46: 9.5274 | P46: 10.6714 | Q46: 10.8219 | R46: 9.5274 | S46: 10.6714 | T46: 7.788 | U46: 8.0803 | V46: 10.6714 | W46: 8.8315 | X46: 8.0803 | Y46: 10.6714 | Z46: 7.1266 | AA46: 7.7063 | AB46: 7.5428 | AC46: 7.8716 | AD46: 7.7063 | AE46: 7.5428 | AF46: 6.8186 | AG46: 7.6679 | AH46: 7.5428 | AI46: 7.5904 | AJ46: 7.6679 | AK46: 7.5428
A47: 3 Years CAGR (%) | B47: 5.5906 | C47: 5.548 | D47: 5.5941 | E47: 6.1494 | F47: 5.548 | G47: 5.5941 | H47: 5.3587 | I47: 6.6 | J47: 5.5941 | K47: 6.1224 | L47: 6.6 | M47: 5.5941 | N47: 5.8369 | O47: 5.7756 | P47: 5.5941 | Q47: 6.5802 | R47: 5.7756 | S47: 5.5941 | T47: 5.0045 | U47: 5.9486 | V47: 5.5941 | W47: 6.0449 | X47: 5.9486 | Y47: 5.5941 | Z47: 5.6319 | AA47: 6.3296 | AB47: 5.9654 | AC47: 6.2783 | AD47: 6.3296 | AE47: 5.9654 | AF47: 5.7123 | AG47: 6.4946 | AH47: 5.9654 | AI47: 6.1217 | AJ47: 6.4946 | AK47: 5.9654
A48: 5 Years CAGR (%) | B48: 5.6102 | C48: 6.1448 | D48: 5.4404 | E48: 6.1745 | F48: 6.1448 | G48: 5.4404 | H48: 5.7646 | I48: 6.7826 | J48: 5.4404 | K48: 6.5103 | L48: 6.7826 | M48: 5.4404 | N48: 5.6069 | O48: 6.8195 | P48: 5.4404 | Q48: 6.2576 | R48: 6.8195 | S48: 5.4404 | T48: 5.2517 | U48: 6.2874 | V48: 5.4404 | W48: 6.3245 | X48: 6.2874 | Y48: 5.4404 | Z48: 5.5993 | AA48: 6.0174 | AB48: 5.5222 | AC48: 6.2099 | AD48: 6.0174 | AE48: 5.5222 | AF48: NA | AG48: NA | AH48: NA | AI48: NA | AJ48: NA | AK48: NA
A49: Since Inception CAGR (%) | B49: 7.079 | C49: 7.7706 | D49: 6.619 | E49: 7.427 | F49: 7.413 | G49: 6.5381 | H49: 7.2513 | I49: NA | J49: NA | K49: 7.6682 | L49: 7.4716 | M49: 6.539 | N49: 7.8768 | O49: 9.0817 | P49: NA | Q49: 7.1818 | R49: 7.924 | S49: 6.539 | T49: 5.5383 | U49: 6.9178 | V49: 6.6172 | W49: 6.8289 | X49: 6.9178 | Y49: 6.6172 | Z49: 6.3932 | AA49: 7.053 | AB49: 5.9499 | AC49: 7.188 | AD49: 7.4959 | AE49: 6.4886 | AF49: 5.2445 | AG49: 5.8611 | AH49: 5.4936 | AI49: 5.5696 | AJ49: 5.8611 | AK49: 5.4936
A50: Current Value of Investment of Rs. 10,000 (1 Year ago) | B50: 10817 | C50: 10792 | D50: 11070 | E50: 10872 | F50: 10792 | G50: 11070 | H50: 10964 | I50: 11138 | J50: 11070 | K50: 11045 | L50: 11138 | M50: 11070 | N50: 10974 | O50: 10955 | P50: 11070 | Q50: 11085 | R50: 10955 | S50: 11070 | T50: 10781 | U50: 10810 | V50: 11070 | W50: 10886 | X50: 10810 | Y50: 11070 | Z50: 10715 | AA50: 10773 | AB50: 10756 | AC50: 10789 | AD50: 10773 | AE50: 10756 | AF50: 10684 | AG50: 10769 | AH50: 10756 | AI50: 10761 | AJ50: 10769 | AK50: 10756
A51: Current Value of Investment of Rs. 10,000 (3 Year ago) | B51: 11778 | C51: 11764 | D51: 11779 | E51: 11966 | F51: 11764 | G51: 11779 | H51: 11700 | I51: 12120 | J51: 11779 | K51: 11957 | L51: 12120 | M51: 11779 | N51: 11861 | O51: 11840 | P51: 11779 | Q51: 12113 | R51: 11840 | S51: 11779 | T51: 11582 | U51: 11898 | V51: 11779 | W51: 11931 | X51: 11898 | Y51: 11779 | Z51: 11792 | AA51: 12028 | AB51: 11904 | AC51: 12010 | AD51: 12028 | AE51: 11904 | AF51: 11819 | AG51: 12084 | AH51: 11904 | AI51: 11957 | AJ51: 12084 | AK51: 11904
A52: Current Value of Investment of Rs. 10,000 (5 Year ago) | B52: 13142 | C52: 13478 | D52: 13037 | E52: 13497 | F52: 13478 | G52: 13037 | H52: 13238 | I52: 13889 | J52: 13037 | K52: 13712 | L52: 13889 | M52: 13037 | N52: 13140 | O52: 13913 | P52: 13037 | Q52: 13550 | R52: 13913 | S52: 13037 | T52: 12920 | U52: 13569 | V52: 13037 | W52: 13593 | X52: 13569 | Y52: 13037 | Z52: 13135 | AA52: 13398 | AB52: 13087 | AC52: 13520 | AD52: 13398 | AE52: 13087 | AF52: NA | AG52: NA | AH52: NA | AI52: NA | AJ52: NA | AK52: NA
A53: Current Value of Investment of Rs. 10,000 (since inception) | B53: 32948 | C53: 36862 | D53: 30566 | E53: 23348 | F53: 23312 | G53: 21161 | H53: 57189 | I53: NA | J53: NA | K53: 23981 | L53: 23467 | M53: 21167 | N53: 68480 | O53: 90775 | P53: NA | Q53: 22729 | R53: 24664 | S53: 21167 | T53: 13634 | U53: 14691 | V53: 14455 | W53: 14621 | X53: 14691 | Y53: 14455 | Z53: 37692 | AA53: 43027 | AB53: 34469 | AC53: 22745 | AD53: 23530 | AE53: 21049 | AF53: 12867 | AG53: 13243 | AH53: 13018 | AI53: 13064 | AJ53: 13243 | AK53: 13018
A55: First Tier Benchmark Index | C55: NIFTY Banking & PSU Debt Index A-II | D55: CRISIL 10 Year Gilt Index | F55: NIFTY Banking & PSU Debt Index A-II | G55: CRISIL 10 Year Gilt Index | I55: NIFTY All Duration G-Sec Index | J55: Crisil 10 Year Gilt Index | L55: NIFTY All Duration G-Sec Index | M55: Crisil 10 Year Gilt Index | O55: CRISIL Medium to Long Duration Debt A-III Index | P55: Crisil 10 Year Gilt Index | R55: CRISIL Medium to Long Duration Debt A-III Index | S55: Crisil 10 Year Gilt Index | U55: CRISIL Short Duration Debt A-II Index | V55: Crisil 10 Year Gilt Index | X55: CRISIL Short Duration Debt A-II Index | Y55: Crisil 10 Year Gilt Index | AA55: CRISIL Low Duration Debt A-I Index | AB55: Crisil 1 Year T-Bill Index | AD55: CRISIL Low Duration Debt A-I Index | AE55: Crisil 1 Year T-Bill Index | AG55: CRISIL Ultra Short Duration Debt A-I Index | AH55: CRISIL 1 Year T-Bill Index | AJ55: CRISIL Ultra Short Duration Debt A-I Index | AK55: CRISIL 1 Year T-Bill Index
A56: NAV/ Index Value | B56: 32.948 | C56: 5337.39 | D56: 4802.062 | E56: 35.4159 | F56: =C56 -> 5337.39 | G56: =D56 -> 4802.062 | H56: 57.1892 | I56: 5088.56 | J56: =D56 -> 4802.062 | K56: 62.7075 | L56: =I56 -> 5088.56 | M56: =D56 -> 4802.062 | N56: 68.4796 | O56: 13989.614 | P56: =D56 -> 4802.062 | Q56: 73.3023 | R56: =O56 -> 13989.614 | S56: =P56 -> 4802.062 | T56: 13.8274 | U56: 4745.1365 | V56: =S56 -> 4802.062 | W56: 14.6753 | X56: =U56 -> 4745.1365 | Y56: =V56 -> 4802.062 | Z56: 37.692 | AA56: 7628.0939 | AB56: ='Debt-Over,Liq,MM'!S62 -> 7410.913 | AC56: 40.6796 | AD56: =AA56 -> 7628.0939 | AE56: =AB56 -> 7410.913 | AF56: 1263.4092 | AG56: 7713.6799 | AH56: =AE56 -> 7410.913 | AI56: 1284.9853 | AJ56: =AG56 -> 7713.6799 | AK56: =AH56 -> 7410.913
A57: Scheme Riskometer | B57: The product is suitable for investors who are seeking*
B58: :) Income for medium term capital appreciation with current income. | H58: :) Long term Capital Appreciation and current income | N58: :) Income Over Medium to long term | T58: :) Generation of reasonable returns over short to medium term. | Z58: :) Income for short term | AF58: :) Income over short term.
B59: :) An income fund that invests predominantly in debt and money market instruments issued by Banks, Public Sector Undertakings, Public Financial Institutions and Municipal Bonds. | H59: :) Investment in sovereign securities issued by Central / State Government | N59: :) To generate income/capital appreciation through investments in Debt / Money Market Instruments | T59: :) Investment in Debt securities and money market instruments. | Z59: :) A fund that focuses on low duration securities. | AF59: :) Investment in Debt & Money Market Instruments such that the Macaulay Duration of the portfolio is between 3 months- 6 months.
B60: :) Risk - Moderate | H60: :) Risk - Moderate | N60: :) Risk - Moderate | T60: :) Risk - Moderate | Z60: :) Risk - Low to Moderate | AF60: :) Risk - Moderate
B76: First Tier Benchmark - NIFTY Banking & PSU Debt Index A-II | H76: First Tier Benchmark - NIFTY All Duration G-Sec Index | N76: First Tier Benchmark - CRISIL Medium to Long Duration Debt A-III Index | T76: First Tier Benchmark - CRISIL Short Duration Debt A-II Index | Z76: First Tier Benchmark - CRISIL Low Duration Debt A-I Index | AF76: First Tier Benchmark - CRISIL Ultra Short Duration Debt A-I Index
A77: Benchmark Riskometer | B77: :) Risk - Low to Moderate | H77: :) Risk - Moderate | N77: :) Risk - Moderate | T77: :) Risk - Moderate | Z77: :) Risk - Low to Moderate | AF77: :) Risk - Low to Moderate
A93: Potential Risk Class (PRC) Matrix | B93: Potential Risk Class | H93: Potential Risk Class | N93: Potential Risk Class | T93: Potential Risk Class | Z93: Potential Risk Class | AF93: Potential Risk Class
B94: Credit Risk | D94: Relatively Low (Class A) | E94: Moderate (Class B) | F94: Relatively High (Class C) | H94: Credit Risk | J94: Relatively Low (Class A) | K94: Moderate (Class B) | L94: Relatively High (Class C) | N94: Credit Risk | P94: Relatively Low (Class A) | Q94: Moderate (Class B) | R94: Relatively High (Class C) | T94: Credit Risk | V94: Relatively Low (Class A) | W94: Moderate (Class B) | X94: Relatively High (Class C) | Z94: Credit Risk | AB94: Relatively Low (Class A) | AC94: Moderate (Class B) | AD94: Relatively High (Class C) | AF94: Credit Risk | AH94: Relatively Low (Class A) | AI94: Moderate (Class B) | AJ94: Relatively High (Class C)
B95: Interest Rate Risk | H95: Interest Rate Risk | N95: Interest Rate Risk | T95: Interest Rate Risk | Z95: Interest Rate Risk | AF95: Interest Rate Risk
B96: Relatively Low (Class I) | H96: Relatively Low (Class I) | N96: Relatively Low (Class I) | T96: Relatively Low (Class I) | Z96: Relatively Low (Class I) | AC96: B-I | AF96: Relatively Low (Class I) | AI96: B-I
B97: Scheme (%) | H97: Moderate (Class II) | N97: Moderate (Class II) | T97: Moderate (Class II) | W97: B-II | Z97: Moderate (Class II) | AF97: Moderate (Class II)
B98: Relatively High (Class III) | D98: A-III | H98: Relatively High (Class III) | J98: A-III | N98: Relatively High (Class III) | Q98: B-III | T98: Relatively High (Class III) | Z98: Relatively High (Class III) | AF98: Relatively High (Class III)
A102: Disclaimer :
A103: Mutual Fund Investments are subject to market risks, read all scheme related documents carefully.
A104: *Investors should consult their financial advisers if in doubt about whether the product is suitable for them.
A106: Notes:
A107: 1) All scheme returns are for growth option
A108: =Equity!A145 -> 2) All above data is as on 31/10/2024.
A109: 3)The performance of the scheme is benchmarked to the Total Return variant of the Index
A110: 4) Pursuant to paragraph 17.5 of SEBI Master Circular for Mutual Funds dated May 19, 2023, regarding Potential Risk Class (PRC) Matrix for debt schemes the PRC Matrix for debt schemes of LIC Mutual Fund has been given above.
A111: 5) The scheme performance IDBI MF schemes merged with LIC MF schemes herewith is a blended performance on weighted average, as per applicable guidelines of SEBI.
A112: "@ Base TER excludes additional expenses provided in Regulation 52(6A)(b) and 52(6A)(c) of SEBI (Mutual Funds) Regulations, 1996 and Goods and Services Tax (GST) on investment and advisory fees as per applicable RATE.
A113: "# Additional Expenses not exceeding 0.30% in terms of Regulation 52(6A)(b) of SEBI (Mutual Funds) Regulations, 1996
A114: "$ Additional Expenses not exceeding 0.05% in terms of Regulation 52(6A)(c) of SEBI (Mutual Funds) Regulations, 1996.
A115: " ^ Present GST rate is 18 %.
A116: Percentages mentioned above for TER are annualized
A117: Base TER of direct plan shall have a lower expense ratio excluding distribution expenses, commission, etc., and no commission shall be paid from such plans
A118: Please note that IDBI Credit Risk Fund has been merged in to LIC MF Medium to Long Duration Fund with effect from July 29, 2023. In line with paragraph 13.4.2 of SEBI Master Circular for Mutual Funds dated May 19, 2023, the details of past performance of IDBI Credit Risk Fund prior to merger is available on request of the Investor.
A121: With reference to SEBI’s letter no. SEBI/HO/ IMD/ IMD-SEC-3/ P/ OW/ 2023/ 5823/ 1 dated February 24, 2023, and AMFI Circular No. CIR/ ARN-23/ 2022-23 March 07, 2023, the B-30 incentive structure for new inflows has been kept in abeyance with effect from March 01, 2023 till the incentive structure is appropriately re-instated by SEBI with necessary safeguards.
A123: NA: Not Available. As the scheme was launched before the launch of the benchmark/additional benchmark index, benchmark/additional benchmark index figures since inception or the required period are not available.

Sheet Debt-Over,Liq,MM
A1: =Equity!A1 -> Dashboard as on 31/10/2024
A2: Scheme Name | B2: LIC MF Liquid Fund | H2: LIC MF Overnight Fund | N2: LIC MF Money Market Fund
A3: SEBI Code | B3: LICM/O/D/LIF/02/02/0009 | H3: LICM/O/D/ONF/19/06/0023 | N3: LICM/O/D/MMF/22/06/0026
A4: Date of Allotment - Regular | B4: 18.03.2002 | H4: 18.07.2019 | N4: 01.08.2022
A5: Date of Allotment - Direct | B5: 01.01.2013 | H5: 18.07.2019 | N5: 01.08.2022
A7: AUM (in Rs. crore) | B7: 10,690.10** | H7: 599.64 | N7: 23.97
A9: Investment Objective | B9: The investment objective of the Scheme will be to generate returns that correspond closely to the returns generated by LIC MF Gold Exchange Traded Fund (LIC MF Gold ETF). There is no assurance that the investment objective of the Scheme will be achieved. | H9: The Scheme aims to provide reasonable returns commensurate with low risk and providing a high level of liquidity, through investments made primarily in overnight securities having maturity/residual maturity of 1 business day. There is no assurance that the investment objective of the Scheme will be achieved. | N9: The investment objective of the scheme is to provide capital appreciation/ income to the investors from a dynamic mix of equity, debt and money market instruments. The Scheme seeks to reduce the volatility by diversifying the assets across equity, debt and money market instruments. There is no assurance that the investment objective of the Scheme will be achieved.
A11: Fund Manager | B11: Mr. Rahul Singh (Debt - managing since 05/10/2015) | H11: Mr. Rahul Singh (Debt - managing since 18/07/19) | N11: Mr. Rahul Singh (Debt - managing since 01/08/22)
A13: Total Expense Ratio
B14: Regular | E14: Direct | H14: Regular | K14: Direct | N14: Regular | Q14: Direct
A15: Base TER (%)@ | B15: 0.2 | E15: 0.15 | H15: 0.2 | K15: 0.07 | N15: 1 | Q15: 0.57
A16: Additional expense as per Regulation 52(6A)(b) (%)# | B16: 0 | E16: 0 | H16: 0 | K16: 0 | N16: 0 | Q16: 0
A17: Additional expense as per Regulation 52(6A)(c) (%)$ | B17: 0 | E17: 0 | H17: 0 | K17: 0 | N17: 0 | Q17: 0
A18: GST (%)^ | B18: 0.01 | E18: 0.01 | H18: 0 | K18: 0 | N18: 0.02 | Q18: 0.02
A19: Total TER (%) | B19: =SUM(B15:D18) -> 0.21 | E19: =SUM(E15:G18) -> 0.16 | H19: =SUM(H15:J18) -> 0.2 | K19: =SUM(K15:M18) -> 0.07 | N19: =SUM(N15:P18) -> 1.02 | Q19: =SUM(Q15:S18) -> 0.59
A21: Portfolio (Top 10 Holdings) | B21: Name of the issuer | E21: % of Net Assets | H21: Name of the issuer | K21: % of Net Assets | N21: Name of the issuer | Q21: % of Net Assets
B22: Government Treasury Bill | E22: 20.573 | H22: Punjab National Bank | K22: 8.3339 | N22: Government Treasury Bill | Q22: 20.0467
B23: Reliance Retail Ventures Ltd. | E23: 8.3656 | H23: Government Treasury Bill | K23: 4.9872 | N23: SBI Funds Management Ltd. | Q23: 0.8495
B24: Bank of Baroda | E24: 6.9701
B25: HDFC Securities Ltd. | E25: 5.5703
B26: HDFC Bank Ltd. | E26: 5.1075
B27: Canara Bank | E27: 5.1021
B28: Export Import Bank of India | E28: 4.1854
B29: Punjab National Bank | E29: 3.7185
B30: Reliance Jio Infocomm Ltd. | E30: 3.7151
B31: State Bank of India | E31: 3.7126
B34: Total | E34: =SUM(E22:G33) -> 67.0202 | H34: Total | K34: =SUM(K22:M33) -> 13.3211 | N34: Total | Q34: =SUM(Q22:S33) -> 20.8962
A36: Asset Allocation | B36: Asset Allocation | E36: % of Net Assets | H36: Asset Allocation | K36: % of Net Assets | N36: Asset Allocation | Q36: % of Net Assets
B37: Money Market Instruments | E37: 76.210837 | H37: Cash & Other Receivables | K37: 86.678582 | N37: Cash & Other Receivables | Q37: 79.103734
B38: GOVERNMENT BOND AND TREASURY BILL | E38: 20.57346 | H38: Money Market Instruments | K38: 8.3339942 | N38: GOVERNMENT BOND AND TREASURY BILL | Q38: 20.046703
B39: Cash & Other Receivables | E39: 2.9672968 | H39: GOVERNMENT BOND AND TREASURY BILL | K39: 4.9874238 | N39: Mutual Fund Units | Q39: 0.84956317
B40: Mutual Fund Units | E40: 0.24840649
B42: Grand Total | E42: =SUM(E37:G40) -> 100 | H42: Grand Total | K42: =SUM(K37:M41) -> 100 | N42: Grand Total | Q42: =SUM(Q37:S41) -> 100
A44: Scheme Past Performance | B44: Regular (Growth) | E44: Direct (Growth) | H44: Regular (Growth) | K44: Direct (Growth) | N44: Regular (Growth) | Q44: Direct (Growth)
B45: Scheme | C45: Scheme Benchmark | D45: Additional Benchmark | E45: Scheme | F45: Scheme Benchmark | G45: Additional Benchmark | H45: Scheme | I45: Scheme Benchmark | J45: Additional Benchmark | K45: Scheme | L45: Scheme Benchmark | M45: Additional Benchmark | N45: Scheme | O45: Scheme Benchmark | P45: Additional Benchmark | Q45: Scheme | R45: Scheme Benchmark | S45: Additional Benchmark
A46: 7 Days (%) | B46: 6.8459 | C46: 6.9088 | D46: 5.5454 | E46: 6.8965 | F46: 6.9088 | G46: 5.5454 | H46: 6.224 | I46: 6.4496 | J46: 5.5454 | K46: 6.3545 | L46: 6.4496 | M46: 5.5454 | N46: 5.0385 | O46: 6.5838 | P46: 5.5454 | Q46: 5.4659 | R46: 6.5838 | S46: 5.5454
A47: 15 Days (%) | B47: 6.6944 | C47: 6.7487 | D47: 5.3727 | E47: 6.7452 | F47: 6.7487 | G47: 5.3727 | H47: 6.2409 | I47: 6.4542 | J47: 5.3727 | K47: 6.3713 | L47: 6.4542 | M47: 5.3727 | N47: 5.1175 | O47: 6.7626 | P47: 5.3727 | Q47: 5.5474 | R47: 6.7626 | S47: 5.3727
A48: 30 Days (%) | B48: 6.8708 | C48: 6.8567 | D48: 5.7746 | E48: 6.9218 | F48: 6.8567 | G48: 5.7746 | H48: 6.1923 | I48: 6.3562 | J48: 5.7746 | K48: 6.323 | L48: 6.3562 | M48: 5.7746 | N48: 5.1787 | O48: 7.1311 | P48: 5.7746 | Q48: 5.6105 | R48: 7.1311 | S48: 5.7746
A49: 1 Year (%) | B49: 7.4048 | C49: 7.3406 | D49: 7.5428 | E49: 7.4589 | F49: 7.3406 | G49: 7.5428 | H49: 6.6065 | I49: 6.7714 | J49: 7.5428 | K49: 6.745 | L49: 6.7714 | M49: 7.5428 | N49: 6.1264 | O49: 7.6025 | P49: 7.5428 | Q49: 6.5865 | R49: 7.6025 | S49: 7.5428
A50: 3 Years (%) | B50: 6.1619 | C50: 6.2769 | D50: 5.9691 | E50: 6.265 | F50: 6.2769 | G50: 5.9691 | H50: 5.716 | I50: 5.8953 | J50: 5.9691 | K50: 5.8534 | L50: 5.8953 | M50: 5.9691 | N50: NA | O50: NA | P50: NA | Q50: NA | R50: NA | S50: NA
A51: 5 Years (%) | B51: 5.2704 | C51: 5.3535 | D51: 5.5222 | E51: 5.3751 | F51: 5.3535 | G51: 5.5222 | H51: 4.7426 | I51: 4.9202 | J51: 5.5222 | K51: 4.8788 | L51: 4.9202 | M51: 5.5222 | N51: NA | O51: NA | P51: NA | Q51: NA | R51: NA | S51: NA
A52: Since Inception (%) | B52: 6.9131 | C52: NA | D52: 5.9763 | E52: 6.8589 | F52: 6.7507 | G52: 6.4886 | H52: 4.7749 | I52: 4.9427 | J52: 5.6418 | K52: 4.9112 | L52: 4.9427 | M52: 5.6418 | N52: 5.9264 | O52: 7.1781 | P52: 6.8892 | Q52: 6.3853 | R52: 7.1781 | S52: 6.8892
A53: Current Value of Investment of Rs. 10,000 (7 Day Ago) | B53: 10013 | C53: 10013 | D53: 10011 | E53: 10013 | F53: 10013 | G53: 10011 | H53: 10012 | I53: 10012 | J53: 10011 | K53: 10012 | L53: 10012 | M53: 10011 | N53: 10010 | O53: 10013 | P53: 10011 | Q53: 10010 | R53: 10013 | S53: 10011
A54: Current Value of Investment of Rs. 10,000 (15 Day Ago) | B54: 10028 | C54: 10028 | D54: 10022 | E54: 10028 | F54: 10028 | G54: 10022 | H54: 10026 | I54: 10027 | J54: 10022 | K54: 10026 | L54: 10027 | M54: 10022 | N54: 10021 | O54: 10028 | P54: 10022 | Q54: 10023 | R54: 10028 | S54: 10022
A55: Current Value of Investment of Rs. 10,000 (30 Day Ago) | B55: 10055 | C55: 10055 | D55: 10046 | E55: 10055 | F55: 10055 | G55: 10046 | H55: 10050 | I55: 10051 | J55: 10046 | K55: 10051 | L55: 10051 | M55: 10046 | N55: 10042 | O55: 10057 | P55: 10046 | Q55: 10045 | R55: 10057 | S55: 10046
A56: Current Value of Investment of Rs. 10,000 (1 Year ago) | B56: 10743 | C56: 10736 | D56: 10756 | E56: 10748 | F56: 10736 | G56: 10756 | H56: 10663 | I56: 10679 | J56: 10756 | K56: 10676 | L56: 10679 | M56: 10756 | N56: 10614 | O56: 10762 | P56: 10756 | Q56: 10661 | R56: 10762 | S56: 10756
A57: Current Value of Investment of Rs. 10,000 (3 Year ago) | B57: 11967 | C57: 12006 | D57: 11902 | E57: 12002 | F57: 12006 | G57: 11902 | H57: 11816 | I57: 11880 | J57: 11902 | K57: 11863 | L57: 11880 | M57: 11902 | N57: NA | O57: NA | P57: NA | Q57: NA | R57: NA | S57: NA
A58: Current Value of Investment of Rs. 10,000 (5 Year ago) | B58: 12932 | C58: 12983 | D58: 13087 | E58: 12996 | F58: 12983 | G58: 13087 | H58: 12610 | I58: 12718 | J58: 13087 | K58: 12693 | L58: 12718 | M58: 13087 | N58: NA | O58: NA | P58: NA | Q58: NA | R58: NA | S58: NA
A59: Current Value of Investment of Rs. 10,000 (since inception) | B59: 45416 | C59: NA | D59: 37212 | E59: 21932 | F59: 21670 | G59: 21049 | H59: 12800 | I59: 12909 | J59: 13371 | K59: 12889 | L59: 12909 | M59: 13371 | N59: 11384 | O59: 11690 | P59: 11619 | Q59: 11496 | R59: 11690 | S59: 11619
A61: First Tier Benchmark Index | C61: CRISIL Liquid Debt A-I Index | D61: Crisil 1 Year T-Bill Index | F61: =+C61 -> CRISIL Liquid Debt A-I Index | G61: Crisil 1 Year T-Bill Index | I61: NIFTY 1D Rate Index | J61: CRISIL 1 Year T-Bill Index | L61: NIFTY 1D Rate Index | M61: CRISIL 1 Year T-Bill Index | O61: NIFTY Money Market Index A-I | P61: CRISIL 1 Year T-Bill Index | R61: NIFTY Money Market Index A-I | S61: CRISIL 1 Year T-Bill Index
A62: NAV/ Index Value | B62: 4511.9351 | C62: 4134.7792 | D62: 7410.913 | E62: 4572.1134 | F62: =C62 -> 4134.7792 | G62: =D62 -> 7410.913 | H62: 1280.0408 | I62: 2347.47 | J62: =+D62 -> 7410.913 | K62: 1288.8806 | L62: =I62 -> 2347.47 | M62: =J62 -> 7410.913 | N62: 1138.4411 | O62: 4892.73 | P62: =M62 -> 7410.913 | Q62: 1149.5785 | R62: =O62 -> 4892.73 | S62: =P62 -> 7410.913
A63: Scheme Riskometer | B63: The product is suitable for investors who are seeking*
B64: :) Income for short term | H64: :) Income with high levels of safety and liquidity over short term. | N64: :) Income over short term.
B65: :) Investment in Debt/Money Market Instruments with maturity of upto 91 days. | H65: :) Investment in debt and money market instruments with overnight maturity. | N65: :) Investment in money market instruments with maturity upto one year.
B66: :) Risk - Low to Moderate | H66: :) Risk - Low | N66: :) Risk - Low
A82: Benchmark Riskometer | B82: First Tier Benchmark - CRISIL Liquid Debt A-I Index | H82: First Tier Benchmark - NIFTY 1D Rate Index | N82: First Tier Benchmark - NIFTY Money Market Index A-I
B83: :) Risk - Low to Moderate | H83: :) Risk - Low | N83: :) Risk - Low to Moderate
A99: Potential Risk Class (PRC) Matrix | B99: Potential Risk Class | H99: Potential Risk Class | N99: Potential Risk Class
B100: Credit Risk | D100: Relatively Low (Class A) | E100: Moderate (Class B) | F100: Relatively High (Class C) | H100: Credit Risk | J100: Relatively Low (Class A) | K100: Moderate (Class B) | L100: Relatively High (Class C) | N100: Credit Risk | P100: Relatively Low (Class A) | Q100: Moderate (Class B) | R100: Relatively High (Class C)
B101: Interest Rate Risk | H101: Interest Rate Risk | N101: Interest Rate Risk
B102: Relatively Low (Class I) | E102: B-I | H102: Relatively Low (Class I) | J102: A-I | N102: Relatively Low (Class I) | Q102: B-I
B103: Moderate (Class II) | H103: Moderate (Class II) | N103: Moderate (Class II)
B104: Relatively High (Class III) | H104: Relatively High (Class III) | N104: Relatively High (Class III)
A107: Disclaimer :
A108: Mutual Fund Investments are subject to market risks, read all scheme related documents carefully.
A109: *Investors should consult their financial advisers if in doubt about whether the product is suitable for them.
A111: Notes:
A112: 1) All scheme returns are for growth option
A113: ='Debt-Excl.Over,Liq,MM'!A108 -> 2) All above data is as on 31/10/2024.
A114: 3)The performance of the scheme is benchmarked to the Total Return variant of the Index
A115: 4) Pursuant to paragraph 17.5 of SEBI Master Circular for Mutual Funds dated May 19, 2023, pertaining to Potential Risk Class (PRC) Matrix, the PRC Matrix for debt schemes of LIC Mutual Fund has been given above.
A116: 5)The scheme performance IDBI MF schemes merged with LIC MF schemes herewith is a blended performance on weighted average, as per applicable guidelines of SEBI.
A117: "@ Base TER excludes additional expenses provided in Regulation 52(6A)(b) and 52(6A)(c) of SEBI (Mutual Funds) Regulations, 1996 and Goods and Services Tax (GST) on investment and advisory fees as per applicable RATE.
A118: "# Additional Expenses not exceeding 0.30% in terms of Regulation 52(6A)(b) of SEBI (Mutual Funds) Regulations, 1996
A119: "$ Additional Expenses not exceeding 0.05% in terms of Regulation 52(6A)(c) of SEBI (Mutual Funds) Regulations, 1996.
A120: " ^ Present GST rate is 18 %.
A121: LIC MF LIQUID FUND: ** The AUM of the scheme include investments made by other Schemes of LIC Mutual Fund aggregating to Rs. 53.15 Crore.
A122: Percentages mentioned above for TER are annualized
A123: Base TER of direct plan shall have a lower expense ratio excluding distribution expenses, commission, etc., and no commission shall be paid from such plans
A125: With reference to SEBI’s letter no. SEBI/HO/ IMD/ IMD-SEC-3/ P/ OW/ 2023/ 5823/ 1 dated February 24, 2023, and AMFI Circular No. CIR/ ARN-23/ 2022-23 March 07, 2023, the B-30 incentive structure for new inflows has been kept in abeyance with effect from March 01, 2023 till the incentive structure is appropriately re-instated by SEBI with necessary safeguards.
A127: NA: Not Available. As the scheme was launched before the launch of the benchmark/additional benchmark index, benchmark/additional benchmark index figures since inception or the required period are not available.

Sheet Hybrid
A1: Dashboard as on 31/10/2024
A2: Scheme Name | B2: LIC MF Aggressive Hybrid Fund (ERSTWHILE LIC MF Equity Hybrid Fund) | H2: LIC MF Arbitrage Fund | N2: LIC MF Balanced Advantage Fund | T2: LIC MF Conservative Hybrid Fund (ERSTWHILE LIC MF Debt Hybrid Fund) | Z2: LIC MF Equity Savings Fund (ERSTWHILE IDBI EQUITY SAVINGS FUND)
A3: SEBI Code | B3: LICM/O/H/AHF/91/01/0001 | H3: LICM/O/H/ARB/18/08/0022 | N3: LICM/O/H/BAF/21/10/0025 | T3: LICM/O/H/CHF/98/04/0005 | Z3: LICM/O/H/ESF/10/11/0005
A4: Date of Allotment - Regular | B4: 01.01.1991 | H4: 25.01.2019 | N4: 12.11.2021 | T4: 01.06.1998 | Z4: 07.03.2011
A5: Date of Allotment - Direct | B5: 01.01.2013 | H5: 25.01.2019 | N5: 12.11.2021 | T5: 01.01.2013 | Z5: 01.01.2013
A7: AUM (in Rs. crore) | B7: 535.08 | H7: 206.21 | N7: 791.3 | T7: 50.19 | Z7: 20.26
A10: Investment Objective | B10: An open ended balanced scheme which seeks to provide regular returns and capital appreciation according to the selection of plan by investing in equities and debt. There is no assurance that the investment objective of the Scheme will be achieved. | H10: The investment objective of the scheme is to generate income by taking advantage of arbitrage opportunities that potentially exists between cash and derivative market and within the derivative segment of the equity market along with investments in debt securities & money market instruments. There is no assurance that the investment objective of the Scheme will be achieved. | N10: The investment objective of the scheme is to provide capital appreciation/ income to the investors from a dynamic mix of equity, debt and money market instruments. The Scheme seeks to reduce the volatility by diversifying the assets across equity, debt and money market instruments. There is no assurance that the investment objective of the Scheme will be achieved. | T10: The investment objective of the Scheme is to generate regular income by investing mainly in a portfolio of quality debt securities and money market instruments. It also seeks to generate capital appreciation by investing some percentage in a mix of equity instruments. There is no assurance that the investment objective of the Scheme will be achieved. | Z10: The investment objective of the Scheme is to generate regular income by investing in Debt and money market instruments and using arbitrage and other derivative strategies. The Scheme also intends to generate long capital appreciation through unhedged exposure to equity and equity related instruments. There is no assurance that the investment objective of the Scheme will be achieved.
A12: Fund Manager | B12: Mr. Karan Doshi (Equity - managing since 06/09/21) / Mr. Sumit Bhatnagar (Equity - managing since 01/07/24) & Mr. Pratik Harish Shroff (Debt - managing since 26/09/23) | H12: Mr. Sumit Bhatnagar (Equity - managing since 03/10/2023) & Mr. Pratik Harish Shroff (Debt - managing since 26/09/23) | N12: Mr. Jaiprakash Toshniwal (Equity - managing since 06/06/22) / Mr. Yogesh Patil (Equity - managing since 12/11/21) & Mr. Rahul Singh (Debt - managing since 12/11/21) | T12: Mr. Pratik Harish Shroff (Debt - managing since 26/09/23) & Mr. Nikhil Rungta (Equity - managing since 01/07/24) | Z12: Mr. Sumit Bhatnagar (Equity - managing since 3/10/23) & Mr. Pratik Harish Shroff (Debt - managing since 26/09/23)
A14: Annual Portfolio Turnover Ratio (in times) | B14: 0.548542 | H14: 2.870851 | N14: 0.485241 | T14: 0.015305 | Z14: 0.662074
A16: Total Expense Ratio
B17: Regular | E17: Direct | H17: Regular | K17: Direct | N17: Regular | Q17: Direct | T17: Regular | W17: Direct | Z17: Regular | AC17: Direct
A18: Base TER (%)@ | B18: 2.22 | E18: 1.16 | H18: 0.99 | K18: 0.34 | N18: 2.14 | Q18: 0.64 | T18: 2 | W18: 1.02 | Z18: 1.85 | AC18: 0.85
A19: Additional expense as per Regulation 52(6A)(b) (%)# | B19: 0 | E19: 0 | H19: 0 | K19: 0 | N19: 0 | Q19: 0 | T19: 0 | W19: 0 | Z19: 0 | AC19: 0
A20: Additional expense as per Regulation 52(6A)(c) (%)$ | B20: 0.05 | E20: 0.05 | H20: 0 | K20: 0 | N20: 0.05 | Q20: 0.05 | T20: 0.05 | W20: 0.05 | Z20: 0.05 | AC20: 0.05
A21: GST (%)^ | B21: 0.19 | E21: 0.19 | H21: 0 | K21: 0 | N21: 0.09 | Q21: 0.09 | T21: 0.2 | W21: 0.15 | Z21: 0.14 | AC21: 0.13
A22: Total TER (%) | B22: =SUM(B18:D21) -> 2.46 | E22: =SUM(E18:G21) -> 1.4 | H22: =SUM(H18:J21) -> 0.99 | K22: =SUM(K18:M21) -> 0.34 | N22: =SUM(N18:P21) -> 2.28 | Q22: =SUM(Q18:S21) -> 0.78 | T22: =SUM(T18:V21) -> 2.25 | W22: =SUM(W18:Y21) -> 1.22 | Z22: =SUM(Z18:AB21) -> 2.04 | AC22: =SUM(AC18:AE21) -> 1.03
A24: Portfolio (Top 10 Holdings) | B24: Name of the issuer | E24: % of Net Assets | H24: Name of the issuer | K24: % of Net Assets | N24: Name of the issuer | Q24: % of Net Assets | T24: Name of the issuer | W24: % of Net Assets | Z24: Name of the issuer | AC24: % of Net Assets
B25: Government Bond | E25: 7.5635 | H25: LIC Mutual Fund | K25: 24.7198 | N25: HDFC Bank Ltd. | Q25: 13.3226 | T25: Government Bond | W25: 53.8221 | Z25: LIC Mutual Fund | AC25: 10.765
B26: State Government Bond | E26: 7.4411 | H26: Reliance Industries Ltd. | K26: 5.2968 | N26: Government Bond | Q26: 11.22 | T26: State Government Bond | W26: 22.8547 | Z26: Tata Consultancy Services Ltd. | AC26: 4.1123
B27: HDFC Bank Ltd. | E27: 5.8556 | H27: Bharat Heavy Electricals Ltd. | K27: 3.4986 | N27: Jamnagar Utilities & Power Pvt. Ltd. | Q27: 6.3308 | T27: ICICI Bank Ltd. | W27: 6.0593 | Z27: Tata Steel Ltd. | AC27: 3.6287
B28: ICICI Bank Ltd. | E28: 4.6617 | H28: Bharat Electronics Ltd. | K28: 3.1499 | N28: Infosys Ltd. | Q28: 5.0257 | T28: Infosys Ltd. | W28: 3.7315 | Z28: Bank of Baroda | AC28: 3.6223
B29: Reliance Industries Ltd. | E29: 3.4477 | H29: GMR Airports Infrastructure Ltd. | K29: 2.8992 | N29: ICICI Bank Ltd. | Q29: 4.9752 | T29: HDFC Bank Ltd. | W29: 3.3524 | Z29: Infosys Ltd. | AC29: 3.1216
B30: Infosys Ltd. | E30: 3.2516 | H30: HDFC Asset Management Company Ltd. | K30: 2.627 | N30: Reliance Industries Ltd. | Q30: 4.3179 | T30: Hindustan Unilever Ltd. | W30: 2.1527 | Z30: Hindustan Unilever Ltd. | AC30: 2.9942
B31: Larsen & Toubro Ltd. | E31: 2.9553 | H31: DLF Ltd. | K31: 2.5911 | N31: Tata Consultancy Services Ltd. | Q31: 4.1558 | T31: Mahindra & Mahindra Ltd. | W31: 1.8123 | Z31: Ultratech Cement Ltd. | AC31: 2.7302
B32: Piramal Pharma Ltd. | E32: 2.6098 | H32: Shriram Finance Ltd. | K32: 2.5307 | N32: Mahindra & Mahindra Ltd. | Q32: 3.2344 | T32: Nestle India Ltd. | W32: 1.7267 | Z32: National Aluminium Company Ltd. | AC32: 2.5239
B33: Trent Ltd. | E33: 2.6051 | H33: Tata Power Company Ltd. | K33: 2.3046 | N33: ITC Ltd. | Q33: 3.1331 | T33: Reliance Industries Ltd. | W33: 1.2387 | Z33: HDFC Bank Ltd. | AC33: 2.3125
B34: Sansera Engineering Ltd. | E34: 2.3004 | H34: State Bank of India | K34: 2.2969 | N34: State Bank of India | Q34: 2.7505 | T34: SBI Funds Management Ltd. | W34: 0.3267 | Z34: Ashok Leyland Ltd. | AC34: 2.0545
B37: Grand Total | E37: =SUM(E25:G36) -> 42.6918 | H37: Grand Total | K37: =SUM(K25:M36) -> 51.9146 | N37: Grand Total | Q37: =SUM(Q25:S36) -> 58.466 | T37: Grand Total | W37: =SUM(W25:Y36) -> 97.0771 | Z37: Grand Total | AC37: =SUM(AC25:AE36) -> 37.8652
A39: Asset Allocation | B39: Asset Allocation | E39: % of Net Assets | H39: Asset Allocation | K39: % of Net Assets | N39: Asset Allocation | Q39: % of Net Assets | T39: Asset Allocation | W39: % of Net Assets | Z39: Asset Allocation | AC39: % of Net Assets
B40: Equity Holdings | E40: 76.872776 | H40: Cash & Other Receivables | I40: 0.73662666 | J40: Cash & Other Receivables | K40: 73.348799 | N40: Equity Holdings | Q40: 74.149383 | T40: GOVERNMENT BOND AND TREASURY BILL | W40: 76.67713 | Z40: Equity Holdings | AC40: 70.663357
B41: GOVERNMENT BOND AND TREASURY BILL | E41: 15.005273 | H41: Equity Holdings | I41: 0.67773942 | J41: Equity Holdings | K41: 70.886983 | N41: Cash & Other Receivables | Q41: 26.497313 | T41: Equity Holdings | W41: 20.074003 | Z41: Cash & Other Receivables | AC41: 49.935744
B42: CORPORATE DEBT | E42: 6.8009988 | H42: Mutual Fund Units | I42: 0.26648179 | J42: Mutual Fund Units | K42: 24.719869 | N42: GOVERNMENT BOND AND TREASURY BILL | Q42: 12.684465 | T42: Cash & Other Receivables | W42: 2.8717658 | Z42: Mutual Fund Units | AC42: 10.76502
B43: Cash & Other Receivables | E43: 1.3209531 | H43: CORPORATE DEBT | K43: 2.5307838 | N43: CORPORATE DEBT | Q43: 9.642366 | T43: Mutual Fund Units | W43: 0.32675684 | Z43: CORPORATE DEBT | AC43: 0.17550358
H44: FUTURES AND OPTIONS | K44: -71.486435 | N44: FUTURES AND OPTIONS | Q44: -22.973526 | T44: CORPORATE DEBT | W44: 0.050344833 | Z44: FUTURES AND OPTIONS | AC44: -31.539625
T45: Grand Total | W45: =SUM(W40:Y44) -> 100
B46: Grand Total | E46: =SUM(E40:G44) -> 100 | H46: Grand Total | K46: =SUM(K40:M44) -> 100 | N46: Grand Total | Q46: =SUM(Q40:S45) -> 100 | Z46: Grand Total | AC46: =SUM(AC40:AE44) -> 100
A48: Sectoral Allocation | B48: Sector/Industry | E48: % of Net Assets | H48: Sector/Industry | K48: % of Net Assets | N48: Sector/Industry | Q48: % of Net Assets | T48: Sector/Industry | W48: % of Net Assets | Z48: Sector/Industry | AC48: % of Net Assets
B49: Government of India | E49: 15.0046 | H49: Mutual Fund Units | K49: 24.7198 | N49: Banks | Q49: 26.7059 | T49: Government of India | W49: 76.6768 | Z49: Banks | AC49: 12.2702
B50: Banks | E50: 14.6237 | H50: Banks | K50: 15.0218 | N50: Government of India | Q50: 12.6843 | T50: Banks | W50: 9.4117 | Z50: Mutual Fund Units | AC50: 10.765
B51: IT - Software | E51: 7.8164 | H51: Capital Markets | K51: 5.8979 | N51: IT - Software | Q51: 11.567 | T51: IT - Software | W51: 3.7315 | Z51: IT - Software | AC51: 7.9586
B52: Electrical Equipment | E52: 5.4818 | H52: Petroleum Products | K52: 5.6531 | N52: Power | Q52: 8.8582 | T52: Diversified FMCG | W52: 2.1527 | Z52: Pharmaceuticals & Biotechnology | AC52: 4.1422
B53: Auto Components | E53: 5.1613 | H53: Automobiles | K53: 5.2385 | N53: Automobiles | Q53: 5.5006 | T53: Automobiles | W53: 1.8123 | Z53: Industrial Manufacturing | AC53: 3.9413
B54: Retailing | E54: 4.6354 | H54: Finance | K54: 4.9922 | N54: Industrial Products | Q54: 5.2266 | T54: Food Products | W54: 1.7267 | Z54: Industrial Products | AC54: 3.8434
B55: Power | E55: 4.3104 | H55: Non - Ferrous Metals | K55: 3.6115 | N55: Petroleum Products | Q55: 4.3179 | T55: Petroleum Products | W55: 1.2387 | Z55: Ferrous Metals | AC55: 3.6287
B56: Construction | E56: 4.2395 | H56: IT - Software | K56: 3.5658 | N56: Diversified FMCG | Q56: 3.526 | T56: Mutual Fund Units | W56: 0.3267 | Z56: Cement & Cement Products | AC56: 3.4711
B57: Finance | E57: 4.2078 | H57: Electrical Equipment | K57: 3.5493 | N57: Pharmaceuticals & Biotechnology | Q57: 3.1313 | T57: Power | W57: 0.0503 | Z57: Diversified FMCG | AC57: 2.9942
B58: Pharmaceuticals & Biotechnology | E58: 4.1623 | H58: Aerospace & Defense | K58: 3.1499 | N58: Finance | Q58: 2.9919 | Z58: Finance | AC58: 2.9328
B59: Automobiles | E59: 3.8242 | H59: Transport Infrastructure | K59: 2.8992 | N59: Chemicals & Petrochemicals | Q59: 1.7832 | Z59: Construction | AC59: 2.8833
B60: Industrial Products | E60: 3.7777 | H60: Realty | K60: 2.5911 | N60: Cement & Cement Products | Q60: 1.366 | Z60: Automobiles | AC60: 2.7103
B61: Diversified FMCG | E61: 3.4689 | H61: Power | K61: 2.3046 | N61: Aerospace & Defense | Q61: 1.2401 | Z61: Non - Ferrous Metals | AC61: 2.5239
B62: Petroleum Products | E62: 3.4477 | H62: Auto Components | K62: 2.0986 | N62: Construction | Q62: 1.2091 | Z62: Electrical Equipment | AC62: 2.073
B63: Consumer Durables | E63: 2.2817 | H63: Consumer Durables | K63: 1.9696 | N63: Agricultural Food & other Products | Q63: 0.9413 | Z63: Agricultural, Commercial & Construction Vehicles | AC63: 2.0545
B64: Realty | E64: 1.6954 | H64: Minerals & Mining | K64: 1.8398 | N64: Media | Q64: 0.8716 | Z64: Power | AC64: 1.8883
B65: Aerospace & Defense | E65: 1.3212 | H65: Telecom - Services | K65: 1.8201 | N65: Non - Ferrous Metals | Q65: 0.7737 | Z65: Consumer Durables | AC65: 1.6369
B66: Food Products | E66: 1.2206 | H66: Ferrous Metals | K66: 1.466 | N66: Industrial Manufacturing | Q66: 0.7116 | Z66: Agricultural Food & other Products | AC66: 1.5216
B67: Beverages | E67: 1.1938 | H67: Pharmaceuticals & Biotechnology | K67: 1.4149 | N67: Auto Components | Q67: 0.621 | Z67: Beverages | AC67: 1.3108
B68: Chemicals & Petrochemicals | E68: 1.1584 | H68: Transport Services | K68: 0.9842 | N68: Telecom - Services | Q68: 0.5229 | Z68: Petroleum Products | AC68: 1.2449
B69: Industrial Manufacturing | E69: 1.1218 | H69: Construction | K69: 0.6587 | N69: Personal Products | Q69: 0.5107 | Z69: Aerospace & Defense | AC69: 1.0886
... B74: IT - Services | E74: 0.4674 | H74: Cement & Cement Products | K74: 0.2417 | N74: Insurance | Q74: 0.086 | Z74: Transport Services | AC74: 0.508
H75: Fertilizers & Agrochemicals | K75: 0.2094 | Z75: Realty | AC75: 0.4986
H76: Oil | K76: 0.1739 | Z76: Retailing | AC76: 0.2864
B90: Grand Total | E90: =SUM(E49:G89) -> 98.6754 | H90: Grand Total | K90: =SUM(K49:M89) -> 98.1343 | N90: Grand Total | Q90: =SUM(Q49:S89) -> 96.4726 | T90: Grand Total | W90: =SUM(W49:Y89) -> 97.1274 | Z90: Grand Total | AC90: =SUM(AC49:AE89) -> 81.6009
A92: Scheme Past Performance | B92: Regular (Growth) | E92: Direct (Growth) | H92: Regular (Growth) | K92: Direct (Growth) | N92: Regular (Growth) | Q92: Direct (Growth) | T92: Regular (Growth) | W92: Direct (Growth) | Z92: Regular (Growth) | AC92: Direct (Growth)
B93: Scheme | C93: Scheme Benchmark | D93: Additional Benchmark ** | E93: Scheme | F93: Scheme Benchmark | G93: Additional Benchmark ** | H93: Scheme | I93: Scheme Benchmark | J93: Additional Benchmark | K93: Scheme | L93: Scheme Benchmark | M93: Additional Benchmark | N93: Scheme | O93: Scheme Benchmark | P93: Additional Benchmark | Q93: Scheme | R93: Scheme Benchmark | S93: Additional Benchmark | T93: Scheme | U93: Scheme Benchmark | V93: Additional Benchmark | W93: Scheme | X93: Scheme Benchmark | Y93: Additional Benchmark | Z93: Scheme | AA93: Scheme Benchmark | AB93: Additional Benchmark | AC93: Scheme | AD93: Scheme Benchmark | AE93: Additional Benchmark
A94: 1 Year (%) | B94: 29.8697 | C94: 25.5686 | D94: 28.3011 | E94: 31.273 | F94: 25.5686 | G94: 28.3011 | H94: 6.8877 | I94: 7.1625 | J94: 7.5428 | K94: 7.595 | L94: 7.1625 | M94: 7.5428 | N94: 18.957 | O94: 18.7539 | P94: 28.3011 | Q94: 20.9246 | R94: 18.7539 | S94: 28.3011 | T94: 11.1519 | U94: 13.2132 | V94: 10.6714 | W94: 12.2796 | X94: 13.2132 | Y94: 10.6714 | Z94: 14.6317 | AA94: 14.9048 | AB94: 10.6714 | AC94: 15.7866 | AD94: 14.9048 | AE94: 10.6714
A95: 3 Years (%) | B95: 11.1168 | C95: 11.8887 | D95: 12.3499 | E95: 12.4577 | F95: 11.8887 | G95: 12.3499 | H95: 5.7222 | I95: 6.2424 | J95: 5.9654 | K95: 6.5051 | L95: 6.2424 | M95: 5.9654 | N95: NA | O95: NA | P95: NA | Q95: NA | R95: NA | S95: NA | T95: 5.262 | U95: 7.4594 | V95: 5.5941 | W95: 6.2568 | X95: 7.4594 | Y95: 5.5941 | Z95: 7.4981 | AA95: 8.5552 | AB95: 5.5941 | AC95: 8.5529 | AD95: 8.5552 | AE95: 5.5941
A96: 5 Years (%) | B96: 13.0026 | C96: 15.1043 | D96: 16.6124 | E96: 13.564 | F96: 15.1043 | G96: 16.6124 | H96: 4.7928 | I96: 5.0406 | J96: 5.5222 | K96: 5.5287 | L96: 5.0406 | M96: 5.5222 | N96: NA | O96: NA | P96: NA | Q96: NA | R96: NA | S96: NA | T96: 6.7178 | U96: 8.8287 | V96: 5.4404 | W96: 7.671 | X96: 8.8287 | Y96: 5.4404 | Z96: 8.7746 | AA96: 10.0654 | AB96: 5.4404 | AC96: 9.8298 | AD96: 10.0654 | AE96: 5.4404
A97: Since Inception (%) | B97: 9.1597 | C97: NA | D97: 14.6539 | E97: 11.7124 | F97: 12.8945 | G97: 13.8811 | H97: 4.9711 | I97: 5.3274 | J97: 5.8309 | K97: 5.7014 | L97: 5.3274 | M97: 5.8309 | N97: 9.6407 | O97: 9.0178 | P97: 11.5965 | Q97: 11.5525 | R97: 9.0178 | S97: 11.5965 | T97: 8.1245 | U97: NA | V97: NA | W97: 7.8903 | X97: 9.1252 | Y97: 6.4787 | Z97: 7.2639 | AA97: 9.4157 | AB97: 6.5209 | AC97: 8.1353 | AD97: 9.6463 | AE97: 6.539
A98: Current Value of Investment of Rs. 10,000 (1 Year ago) | B98: 12996 | C98: 12565 | D98: 12839 | E98: 13137 | F98: 12565 | G98: 12839 | H98: 10691 | I98: 10718 | J98: 10756 | K98: 10762 | L98: 10718 | M98: 10756 | N98: 11901 | O98: 11881 | P98: 12839 | Q98: 12099 | R98: 11881 | S98: 12839 | T98: 11118 | U98: 11325 | V98: 11070 | W98: 11232 | X98: 11325 | Y98: 11070 | Z98: 11467 | AA98: 11495 | AB98: 11070 | AC98: 11583 | AD98: 11495 | AE98: 11070
A99: Current Value of Investment of Rs. 10,000 (3 Year ago) | B99: 13731 | C99: 14020 | D99: 14195 | E99: 14236 | F99: 14020 | G99: 14195 | H99: 11822 | I99: 11998 | J99: 11904 | K99: 12087 | L99: 11998 | M99: 11904 | N99: NA | O99: NA | P99: NA | Q99: NA | R99: NA | S99: NA | T99: 11668 | U99: 12416 | V99: 11779 | W99: 12003 | X99: 12416 | Y99: 11779 | Z99: 12430 | AA99: 12801 | AB99: 11779 | AC99: 12800 | AD99: 12801 | AE99: 11779
A100: Current Value of Investment of Rs. 10,000 (5 Year ago) | B100: 18439 | C100: 20221 | D100: 21582 | E100: 18902 | F100: 20221 | G100: 21582 | H100: 12641 | I100: 12791 | J100: 13087 | K100: 13091 | L100: 12791 | M100: 13087 | N100: NA | O100: NA | P100: NA | Q100: NA | R100: NA | S100: NA | T100: 13846 | U100: 15273 | V100: 13037 | W100: 14477 | X100: 15273 | Y100: 13037 | Z100: 15235 | AA100: 16162 | AB100: 13037 | AC100: 15989 | AD100: 16162 | AE100: 13037
A101: Current Value of Investment of Rs. 10,000 (since inception) | B101: 194354 | C101: NA | D101: 1027776 | E101: 37083 | F101: 42002 | G101: 46557 | H101: 13230 | I101: 13492 | J101: 13868 | K101: 13770 | L101: 13492 | M101: 13868 | N101: 13143 | O101: 12923 | P101: 13852 | Q101: 13836 | R101: 12923 | S101: 13852 | T101: 78851 | U101: NA | V101: NA | W101: 24532 | X101: 28063 | Y101: 20997 | Z101: 26067 | AA101: 34194 | AB101: 23705 | AC101: 25242 | AD101: 29748 | AE101: 21167
A103: First Tier Benchmark Index | C103: CRISIL Hybrid 35+65 - Aggressive Index | D103: Nifty 50 TRI | F103: CRISIL Hybrid 35+65 - Aggressive Index | G103: Nifty 50 TRI | I103: Nifty 50 Arbitrage Index | J103: CRISIL 1 Year T-Bill Index | L103: Nifty 50 Arbitrage Index | M103: CRISIL 1 Year T-Bill Index | O103: NIFTY 50 Hybrid Composite Debt 50:50 Index | P103: Nifty 50 TRI | R103: NIFTY 50 Hybrid Composite Debt 50:50 Index | S103: Nifty 50 TRI | U103: Crisil Hybrid 85+15 - Conservative Index | V103: Crisil 10 Year Gilt Index | X103: Crisil Hybrid 85+15 - Conservative Index | Y103: Crisil 10 Year Gilt Index | AA103: NIFTY Equity Savings Index TRI | AB103: CRISIL 10 Year Gilt Index | AD103: NIFTY Equity Savings Index TRI | AE103: CRISIL 10 Year Gilt Index
A104: NAV/ Index Value | B104: 191.8491 | C104: 19907.1 | D104: =Equity!D104 -> 35971.14 | E104: 216.1282 | F104: =C104 -> 19907.1 | G104: =D104 -> 35971.14 | H104: 13.2303 | I104: 2389.32 | J104: =+'Debt-Over,Liq,MM'!D62 -> 7410.913 | K104: 13.7703 | L104: =I104 -> 2389.32 | M104: =J104 -> 7410.913 | N104: 13.1435 | O104: 15423.89 | P104: =Equity!D104 -> 35971.14 | Q104: 13.8359 | R104: =O104 -> 15423.89 | S104: =P104 -> 35971.14 | T104: 78.8502 | U104: 6848.1461 | V104: ='Debt-Excl.Over,Liq,MM'!D56 -> 4802.062 | W104: 86.822 | X104: =U104 -> 6848.1461 | Y104: =V104 -> 4802.062 | Z104: 26.0669 | AA104: 5960.98 | AB104: ='Debt-Excl.Over,Liq,MM'!D56 -> 4802.062 | AC104: 29.1992 | AD104: =AA104 -> 5960.98 | AE104: =AB104 -> 4802.062
A105: Scheme Riskometer | B105: :) Long term capital appreciation with current income | H105: :) Income over a short term investment horizon | N105: :) Capital appreciation over a long period of time. | T105: :) Medium term capital appreciation with current income | Z105: :) Regular Income & Capital appreciation over Medium to Long term.
B106: :) A fund that invests both in stocks and fixed income instruments. | H106: :) Income through arbitrage opportunities between cash and derivative market and arbitrage opportunities within the derivative segment of the equity market. | N106: :) Investments in a dynamically managed portfolio of equity and equity related instruments, debt and money market instruments | T106: :) A fund that invests predominantly in debt instruments with marginal equity exposure. | Z106: :) Investment in equity and equity related instruments including equity derivatives, arbitrage and debt and money market instruments.
B107: :) Risk - Very High | H107: :) Risk - Low | N107: :) Risk - Very High | T107: :) Risk - Moderately High | Z107: :) Risk - Moderately High
A121: Benchmark Riskometer | B121: First Tier Benchmark - CRISIL Hybrid 35+65 - Aggressive Index | H121: First Tier Benchmark - Nifty 50 Arbitrage Index | N121: First Tier Benchmark - NIFTY 50 Hybrid Composite Debt 50:50 Index | T121: First Tier Benchmark - Crisil Hybrid 85+15 - Conservative Index | Z121: First Tier Benchmark - Nifty Equity Savings Index
B122: :) Risk - Very High | H122: :) Risk - Low | N122: :) Risk - High | T122: :) Risk - Moderately High | Z122: :) Risk - Moderate
A138: Disclaimer :
A139: Mutual Fund Investments are subject to market risks, read all scheme related documents carefully.
A140: *Investors should consult their financial advisers if in doubt about whether the product is suitable for them.
A142: Notes:
A143: 1) All scheme returns are for growth option except for LIC MF ULIS where the scheme has only Reinvestment of Income Distribution cum capital withdrawal
A144: 2) All above data is as on 31/10/2024.
A145: 3)The performance of the scheme is benchmarked to the Total Return variant of the Index
A146: 4) The scheme performance IDBI MF schemes merged with LIC MF schemes herewith is a blended performance on weighted average, as per applicable guidelines of SEBI.
A147: "@ Base TER excludes additional expenses provided in Regulation 52(6A)(b) and 52(6A)(c) of SEBI (Mutual Funds) Regulations, 1996 and Goods and Services Tax (GST) on investment and advisory fees as per applicable RATE.
A148: "# Additional Expenses not exceeding 0.30% in terms of Regulation 52(6A)(b) of SEBI (Mutual Funds) Regulations, 1996
A149: "$ Additional Expenses not exceeding 0.05% in terms of Regulation 52(6A)(c) of SEBI (Mutual Funds) Regulations, 1996.
A150: " ^ Present GST rate is 18 %.
... A160: LIC MF CONSERVATIVE HYBRID FUND: Mr. Pratik Shroff (Debt) & Mr. Nikhil Rungta (Equity) will be managing this scheme from 1st July, 2024.

Sheet Solution Oriented
A1: Dashboard as on 31/10/2024
A2: Scheme Name | B2: LIC MF Children’s Fund (ERSTWHILE LIC MF Children's Gift Fund)
A3: SEBI Code | B3: LICM/O/S/CHI/01/09/0008
A4: Date of Allotment - Regular | B4: 12.11.2001
A5: Date of Allotment - Direct | B5: 01.01.2013
A7: AUM (in Rs. crore) | B7: 16.4
A10: Investment Objective | B10: The primary investment objective of the scheme is to seek to generate capital appreciation & provide long-term growth opportunities by investing in a portfolio constituted of equity securities & equity related securities and the secondary objective is to generate consistent returns by investing in debt and money market securities. There is no assurance that the investment objective of the Scheme will be achieved.
A12: Fund Manager | B12: Mr. Nikhil Rungta (Equity - managing since 01/07/24) & Mr. Pratik Harish Shroff (Debt - managing since 26/09/23)
A14: Annual Portfolio Turnover Ratio (in times) | B14: 0.72043
A16: Total Expense Ratio
B17: Regular | E17: Direct
A18: Base TER (%)@ | B18: 2.25 | E18: 1.5
A19: Additional expense as per Regulation 52(6A)(b) (%)# | B19: 0 | E19: 0
A20: Additional expense as per Regulation 52(6A)(c) (%)$ | B20: 0 | E20: 0
A21: GST (%)^ | B21: 0.2 | E21: 0.18
A22: Total TER (%) | B22: =SUM(B18:D21) -> 2.45 | E22: =SUM(E18:G21) -> 1.68
A24: Portfolio (Top 10 Holdings) | B24: Name of the issuer | E24: % of Net Assets
B25: Government Bond | E25: 9.5275
B26: HDFC Bank Ltd. | E26: 8.9941
B27: ICICI Bank Ltd. | E27: 5.55
B28: Trent Ltd. | E28: 3.9197
B29: State Bank of India | E29: 3.8226
B30: Infosys Ltd. | E30: 3.4302
B31: Tata Power Company Ltd. | E31: 3.1019
B32: Reliance Industries Ltd. | E32: 3.0565
B33: Larsen & Toubro Ltd. | E33: 2.4754
B34: Arvind Fashions Ltd. | E34: 2.3854
B37: Grand Total | E37: =SUM(E25:G36) -> 46.2633
A39: Asset Allocation | B39: Asset Allocation | E39: % of Net Assets
B40: Equity Holdings | C40: 0.86359581 | D40: Equity Holdings | E40: 88.075704
B41: GOVERNMENT BOND AND TREASURY BILL | C41: 0.11435791 | D41: GOVERNMENT BOND AND TREASURY BILL | E41: 9.5275888
B42: Cash & Other Receivables | C42: 0.022046278 | D42: Cash & Other Receivables | E42: 2.396707
B46: Grand Total | E46: =SUM(E40:G44) -> 100
A48: Sectoral Allocation | B48: Sector/Industry | E48: % of Net Assets
B49: Banks | E49: 18.3667
B50: Government of India | E50: 9.5275
B51: IT - Software | E51: 7.415
B52: Retailing | E52: 6.5933
B53: Petroleum Products | E53: 4.3589
B54: Automobiles | E54: 4.0116
B55: Industrial Products | E55: 3.6624
B56: Pharmaceuticals & Biotechnology | E56: 3.6402
B57: Food Products | E57: 3.6278
B58: Other Utilities | E58: 3.5105
B59: Power | E59: 3.1019
B60: Auto Components | E60: 2.8944
... B75: Realty | E75: 0.5292
B90: Grand Total | E90: =SUM(E49:G89) -> 97.6006
A92: Scheme Past Performance | B92: Regular (Growth) | E92: Direct (Growth)
B93: Scheme | C93: Scheme Benchmark | D93: Additional Benchmark | E93: Scheme | F93: Scheme Benchmark | G93: Additional Benchmark
A94: 1 Year (%) | B94: 26.4664 | C94: 25.5686 | D94: 28.3011 | E94: 27.5715 | F94: 25.5686 | G94: 28.3011
A95: 3 Years (%) | B95: 11.4662 | C95: 11.8887 | D95: 12.3499 | E95: 12.2445 | F95: 11.8887 | G95: 12.3499
A96: 5 Years (%) | B96: 12.7506 | C96: 15.1043 | D96: 16.6124 | E96: 13.6064 | F96: 15.1043 | G96: 16.6124
A97: Since Inception (%) | B97: 5.3736 | C97: NA | D97: 16.3945 | E97: 11.2908 | F97: 12.9448 | G97: 13.9379
A98: Current Value of Investment of Rs. 10,000 (1 Year ago) | B98: 12655 | C98: 12565 | D98: 12839 | E98: 12766 | F98: 12565 | G98: 12839
A99: Current Value of Investment of Rs. 10,000 (3 Year ago) | B99: 13862 | C99: 14020 | D99: 14195 | E99: 14155 | F99: 14020 | G99: 14195
A100: Current Value of Investment of Rs. 10,000 (5 Year ago) | B100: 18234 | C100: 20221 | D100: 21582 | E100: 18937 | F100: 20221 | G100: 21582
A101: Current Value of Investment of Rs. 10,000 (since inception) | B101: 33301 | C101: NA | D101: 327614 | E101: 35326 | F101: 42041 | G101: 46615
A103: First Tier Benchmark Index | C103: CRISIL Hybrid 35+65 - Aggressive Index | D103: Nifty 50 TRI | F103: CRISIL Hybrid 35+65 - Aggressive Index | G103: Nifty 50 TRI
A104: NAV/ Index Value | B104: 33.3008 | C104: =Hybrid!C104 -> 19907.1 | D104: =Hybrid!D104 -> 35971.14 | E104: 36.9155 | F104: =C104 -> 19907.1 | G104: =D104 -> 35971.14
A105: Scheme Riskometer | B105: The product is suitable for investors who are seeking*
B106: :) Long term capital appreciation and current income
B107: :) A fund that invests both in stocks and fixed income instruments.
B108: :) Risk - Very High
A122: Benchmark Riskometer | B122: First Tier Benchmark - CRISIL Hybrid 35+65 - Aggressive Index
B123: :) Risk - Very High
A139: Disclaimer :
A140: Mutual Fund Investments are subject to market risks, read all scheme related documents carefully.
A141: *Investors should consult their financial advisers if in doubt about whether the product is suitable for them.
A143: Notes:
A144: 1) All scheme returns are for growth option
A145: 2) All above data is as on 31/10/2024.
A146: 3)The performance of the scheme is benchmarked to the Total Return variant of the Index
A147: "@ Base TER excludes additional expenses provided in Regulation 52(6A)(b) and 52(6A)(c) of SEBI (Mutual Funds) Regulations, 1996 and Goods and Services Tax (GST) on investment and advisory fees as per applicable RATE.
A148: "# Additional Expenses not exceeding 0.30% in terms of Regulation 52(6A)(b) of SEBI (Mutual Funds) Regulations, 1996
A149: "$ Additional Expenses not exceeding 0.05% in terms of Regulation 52(6A)(c) of SEBI (Mutual Funds) Regulations, 1996.
A150: " ^ Present GST rate is 18 %.
A151: Percentages mentioned above for TER are annualized
... A158: LIC MF CHILDREN'S FUND: Mr. Nikhil Rungta (Equity) & Mr. Pratik Harish Shroff (Debt) will be managing this scheme from 1st July, 2024.

Sheet Others
A1: Dashboard as on 31/10/2024
A2: Scheme Name | B2: LIC MF Nifty 50 ETF~ | H2: LIC MF BSE Sensex ETF~ (ERSTWHILE LIC MF S & P BSE Sensex ETF) | N2: LIC MF Nifty 100 ETF~ | T2: LIC MF Nifty 50 Index Fund~ | Z2: LIC MF BSE Sensex Index Fund~ (ERSTWHILE LIC MF S & P BSE Sensex Index Fund) | AF2: LIC MF Nifty Next 50 Index Fund~ (ERSTWHILE IDBI Nifty Next 50 Index Fund) | AL2: LIC MF Nifty 8-13 yr G-Sec Exchange Traded Fund~ | AR2: LIC MF Nifty Midcap 100 ETF~
A3: SEBI Code | B3: LICM/O/O/EET/15/10/0018 | H3: LICM/O/O/EET/15/10/0019 | N3: LICM/O/O/EET/15/12/0020 | T3: LICM/O/O/EIN/02/10/0010 | Z3: LICM/O/O/EIN/02/10/0011 | AF3: LICM/O/E/EIN/10/07/0003 | AL3: LICM/O/O/DET/14/11/0015 | AR3: LICM/O/O/EET/24/01/0028
A4: NSE Symbol | B4: LICNETFN50 | H4: LICNETFSEN | N4: LICNFNHGP | T4: Not Applicable | Z4: Not Applicable | AF4: Not Applicable | AL4: LICNETFGSC | AR4: LICNMID100
A5: BSE Scrip Code | B5: 539480 | H5: 539487 | N5: 539784 | T5: Not Applicable | Z5: Not Applicable | AF5: Not Applicable | AL5: Not Applicable | AR5: 544123
A6: Listing Details | B6: Listed on NSE and BSE | H6: Listed on NSE and BSE | N6: Listed on NSE and BSE | T6: - | Z6: - | AF6: - | AL6: Listed on NSE | AR6: Listed on NSE and BSE
A7: Date of Allotment - Regular | B7: 20.11.2015 | H7: 30.11.2015 | N7: 17.03.2016 | T7: 05.12.2002 | Z7: 05.12.2002 | AF7: 20.09.2010 | AL7: 24.12.2014 | AR7: 14.02.2024
A8: Date of Allotment - Direct | B8: NA | H8: NA | N8: NA | T8: 01.01.2013 | Z8: 01.01.2013 | AF8: 01.01.2013 | AL8: NA | AR8: NA
A10: AUM (in Rs. crore) | B10: 834.29 | H10: 829.07 | N10: 720.4 | T10: 318.97 | Z10: 82.82 | AF10: 94.37 | AL10: 2421.9 | AR10: 692.99
A12: Investment Objective | B12: The investment objective of the scheme is to provide returns that closely correspond to the total returns of securities as represented by NIFTY 50 Index, subject to tracking errors. There is no assurance that the objective of the scheme will be achieved. | H12: The investment objective of the scheme is to provide returns that, closely correspond to the total returns of the securities as represented by the BSE SENSEX by holding BSE SENSEX stocks in same proportion, subject to tracking errors. There is no assurance that the objective of the scheme will be achieved. | N12: The investment objective of the scheme is to provide returns that closely correspond to the total returns of securities as represented by NIFTY 100 INDEX, subject to tracking errors. There is no assurance that the objective of the scheme will be achieved. | T12: The main investment objective of the fund is to generate returns commensurate with the performance of the index Nifty based on the plans by investing in the respective index stocks subject to tracking errors. There is no assurance that the investment objective of the Scheme will be achieved. | Z12: The main investment objective of the fund is to generate returns commensurate with the performance of the index BSE Sensex based on the plans by investing in the respective index stocks subject to tracking errors. There is no assurance that the investment objective of the Scheme will be achieved. | AF12: The investment objective of the Scheme is to invest only in and all the stocks comprising the NIFTY Next 50 Index in the same weights of these stocks as in the Index with the objective to replicate the performance of the Total Returns Index of NIFTY Next 50 Index. The Scheme may also invest in derivatives instruments such as Futures and Options linked to stocks comprising the Index or linked to the NIFTY Next 50 Index. The Scheme will adopt a passive investment strategy and will seek to achieve the investment objective by minimizing the tracking error between the NIFTY Next 50 Index (Total Returns Index) and the Scheme. There is no assurance that the investment objective of the Scheme will be achieved. | AL12: The investment objective of the scheme is to provide returns that closely correspond to the total returns of securities as represented by Nifty 8-13 yr G-Sec Index, subject to tracking errors. There is no assurance that the investment objective of the Scheme will be achieved. | AR12: The investment objective of the scheme is to provide returns that closely correspond to the total returns of securities as represented by NIFTY MIDCAP 100 INDEX, subject to tracking errors. There is no assurance that the objective of the scheme will be achieved.
A14: Fund Manager | B14: Mr. Sumit Bhatnagar (Equity - managing since 03/10/23) | H14: Mr. Sumit Bhatnagar (Equity - managing since 03/10/23) | N14: Mr. Sumit Bhatnagar (Equity - managing since 03/10/23) | T14: Mr. Sumit Bhatnagar (Equity - managing since 03/10/23) | Z14: Mr. Sumit Bhatnagar (Equity - managing since 03/10/23) | AF14: Mr. Sumit Bhatnagar (Equity - managing since 03/10/23) | AL14: Mr. Marzban Irani (Debt - managing since 10/08/16) & Mr. Pratik Harish Shroff (Debt - managing since 26/09/23) | AR14: Mr. Sumit Bhatnagar (Equity - managing since 14/02/24)
A16: Annual Portfolio Turnover Ratio (in times) | B16: 0.131897 | H16: 0.068091 | N16: 0.070325 | T16: 0.106585 | Z16: 0.105615 | AF16: 0.504384 | AL16: - | AR16: 0.354836
A18: Total Expense Ratio
B19: Regular | E19: Direct | H19: Regular | K19: Direct | N19: Regular | Q19: Direct | T19: Regular | W19: Direct | Z19: Regular | AC19: Direct | AF19: Regular | AI19: Direct | AL19: Regular | AO19: Direct | AR19: Regular | AU19: Direct
A20: Base TER (%)@ | B20: 0.06 | E20: 0 | H20: 0.1 | K20: - | N20: 0.25 | Q20: - | T20: 1 | W20: 0.17 | Z20: 1 | AC20: 0.3 | AF20: 0.88 | AI20: 0.3 | AL20: 0.15 | AO20: - | AR20: 0.15 | AU20: -
A21: Additional expense as per Regulation 52(6A)(b) (%)# | B21: 0 | E21: 0 | H21: 0 | K21: - | N21: 0 | Q21: - | T21: 0 | W21: 0 | Z21: 0 | AC21: 0 | AF21: 0 | AI21: 0 | AL21: 0 | AO21: - | AR21: 0 | AU21: -
A22: Additional expense as per Regulation 52(6A)(c) (%)$ | B22: 0 | E22: 0 | H22: 0 | K22: - | N22: 0 | Q22: - | T22: 0 | W22: 0 | Z22: 0.05 | AC22: 0.05 | AF22: 0 | AI22: 0 | AL22: 0 | AO22: - | AR22: 0 | AU22: -
A23: GST (%)^ | B23: 0 | E23: 0 | H23: 0 | K23: - | N23: 0.03 | Q23: - | T23: 0.01 | W23: 0.01 | Z23: 0.03 | AC23: 0.03 | AF23: 0.02 | AI23: 0.02 | AL23: 0.01 | AO23: - | AR23: 0.01 | AU23: -
A24: Total TER (%) | B24: =SUM(B20:D23) -> 0.06 | E24: =SUM(E20:G23) -> 0 | H24: =SUM(H20:J23) -> 0.1 | K24: - | N24: =SUM(N20:P23) -> 0.28 | Q24: - | T24: =SUM(T20:V23) -> 1.01 | W24: =SUM(W20:Y23) -> 0.18 | Z24: =SUM(Z20:AB23) -> 1.08 | AC24: =SUM(AC20:AE23) -> 0.38 | AF24: =SUM(AF20:AH23) -> 0.9 | AI24: =SUM(AI20:AK23) -> 0.32 | AL24: =SUM(AL20:AN23) -> 0.16 | AO24: - | AR24: =SUM(AR20:AT23) -> 0.16 | AU24: -
A26: Portfolio (Top 10 Holdings) | B26: Name of the issuer | E26: % of Net Assets | H26: Name of the issuer | K26: % of Net Assets | N26: Name of the issuer | Q26: % of Net Assets | T26: Name of the issuer | W26: % of Net Assets | Z26: Name of the issuer | AC26: % of Net Assets | AF26: Name of the issuer | AI26: % of Net Assets | AL26: Name of the issuer | AO26: % of Net Assets | AR26: Name of the issuer | AU26: % of Net Assets
B27: HDFC Bank Ltd. | E27: 12.1038 | H27: HDFC Bank Ltd. | K27: 14.2836 | N27: HDFC Bank Ltd. | Q27: 9.8838 | T27: HDFC Bank Ltd. | W27: 12.0618 | Z27: HDFC Bank Ltd. | AC27: 14.3176 | AF27: Hindustan Aeronautics Ltd. | AI27: 4.311 | AL27: Government Bond | AO27: 99.6124 | AR27: Suzlon Energy Ltd. | AU27: 2.9787
B28: ICICI Bank Ltd. | E28: 8.3524 | H28: ICICI Bank Ltd. | K28: 9.9258 | N28: ICICI Bank Ltd. | Q28: 6.8364 | T28: Reliance Industries Ltd. | W28: 8.3668 | Z28: ICICI Bank Ltd. | AC28: 9.9333 | AF28: Vedanta Ltd. | AI28: 4.2329 | AR28: Max Healthcare Institute Ltd. | AU28: 2.8374
B29: Reliance Industries Ltd. | E29: 8.3014 | H29: Reliance Industries Ltd. | K29: 9.8401 | N29: Reliance Industries Ltd. | Q29: 6.7748 | T29: ICICI Bank Ltd. | W29: 8.2788 | Z29: Reliance Industries Ltd. | AC29: 9.8319 | AF29: Divi's Laboratories Ltd. | AI29: 3.978 | AR29: BSE Ltd. | AU29: 2.285
B30: Infosys Ltd. | E30: 5.8171 | H30: Infosys Ltd. | K30: 6.932 | N30: Infosys Ltd. | Q30: 4.7562 | T30: Infosys Ltd. | W30: 5.7955 | Z30: Infosys Ltd. | AC30: 6.9096 | AF30: Tata Power Company Ltd. | AI30: 3.9543 | AR30: The Indian Hotels Company Ltd. | AU30: 2.2253
B31: ITC Ltd. | E31: 4.175 | H31: ITC Ltd. | K31: 4.9342 | N31: ITC Ltd. | Q31: 3.4203 | T31: ITC Ltd. | W31: 4.1912 | Z31: ITC Ltd. | AC31: 4.9582 | AF31: InterGlobe Aviation Ltd. | AI31: 3.7244 | AR31: Persistent Systems Ltd. | AU31: 2.1358
B32: Bharti Airtel Ltd. | E32: 3.9673 | H32: Bharti Airtel Ltd. | K32: 4.6937 | N32: Bharti Airtel Ltd. | Q32: 3.2312 | T32: Bharti Airtel Ltd. | W32: 3.9699 | Z32: Bharti Airtel Ltd. | AC32: 4.7043 | AF32: Power Finance Corporation Ltd. | AI32: 3.5573 | AR32: PB Fintech Ltd. | AU32: 2.0184
B33: Larsen & Toubro Ltd. | E33: 3.9155 | H33: Larsen & Toubro Ltd. | K33: 4.6348 | N33: Larsen & Toubro Ltd. | Q33: 3.201 | T33: Larsen & Toubro Ltd. | W33: 3.9362 | Z33: Larsen & Toubro Ltd. | AC33: 4.6363 | AF33: REC Ltd. | AI33: 3.5139 | AR33: Dixon Technologies (India) Ltd. | AU33: 1.9844
B34: Tata Consultancy Services Ltd. | E34: 3.7286 | H34: Tata Consultancy Services Ltd. | K34: 4.3953 | N34: Tata Consultancy Services Ltd. | Q34: 3.0476 | T34: Tata Consultancy Services Ltd. | W34: 3.7128 | Z34: Tata Consultancy Services Ltd. | AC34: 4.402 | AF34: Siemens Ltd. | AI34: 3.2512 | AR34: Lupin Ltd. | AU34: 1.9783
B35: Axis Bank Ltd. | E35: 3.0281 | H35: Axis Bank Ltd. | K35: 3.5901 | N35: Axis Bank Ltd. | Q35: 2.4725 | T35: Axis Bank Ltd. | W35: 3.0296 | Z35: Axis Bank Ltd. | AC35: 3.5687 | AF35: Info Edge (India) Ltd. | AI35: 3.1444 | AR35: Coforge Ltd. | AU35: 1.8929
B36: State Bank of India | E36: 2.8939 | H36: State Bank of India | K36: 3.4404 | N36: State Bank of India | Q36: 2.3539 | T36: State Bank of India | W36: 2.8717 | Z36: State Bank of India | AC36: 3.4167 | AF36: TVS Motor Company Ltd. | AI36: 3.1432 | AR36: The Federal Bank Ltd. | AU36: 1.865
B39: Grand Total | E39: =SUM(E27:G38) -> 56.2831 | H39: Grand Total | K39: =SUM(K27:M38) -> 66.67 | N39: Grand Total | Q39: =SUM(Q27:S38) -> 45.9777 | T39: Grand Total | W39: =SUM(W27:Y38) -> 56.2143 | Z39: Grand Total | AC39: =SUM(AC27:AE38) -> 66.6786 | AF39: Grand Total | AI39: =SUM(AI27:AK38) -> 36.8106 | AL39: Grand Total | AO39: =SUM(AO27:AQ38) -> 99.6124 | AR39: Grand Total | AU39: =SUM(AU27:AW38) -> 22.2012
A41: Asset Allocation | B41: Asset Allocation | E41: % of Net Assets | H41: Asset Allocation | K41: % of Net Assets | N41: Asset Allocation | Q41: % of Net Assets | T41: Asset Allocation | W41: % of Net Assets | Z41: Asset Allocation | AC41: % of Net Assets | AF41: Asset Allocation | AI41: % of Net Assets | AL41: Asset Allocation | AO41: % of Net Assets | AR41: Asset Allocation | AU41: % of Net Assets
B42: Equity Holdings | C42: 0.99271561 | D42: Equity Holdings | E42: 99.839001 | H42: Equity Holdings | I42: 0.99442429 | J42: Equity Holdings | K42: 99.847113 | N42: Equity Holdings | O42: 0.99289916 | P42: Equity Holdings | Q42: 99.819527 | T42: Equity Holdings | U42: 0.99271561 | V42: Equity Holdings | W42: 99.74666 | Z42: Equity Holdings | AA42: 1.0451347 | AB42: Equity Holdings | AC42: 99.857512 | AF42: Equity Holdings | AI42: 99.699976 | AL42: GOVERNMENT BOND AND TREASURY BILL | AO42: 99.612577 | AR42: Equity Holdings | AU42: 99.883955
B43: Cash & Other Receivables | C43: 0.0072843895 | D43: Cash & Other Receivables | E43: 0.16099861 | H43: Cash & Other Receivables | I43: 0.0055757063 | J43: Cash & Other Receivables | K43: 0.15288685 | N43: Cash & Other Receivables | O43: 0.0071008401 | P43: Cash & Other Receivables | Q43: 0.18047338 | T43: Cash & Other Receivables | U43: 0.0072843895 | V43: Cash & Other Receivables | W43: 0.25334021 | Z43: Cash & Other Receivables | AA43: -0.045134662 | AB43: Cash & Other Receivables | AC43: 0.14248809 | AF43: Cash & Other Receivables | AI43: 0.30002448 | AL43: Cash & Other Receivables | AO43: 0.38742254 | AR43: Cash & Other Receivables | AU43: 0.11604489
B48: Grand Total | E48: =SUM(E42:G46) -> 100 | H48: Grand Total | K48: =SUM(K42:M46) -> 100 | N48: Grand Total | Q48: =SUM(Q42:S46) -> 100 | T48: Grand Total | W48: =SUM(W42:Y46) -> 100 | Z48: Grand Total | AC48: =SUM(AC42:AE46) -> 100 | AF48: Grand Total | AI48: =SUM(AI42:AK46) -> 100 | AL48: Grand Total | AO48: =SUM(AO42:AQ46) -> 100 | AR48: Grand Total | AU48: =SUM(AU42:AW46) -> 100
A50: Sectoral Allocation | B50: Sector/Industry | E50: % of Net Assets | H50: Sector/Industry | K50: % of Net Assets | N50: Sector/Industry | Q50: % of Net Assets | T50: Sector/Industry | W50: % of Net Assets | Z50: Sector/Industry | AC50: % of Net Assets | AF50: Sector/Industry | AI50: % of Net Assets | AL50: Sector/Industry | AO50: % of Net Assets | AR50: Sector/Industry | AU50: % of Net Assets
B51: Banks | E51: 29.3561 | H51: Banks | K51: 34.7782 | N51: Banks | Q51: 24.9879 | T51: Banks | W51: 29.2135 | Z51: Banks | AC51: 34.7558 | AF51: Finance | AI51: 12.1315 | AL51: Government of India | AM51: Government of India | AN51: Government of India | AO51: 99.6124 | AR51: Banks | AU51: 8.5721
B52: IT - Software | E52: 12.9328 | H52: IT - Software | K52: 14.492 | N52: IT - Software | Q52: 10.9567 | T52: IT - Software | W52: 12.8848 | Z52: IT - Software | AC52: 14.4539 | AF52: Electrical Equipment | AI52: 6.9533 | AR52: IT - Software | AU52: 7.9661
B53: Petroleum Products | E53: 8.8581 | H53: Petroleum Products | K53: 9.8401 | N53: Petroleum Products | Q53: 7.6186 | T53: Petroleum Products | W53: 8.9185 | Z53: Petroleum Products | AC53: 9.8319 | AF53: Pharmaceuticals & Biotechnology | AI53: 6.9078 | AR53: Auto Components | AU53: 7.4613
B54: Automobiles | E54: 7.388 | H54: Diversified FMCG | K54: 7.4031 | N54: Automobiles | Q54: 6.4871 | T54: Automobiles | W54: 7.4479 | Z54: Diversified FMCG | AC54: 7.4281 | AF54: Power | AI54: 6.5435 | AR54: Finance | AU54: 6.391
B55: Diversified FMCG | E55: 6.2477 | H55: Automobiles | K55: 6.3891 | N55: Finance | Q55: 5.5302 | T55: Diversified FMCG | W55: 6.3054 | Z55: Automobiles | AC55: 6.374 | AF55: Banks | AI55: 6.1783 | AR55: Pharmaceuticals & Biotechnology | AU55: 6.0389
B56: Telecom - Services | E56: 3.9673 | H56: Telecom - Services | K56: 4.6937 | N56: Diversified FMCG | Q56: 5.1121 | T56: Telecom - Services | W56: 3.9699 | Z56: Telecom - Services | AC56: 4.7043 | AF56: Retailing | AI56: 5.7523 | AR56: Industrial Products | AU56: 5.8181
B57: Construction | E57: 3.9155 | H57: Construction | K57: 4.6348 | N57: Power | Q57: 4.644 | T57: Construction | W57: 3.9362 | Z57: Construction | AC57: 4.6363 | AF57: Auto Components | AI57: 4.3275 | AR57: Electrical Equipment | AU57: 4.6624
B58: Finance | E58: 3.4645 | H58: Power | K58: 3.7028 | N58: Pharmaceuticals & Biotechnology | Q58: 3.6749 | T58: Finance | W58: 3.4428 | Z58: Power | AC58: 3.7429 | AF58: Aerospace & Defense | AI58: 4.311 | AR58: Realty | AU58: 4.2033
B59: Pharmaceuticals & Biotechnology | E59: 3.3387 | H59: Finance | K59: 3.116 | N59: Telecom - Services | Q59: 3.2312 | T59: Pharmaceuticals & Biotechnology | W59: 3.3312 | Z59: Finance | AC59: 3.127 | AF59: Personal Products | AI59: 4.286 | AR59: Consumer Durables | AU59: 4.1563
B60: Power | E60: 3.0917 | H60: Consumer Durables | K60: 2.9176 | N60: Construction | Q60: 3.201 | T60: Power | W60: 3.0926 | Z60: Consumer Durables | AC60: 2.9315 | AF60: Insurance | AI60: 4.2625 | AR60: Capital Markets | AU60: 3.9165
B61: Consumer Durables | E61: 2.4525 | H61: Ferrous Metals | K61: 2.332 | N61: Retailing | Q61: 3.1721 | T61: Consumer Durables | W61: 2.4534 | Z61: Ferrous Metals | AC61: 2.3329 | AF61: Diversified Metals | AI61: 4.2329 | AR61: Telecom - Services | AU61: 3.3845
B62: Cement & Cement Products | E62: 2.0702 | H62: Pharmaceuticals & Biotechnology | K62: 2.177 | N62: Consumer Durables | Q62: 2.3234 | T62: Cement & Cement Products | W62: 2.0434 | Z62: Pharmaceuticals & Biotechnology | AC62: 2.1751 | AF62: Transport Services | AI62: 3.7244 | AR62: Leisure Services | AU62: 3.0454
B63: Ferrous Metals | E63: 1.9785 | H63: Cement & Cement Products | K63: 1.3661 | N63: Cement & Cement Products | Q63: 2.2015 | T63: Ferrous Metals | W63: 1.9747 | Z63: Cement & Cement Products | AC63: 1.367 | AF63: Cement & Cement Products | AI63: 3.671 | AR63: Financial Technology (Fintech) | AU63: 2.9778
... B65: Food Products | E65: 1.3783 | H65: Food Products | K65: 0.888 | N65: Insurance | Q65: 1.8331 | T65: Insurance | W65: 1.3849 | Z65: Food Products | AC65: 0.8917 | AF65: Beverages | AI65: 3.2016 | AR65: Chemicals & Petrochemicals | AU65: 2.8189
B66: Insurance | E66: 1.3783 | N66: Aerospace & Defense | Q66: 1.3644 | T66: Food Products | W66: 1.3711 | AF66: Automobiles | AI66: 3.1432 | AR66: Fertilizers & Agrochemicals | AU66: 2.6182
B67: Consumable Fuels | E67: 0.9448 | N67: Food Products | Q67: 1.1123 | T67: Oil | W67: 0.9455 | AF67: Gas | AI67: 3.1345 | AR67: Agricultural Food & other Products | AU67: 1.9242
B68: Oil | E68: 0.9416 | N68: Electrical Equipment | Q68: 0.9993 | T68: Consumable Fuels | W68: 0.9366 | AF68: Petroleum Products | AI68: 2.8757 | AR68: Power | AU68: 1.7609
B69: Aerospace & Defense | E69: 0.9352 | N69: Beverages | Q69: 0.8549 | T69: Aerospace & Defense | W69: 0.9278 | AF69: IT - Software | AI69: 2.8212 | AR69: Agricultural, Commercial & Construction Vehicles | AU69: 1.5859
B70: Transport Infrastructure | E70: 0.9351 | N70: Consumable Fuels | Q70: 0.7777 | T70: Transport Infrastructure | W70: 0.9272 | AF70: Chemicals & Petrochemicals | AI70: 2.5741 | AR70: Personal Products | AU70: 1.5212
B71: Non - Ferrous Metals | E71: 0.9181 | N71: Oil | Q71: 0.7758 | T71: Non - Ferrous Metals | W71: 0.89 | AF71: Consumer Durables | AI71: 2.2109 | AR71: Transport Services | AU71: 1.4883
B72: Healthcare Services | E72: 0.6562 | N72: Transport Infrastructure | Q72: 0.7604 | T72: Healthcare Services | W72: 0.6508 | AF72: Ferrous Metals | AI72: 1.8805 | AR72: Gas | AU72: 1.4808
B73: Metals & Minerals Trading | E73: 0.6367 | N73: Non - Ferrous Metals | Q73: 0.7506 | T73: Metals & Minerals Trading | W73: 0.6338 | AF73: Leisure Services | AI73: 1.3154 | AR73: Petroleum Products | AU73: 1.4686
B74: Agricultural Food & other Products | E74: 0.6083 | N74: Realty | Q74: 0.6493 | T74: Agricultural Food & other Products | W74: 0.6039 | AR74: Construction | AU74: 1.3867
N75: Auto Components | Q75: 0.6016 | AR75: Retailing | AU75: 1.3832
N76: Personal Products | Q76: 0.5959 | AR76: Transport Infrastructure | AU76: 1.3812
N77: Diversified Metals | Q77: 0.5777 | AR77: Insurance | AU77: 1.184
N78: Gas | Q78: 0.5471 | AR78: Textiles & Apparels | AU78: 0.9922
N79: Healthcare Services | Q79: 0.5286 | AR79: Oil | AU79: 0.9632
N80: Metals & Minerals Trading | Q80: 0.5286 | AR80: Minerals & Mining | AU80: 0.9564
N81: Transport Services | Q81: 0.5258 | AR81: Industrial Manufacturing | AU81: 0.8639
N82: Agricultural Food & other Products | Q82: 0.4854 | AR82: Ferrous Metals | AU82: 0.6261
N83: Chemicals & Petrochemicals | Q83: 0.3574 | AR83: Non - Ferrous Metals | AU83: 0.6169
N84: Leisure Services | Q84: 0.1849 | AR84: Cement & Cement Products | AU84: 0.5901
AR85: IT - Services | AU85: 0.4636
AR86: Aerospace & Defense | AU86: 0.3734
B92: Grand Total | E92: =SUM(E51:G91) -> 99.8365 | H92: Grand Total | K92: =SUM(K51:M91) -> 99.8458 | N92: Grand Total | Q92: =SUM(Q51:S91) -> 99.8149 | T92: Grand Total | W92: =SUM(W51:Y91) -> 99.7443 | Z92: Grand Total | AC92: =SUM(AC51:AE91) -> 99.856 | AF92: Grand Total | AI92: =SUM(AI51:AK91) -> 99.6975 | AL92: Grand Total | AO92: =SUM(AO51:AQ91) -> 99.6124 | AR92: Grand Total | AU92: =SUM(AU51:AW91) -> 99.879
A94: Scheme Past Performance | B94: Regular (Growth) | E94: Direct (Growth) | H94: Regular (Growth) | K94: Direct (Growth) | N94: Regular (Growth) | Q94: Direct (Growth) | T94: Regular (Growth) | W94: Direct (Growth) | Z94: Regular (Growth) | AC94: Direct (Growth) | AF94: Regular (Growth) | AI94: Direct (Growth) | AL94: Regular (Growth) | AO94: Direct (Growth) | AR94: Regular (Growth) | AU94: Direct (Growth)
B95: Scheme | C95: Scheme Benchmark | D95: Additional Benchmark | E95: Scheme | F95: Scheme Benchmark | G95: Additional Benchmark | H95: Scheme | I95: Scheme Benchmark | J95: Additional Benchmark | K95: Scheme | L95: Scheme Benchmark | M95: Additional Benchmark | N95: Scheme | O95: Scheme Benchmark | P95: Additional Benchmark | Q95: Scheme | R95: Scheme Benchmark | S95: Additional Benchmark | T95: Scheme | U95: Scheme Benchmark | V95: Additional Benchmark | W95: Scheme | X95: Scheme Benchmark | Y95: Additional Benchmark | Z95: Scheme | AA95: Scheme Benchmark | AB95: Additional Benchmark | AC95: Scheme | AD95: Scheme Benchmark | AE95: Additional Benchmark | AF95: Scheme | AG95: Scheme Benchmark | AH95: Additional Benchmark | AI95: Scheme | AJ95: Scheme Benchmark | AK95: Additional Benchmark | AL95: Scheme | AM95: Scheme Benchmark | AN95: Additional Benchmark | AO95: Scheme | AP95: Scheme Benchmark | AQ95: Additional Benchmark | AR95: Scheme | AS95: Scheme Benchmark | AT95: Additional Benchmark | AU95: Scheme | AV95: Scheme Benchmark | AW95: Additional Benchmark
A96: 6 Months (%) | AR96: 10.3681 | AS96: 10.6643 | AT96: 8.098 | AU96: - | AV96: - | AW96: -
A97: 1 Year (%) | B97: 28.1018 | C97: 28.3011 | D97: 25.7767 | E97: - | F97: - | G97: - | H97: 25.5485 | I97: 25.7767 | J97: 28.3011 | K97: - | L97: - | M97: - | N97: 32.5164 | O97: 32.971 | P97: 32.0942 | Q97: - | R97: - | S97: - | T97: 26.8271 | U97: 28.3011 | V97: 25.7767 | W97: 27.8609 | X97: 28.3011 | Y97: 25.7767 | Z97: 24.3354 | AA97: 25.7767 | AB97: 28.3011 | AC97: 25.2098 | AD97: 25.7767 | AE97: 28.3011 | AF97: 57.7508 | AG97: 59.7137 | AH97: 28.3011 | AI97: 58.6674 | AJ97: 59.7137 | AK97: 28.3011 | AL97: 10.5376 | AM97: 10.734 | AN97: 10.6714 | AO97: - | AP97: - | AQ97: - | AR97: NA | AS97: NA | AT97: NA | AU97: - | AV97: - | AW97: -
A98: 3 Years (%) | B98: 12.2078 | C98: 12.3499 | D98: 11.5873 | H98: 11.4439 | I98: 11.5873 | J98: 12.3499 | N98: 12.7965 | O98: 13.1317 | P98: 14.0097 | T98: 11.2026 | U98: 12.3499 | V98: 11.5873 | W98: 11.9873 | X98: 12.3499 | Y98: 11.5873 | Z98: 10.3953 | AA98: 11.5873 | AB98: 12.3499 | AC98: 11.168 | AD98: 11.5873 | AE98: 12.3499 | AF98: 18.2125 | AG98: 19.374 | AH98: 12.3499 | AI98: 18.8997 | AJ98: 19.374 | AK98: 12.3499 | AL98: 5.8149 | AM98: 6.0784 | AN98: 5.5941 | AO98: - | AP98: - | AQ98: - | AR98: NA | AS98: NA | AT98: NA | AU98: - | AV98: - | AW98: -
A99: 5 Years (%) | B99: 16.4444 | C99: 16.6124 | D99: 15.9873 | E99: - | F99: - | G99: - | H99: 15.8415 | I99: 15.9873 | J99: 16.6124 | K99: - | L99: - | M99: - | N99: 16.6598 | O99: 17.0421 | P99: 17.8129 | Q99: - | R99: - | S99: - | T99: 15.2277 | U99: 16.6124 | V99: 15.9873 | W99: 16.0508 | X99: 16.6124 | Y99: 15.9873 | Z99: 14.7976 | AA99: 15.9873 | AB99: 16.6124 | AC99: 15.4819 | AD99: 15.9873 | AE99: 16.6124 | AF99: 19.0094 | AG99: 20.4291 | AH99: 16.6124 | AI99: 19.7039 | AJ99: 20.4291 | AK99: 16.6124 | AL99: 5.9091 | AM99: 6.2401 | AN99: 5.4404 | AO99: - | AP99: - | AQ99: - | AR99: NA | AS99: NA | AT99: NA | AU99: - | AV99: - | AW99: -
A100: Since Inception (%) | B100: 14.6042 | C100: 14.797 | D100: 14.7603 | H100: 14.5715 | I100: 14.6718 | J100: 14.7175 | N100: 15.8429 | O100: 16.2348 | P100: 16.6134 | T100: 12.8968 | U100: 16.969 | V100: 17.4109 | W100: 13.222 | X100: 13.9687 | Y100: 14.0467 | Z100: 13.5995 | AA100: 17.4109 | AB100: 16.969 | AC100: 13.1144 | AD100: 14.0467 | AE100: 13.9687 | AF100: 12.3488 | AG100: 14.0761 | AH100: 11.7479 | AI100: 15.9985 | AJ100: 16.9437 | AK100: 13.9687 | AL100: 7.1174 | AM100: 7.4582 | AN100: 6.6645 | AO100: - | AP100: - | AQ100: - | AR100: 16.1076 | AS100: 16.6155 | AT100: 11.9444 | AU100: - | AV100: - | AW100: -
A101: Current Value of Investment of Rs. 10,000 (6 Months ago) | AR101: 11036.81 | AS101: 11066.43 | AT101: 10809.8 | AU101: - | AV101: - | AW101: -
A102: Current Value of Investment of Rs. 10,000 (1 Year ago) | B102: 12819 | C102: 12839 | D102: 12586 | E102: - | F102: - | G102: - | H102: 12563 | I102: 12586 | J102: 12839 | K102: - | L102: - | M102: - | N102: 13262 | O102: 13307 | P102: 13220 | Q102: - | R102: - | S102: - | T102: 12691 | U102: 12839 | V102: 12586 | W102: 13449 | X102: 13490 | Y102: 13162 | Z102: 12441 | AA102: 12586 | AB102: 12839 | AC102: 12529 | AD102: 12586 | AE102: 12839 | AF102: 15795 | AG102: 15992 | AH102: 12839 | AI102: 15887 | AJ102: 15992 | AK102: 12839 | AL102: 11057 | AM102: 11076 | AN102: 11070 | AO102: - | AP102: - | AQ102: - | AR102: NA | AS102: NA | AT102: NA | AU102: - | AV102: - | AW102: -
A103: Current Value of Investment of Rs. 10,000 (3 Year ago) | B103: 14141 | C103: 14195 | D103: 13907 | H103: 13853 | I103: 13907 | J103: 14195 | N103: 14365 | O103: 14494 | P103: 14835 | T103: 13763 | U103: 14195 | V103: 13907 | W103: 15257 | X103: 15400 | Y103: 15037 | Z103: 13465 | AA103: 13907 | AB103: 14195 | AC103: 13750 | AD103: 13907 | AE103: 14195 | AF103: 16542 | AG103: 17036 | AH103: 14195 | AI103: 16833 | AJ103: 17036 | AK103: 14195 | AL103: 11853 | AM103: 11942 | AN103: 11779 | AO103: - | AP103: - | AQ103: - | AR103: NA | AS103: NA | AT103: NA | AU103: - | AV103: - | AW103: -
A104: Current Value of Investment of Rs. 10,000 (5 Year ago) | B104: 21427 | C104: 21582 | D104: 21009 | E104: - | F104: - | G104: - | H104: 20877 | I104: 21009 | J104: 21582 | K104: - | L104: - | M104: - | N104: 21626 | O104: 21983 | P104: 22717 | Q104: - | R104: - | S104: - | T104: 20329 | U104: 21582 | V104: 21009 | W104: 23602 | X104: 24179 | Y104: 23497 | Z104: 19952 | AA104: 21009 | AB104: 21582 | AC104: 20555 | AD104: 21009 | AE104: 21582 | AF104: 23896 | AG104: 25357 | AH104: 21582 | AI104: 24602 | AJ104: 25357 | AK104: 21582 | AL104: 13329 | AM104: 13539 | AN104: 13037 | AO104: - | AP104: - | AQ104: - | AR104: NA | AS104: NA | AT104: NA | AU104: - | AV104: - | AW104: -
A105: Current Value of Investment of Rs. 10,000 (since inception) | B105: 33888 | C105: 34402 | D105: 34304 | H105: 33676 | I105: 33940 | J105: 34061 | N105: 35580 | O105: 36632 | P105: 37675 | T105: 142827 | U105: 310562 | V105: 337324 | W105: 47007 | X105: 50794 | Y105: 51024 | Z105: 163637 | AA105: 337324 | AB105: 310562 | AC105: 43009 | AD105: 47399 | AE105: 47016 | AF105: 51784 | AG105: 64236 | AH105: 48006 | AI105: 57944 | AJ105: 63787 | AK105: 47016 | AL105: 19698 | AM105: 20325 | AN105: 18892 | AO105: - | AP105: - | AQ105: - | AR105: 11610.76 | AS105: 11661.55 | AT105: 11194.44 | AU105: - | AV105: - | AW105: -
A107: First Tier Benchmark Index | C107: Nifty 50 TRI | D107: BSE Sensex TRI | I107: BSE Sensex TRI | J107: Nifty 50 TRI | O107: Nifty 100 TRI | P107: BSE 100 TRI | U107: Nifty 50 TRI | V107: BSE Sensex TRI | X107: Nifty 50 TRI | Y107: BSE Sensex TRI | AA107: BSE Sensex TRI | AB107: Nifty 50 TRI | AD107: BSE Sensex TRI | AE107: Nifty 50 TRI | AG107: NIFTY Next 50 TRI | AH107: Nifty 50 TRI | AJ107: NIFTY Next 50 TRI | AK107: Nifty 50 TRI | AM107: Nifty 8-13 yr G-Sec | AN107: Crisil 10 Year Gilt Index | AS107: Nifty Midcap 100 TRI | AT107: Nifty 50 TRI | AV107: Nifty Midcap 100 TRI | AW107: Nifty 50 TRI
A108: NAV/ Index Value | B108: 266.2444 | C108: =+Equity!Y104 -> 35971.14 | D108: 123049.15 | H108: 880.4793 | I108: =D108 -> 123049.15 | J108: =Equity!AE104 -> 35971.14 | N108: 270.4681 | O108: =+Equity!L104 -> 34034.49 | P108: 32648.17 | T108: 133.5263 | U108: =J108 -> 35971.14 | V108: =I108 -> 123049.15 | W108: 143.1274 | X108: =U108 -> 35971.14 | Y108: =V108 -> 123049.15 | Z108: 148.4442 | AA108: =Y108 -> 123049.15 | AB108: =X108 -> 35971.14 | AC108: 158.4939 | AD108: =AA108 -> 123049.15 | AE108: =AB108 -> 35971.14 | AF108: 51.7834 | AG108: 99456.97 | AH108: =Equity!CA104 -> 35971.14 | AI108: 56.5744 | AJ108: =AG108 -> 99456.97 | AK108: =AH108 -> 35971.14 | AL108: 26.4148 | AM108: 2727.31 | AN108: ='Debt-Excl.Over,Liq,MM'!D56 -> 4802.062 | AR108: 56.117 | AS108: 75670.5 | AT108: =AK108 -> 35971.14 | AU108: - | AV108: =AS108 -> 75670.5 | AW108: =AT108 -> 35971.14
A109: Scheme Riskometer | B109: :) Long term investment. | H109: :) Long term investment. | N109: :) Long term investment. | T109: :) Long Term Capital Growth | Z109: :) Long Term Capital Growth | AF109: :) Long Term growth in a passively managed scheme tracking NIFTY Next 50 Index(TRI) | AL109: :) Medium to long term regular Income. | AR109: :) Long term investment.
B110: :) Investment in securities covered by NIFTY 50 Index, subject to tracking errors. | H110: :) Investment in securities covered by BSE SENSEX, subject to tracking errors. | N110: :) Investment in equity and equity related securities and portfolios replicating the composition of Nifty 100 Index, subject to tracking errors. | T110: :) Investment in equity instrument of respective index stocks subject to tracking error. | Z110: :) Investment in equity instrument of BSE Sensex index stocks subject to tracking error. | AF110: :) Investments only in and all stocks comprising Nifty Next 50 Index in the same weight of these stocks as in Index with objective to replicate performance of NIFTY Next 50 Index(TRI) | AL110: :) Investment in securities in line with Nifty 8- 13 Yr G-Sec Index to generate comparable returns subject to tracking error. | AR110: :) Investment in equity and equity related securities and portfolios replicating the composition of Nifty Midcap 100 Total Return Index, subject to tracking errors.
B111: :) Risk - Very High | H111: :) Risk - Very High | N111: :) Risk - Very High | T111: :) Risk - Very High | Z111: :) Risk - Very High | AF111: :) Risk - Very High | AL111: :) Risk - Moderate | AR111: :) Risk - Very High
A125: Benchmark Riskometer | B125: First Tier Benchmark - Nifty 50 TRI | H125: First Tier Benchmark - BSE Sensex TRI | N125: First Tier Benchmark - Nifty 100 TRI | T125: First Tier Benchmark - Nifty 50 TRI | Z125: First Tier Benchmark - BSE Sensex TRI | AF125: First Tier Benchmark - Nifty Next 50 TRI | AL125: First Tier Benchmark - Nifty 8-13 yr G-Sec | AR125: First Tier Benchmark - Nifty Midcap 100 TRI
B126: :) Risk - Very High | H126: :) Risk - Very High | N126: :) Risk - Very High | T126: :) Risk - Very High | Z126: :) Risk - Very High | AF126: :) Risk - Very High | AL126: :) Risk - Moderate | AR126: :) Risk - Very High
A142: Disclaimer : | AL142: Potential Risk Class
A143: Mutual Fund Investments are subject to market risks, read all scheme related documents carefully. | AL143: Credit Risk | AN143: Relatively Low (Class A) | AO143: Moderate (Class B) | AP143: Relatively High (Class C)
A144: *Investors should consult their financial advisers if in doubt about whether the product is suitable for them. | AL144: Interest Rate Risk
K145: ` | AL145: Relatively Low (Class I)
A146: Notes: | AL146: Moderate (Class II)
A147: 1) All scheme returns are for growth option | AL147: Relatively High (Class III) | AN147: A-III
A148: 2) All above data is as on 31/10/2024.
A149: 3)The performance of the scheme is benchmarked to the Total Return variant of the Index
A150: 4) The scheme performance IDBI MF schemes merged with LIC MF schemes herewith is a blended performance on weighted average, as per applicable guidelines of SEBI.
...

Sheet Gold
A1: =Equity!A1 -> Dashboard as on 31/10/2024
A2: Scheme Name | B2: LIC MF Gold Exchange Traded Fund (ERSTWHILE IDBI GOLD EXCHANGE TRADED FUND) | H2: LIC MF Gold ETF Fund of Fund (ERSTWHILE IDBI GOLD FUND)
A3: SEBI Code | B3: LICM/O/O/GET/11/09/0007 | H3: LICM/O/O/FOD/12/02/0010
A4: NSE Symbol | B4: LICMFGOLD | H4: Not Applicable
A5: BSE Scrip Code | B5: 533719 | H5: Not Applicable
A6: Listing Details | B6: Listed on NSE and BSE | H6: -
A7: Date of Allotment - Regular | B7: 09.11.2011 | H7: 14.08.2012
A8: Date of Allotment - Direct | B8: Not applicable | H8: 01.01.2013
A10: AUM (in Rs. crore) | B10: 172.34 | H10: 71.29
A13: Investment Objective | B13: To invest in physical Gold and Gold related Instruments with the objective to replicate the performance of Gold in domestic prices. The ETF will adopt a passive investment strategy and will seek to achieve the investment objective by minimizing the tracking error between the Fund and the underlying asset. There is no assurance that the objective of the scheme will be achieved. | H13: The investment objective of the Scheme will be to generate returns that correspond closely to the returns generated by LIC MF Gold Exchange Traded Fund (LIC MF Gold ETF). There is no assurance that the investment objective of the Scheme will be achieved.
A15: Fund Manager | B15: Mr. Sumit Bhatnagar (Equity - managing since 01/06/24) | H15: Mr. Sumit Bhatnagar (Equity - managing since 01/06/24)
A17: Total Expense Ratio
B18: Regular | E18: Direct | H18: Regular | K18: Direct
A19: Base TER (%)@ | B19: 0.4 | E19: - | H19: 0.6 | K19: 0.18
A20: Additional expense as per Regulation 52(6A)(b) (%)# | B20: 0 | E20: - | H20: 0 | K20: 0
A21: Additional expense as per Regulation 52(6A)(c) (%)$ | B21: 0 | E21: - | H21: 0.05 | K21: 0.05
A22: GST (%)^ | B22: 0.01 | E22: - | H22: 0.02 | K22: 0.02
A23: Total TER (%) | B23: =SUM(B19:D22) -> 0.41 | E23: - | H23: =SUM(H19:J22) -> 0.67 | K23: =SUM(K19:M22) -> 0.25
A25: Portfolio (Top 10 Holdings) | B25: Name of the issuer | E25: % of Net Assets | H25: Name of the issuer | K25: % of Net Assets
B26: GOLD | E26: 98.9538 | H26: LIC Mutual Fund | K26: 99.5312
B38: Grand Total | E38: =SUM(E26:G37) -> 98.9538 | H38: Grand Total | K38: =SUM(K26:M37) -> 99.5312
A40: Asset Allocation | B40: Asset Allocation | E40: % of Net Assets | H40: Asset Allocation | K40: % of Net Assets
B41: Physical Gold & Gold Related Instruments | E41: 98.953853 | H41: Mutual Fund Units | K41: 99.531282
B42: Cash & Other Receivables | E42: 1.0461466 | H42: Cash & Other Receivables | K42: 0.46871843
B47: Grand Total | E47: =SUM(E41:G45) -> 100 | H47: Grand Total | K47: =SUM(K41:M45) -> 100
A49: Scheme Past Performance | B49: Regular (Growth) | E49: Direct (Growth) | H49: Regular (Growth) | K49: Direct (Growth)
B50: Scheme | C50: Scheme Benchmark | D50: Additional Benchmark | E50: Scheme | F50: Scheme Benchmark | G50: Additional Benchmark | H50: Scheme | I50: Scheme Benchmark | J50: Additional Benchmark | K50: Scheme | L50: Scheme Benchmark | M50: Additional Benchmark
A51: 1 Year | B51: 28.5189 | C51: 29.2172 | D51: NA | E51: - | F51: - | G51: - | H51: 28.051 | I51: 29.2172 | J51: NA | K51: 28.5769 | L51: 29.2172 | M51: NA
A52: 3 Years | B52: 17.8962 | C52: 18.3775 | D52: NA | H52: 17.337 | I52: 18.3775 | J52: NA | K52: 17.8181 | L52: 18.3775 | M52: NA
A53: 5 Years | B53: 14.8228 | C53: 15.4342 | D53: NA | E53: - | F53: - | G53: - | H53: 14.1124 | I53: 15.4342 | J53: NA | K53: 14.5704 | L53: 15.4342 | M53: NA
A54: Since Inception | B54: 7.297 | C54: 8.0517 | D54: NA | H54: 6.2891 | I54: 8.1803 | J54: NA | K54: 6.9494 | L54: 8.3149 | M54: NA
A55: Current Value of Investment of Rs. 10,000 (1 Year ago) | B55: 12861 | C55: 12931 | D55: NA | E55: - | F55: - | G55: - | H55: 12814 | I55: 12931 | J55: NA | K55: 12867 | L55: 12931 | M55: NA
A56: Current Value of Investment of Rs. 10,000 (3 Year ago) | B56: 16409 | C56: 16612 | D56: NA | H56: 16176 | I56: 16612 | J56: NA | K56: 16377 | L56: 16612 | M56: NA
A57: Current Value of Investment of Rs. 10,000 (5 Year ago) | B57: 19974 | C57: 20512 | D57: NA | E57: - | F57: - | G57: - | H57: 19363 | I57: 20512 | J57: NA | K57: 19755 | L57: 20512 | M57: NA
A58: Current Value of Investment of Rs. 10,000 (since inception) | B58: 24959 | C58: 27337 | D58: NA | H58: 21074 | I58: 26143 | J58: NA | K58: 22153 | L58: 25743 | M58: NA
A60: First Tier Benchmark Index | C60: Domestic Price of Gold | I60: Domestic Price of Gold | L60: Domestic Price of Gold
A61: NAV/ Index Value | B61: 7241.8966 | C61: 7931.946 | H61: 21.0738 | I61: =C61 -> 7931.946 | K61: 22.1468 | L61: =I61 -> 7931.946
A62: Scheme Riskometer | B62: The product is suitable for investors who are seeking*
B63: :) To replicate the performance of gold in domestic prices with at least medium term horizon. | H63: :) To replicate returns of LICMF Gold Exchange Traded Fund with at least medium term horizon
B64: :) Investments in physical gold and gold related instruments / debt & money market instruments | H64: :) Investments in units of LICMF Gold Exchange Traded Fund/ Money Market Instruments/ LICMF Liquid Fund Scheme.
B65: :) Risk - High | H65: :) Risk - High
A79: Benchmark Riskometer | B79: First Tier Benchmark - Domestic Price of Gold | H79: First Tier Benchmark - Domestic Price of Gold
B80: :) Risk - High | H80: :) Risk - High
A96: Disclaimer :
A97: Mutual Fund Investments are subject to market risks, read all scheme related documents carefully.
A98: *Investors should consult their financial advisers if in doubt about whether the product is suitable for them.
A100: Notes:
A101: 1) All scheme returns are for growth option
A102: =Equity!A145 -> 2) All above data is as on 31/10/2024.
A103: 3)The performance of the scheme is benchmarked to the Total Return variant of the Index
A104: 4) For computation of since inception returns the allotment NAV for LIC MF Gold Exchange Traded Fund is taken as Rs.2901.5624
A105: 5)The scheme performance IDBI MF schemes merged with LIC MF schemes herewith is a blended performance on weighted average, as per applicable guidelines of SEBI.
A106: "@ Base TER excludes additional expenses provided in Regulation 52(6A)(b) and 52(6A)(c) of SEBI (Mutual Funds) Regulations, 1996 and Goods and Services Tax (GST) on investment and advisory fees as per applicable RATE.
A107: "# Additional Expenses not exceeding 0.30% in terms of Regulation 52(6A)(b) of SEBI (Mutual Funds) Regulations, 1996
A108: "$ Additional Expenses not exceeding 0.05% in terms of Regulation 52(6A)(c) of SEBI (Mutual Funds) Regulations, 1996.
A109: " ^ Present GST rate is 18 %.
A110: Percentages mentioned above for TER are annualized
A111: Base TER of direct plan shall have a lower expense ratio excluding distribution expenses, commission, etc., and no commission shall be paid from such plans
A113: With reference to SEBI’s letter no. SEBI/HO/ IMD/ IMD-SEC-3/ P/ OW/ 2023/ 5823/ 1 dated February 24, 2023, and AMFI Circular No. CIR/ ARN-23/ 2022-23 March 07, 2023, the B-30 incentive structure for new inflows has been kept in abeyance with effect from March 01, 2023 till the incentive structure is appropriately re-instated by SEBI with necessary safeguards.
A114: NSE Disclaimer: "It is to be distinctly understood that the permission given by NSE Limited should not in any way be deemed or construed that the Scheme Information Document has been cleared or approved by NSE nor does it certify the correctness or completeness of any of the contents of the Draft Scheme Information Document. The investors are advised to refer to the Scheme Information Document for the full text of the 'Disclaimer Clause of NSE '." BSE Disclaimer: "It is to be distinctly understood that the permission given by BSE Limited should not in any way be deemed or construed that the SID has been cleared or approved by BSE Limited nor does it certify the correctness or completeness of any of the contents of the SID. The investors are advised to refer to the SID for the full text of the 'Disclaimer Clause of the BSE Limited'."
